Workbook
Name _Hlt37751356: 'Text Messaging'!$B$14
Name _Hlt37754324: 'Text Messaging'!$B$15
Name _Ref160531692: 'Address Book'!$B$30
Name _Ref221088073: 蓝牙!$A$40
Name _Ref221951881: 蓝牙!$A$137
Name _Ref238382790: DM!#REF!
Name _Ref30186099: 'Text Messaging'!$B$17
Name _Ref7835914: 'Text Messaging'!$B$9
Name _Ref7836577: 'Text Messaging'!$B$11
Name _Ref7836694: 'Text Messaging'!$B$12
Name _Ref7837896: 'Text Messaging'!$B$13
Name _Toc126392385: 多媒体!#REF!
Name _Toc126637166: 多媒体!#REF!
Name _Toc159786147: DM!#REF!
Name _Toc162682500: 'Browser Requirements'!$B$243
Name _Toc162682501: 'Browser Requirements'!$B$247
Name _Toc162682502: 'Browser Requirements'!$B$249
Name _Toc162682503: 'Browser Requirements'!$B$251
Name _Toc162682550: 'Browser Requirements'!$B$866
Name _Toc163360276: 'Browser Requirements'!#REF!
Name _Toc172468382: 蓝牙!$A$4
Name _Toc174361068: 'Browser Requirements'!#REF!
Name _Toc174361085: 'Browser Requirements'!$B$284
Name _Toc174361087: 'Browser Requirements'!$B$291
Name _Toc174361122: 'Browser Requirements'!$B$745
Name _Toc174361123: 'Browser Requirements'!#REF!
Name _Toc174361124: 'Browser Requirements'!$B$784
Name _Toc187030909: 'Text Messaging'!$B$2
Name _Toc187030910: 'Text Messaging'!$B$3
Name _Toc187030911: 'Text Messaging'!$B$5
Name _Toc187030912: 'Text Messaging'!$B$7
Name _Toc187030914: 'Text Messaging'!$B$25
Name _Toc187030915: 'Text Messaging'!$B$27
Name _Toc187030916: 'Text Messaging'!$B$29
Name _Toc187030917: 'Text Messaging'!$B$31
Name _Toc187030918: 'Text Messaging'!$B$35
Name _Toc187030919: 'Text Messaging'!#REF!
Name _Toc187030920: 'Text Messaging'!$B$41
Name _Toc187030921: 'Text Messaging'!$B$43
Name _Toc187030922: 'Text Messaging'!$B$44
Name _Toc187030923: 'Text Messaging'!$B$46
Name _Toc187030924: 'Text Messaging'!$B$48
Name _Toc187030925: 'Text Messaging'!$B$50
Name _Toc187030926: 'Text Messaging'!$B$52
Name _Toc187030927: 'Text Messaging'!$B$55
Name _Toc187030928: 'Text Messaging'!$B$57
Name _Toc187030929: 'Text Messaging'!$B$58
Name _Toc187030930: 'Text Messaging'!$B$60
Name _Toc187030931: 'Text Messaging'!$B$62
Name _Toc187030932: 'Text Messaging'!$B$64
Name _Toc187030933: 'Text Messaging'!$B$67
Name _Toc187030934: 'Text Messaging'!$B$69
Name _Toc187030935: 'Text Messaging'!$B$71
Name _Toc187030936: 'Text Messaging'!$B$73
Name _Toc187030937: 'Text Messaging'!$B$74
Name _Toc187030938: 'Text Messaging'!$B$78
Name _Toc187030939: 'Text Messaging'!$B$80
Name _Toc187030940: 'Text Messaging'!$B$82
Name _Toc187030941: 'Text Messaging'!$B$84
Name _Toc187030942: 'Text Messaging'!$B$85

Sheet 需求验证统计
A1: # | B1: FUNCTIONAL AREA | C1: FILE NAME | D1: TOTAL | E1: NEED OR NOT | F1: NOTES | G1: USA or CHINA | H1: PC&FC | I1: N/A&NC | J1: PASS | K1: FAIL | L1: NotSupport | M1: N/A/T | N1: N/A/D | O1: N/A/R | P1: PASS RATIO | Q1: Progress | R1: N860负责人 | S1: who's in charge | T1: NOTES
B2: 汇总 | D2: =SUM(D3:D18) -> 5677 | F2: =SUM(F3:F18) -> 0 | H2: =SUM(H3:H18) -> 3482 | I2: =SUM(I3:I18) -> 2186 | J2: =SUM(J3:J18) -> 0 | K2: =SUM(K3:K18) -> 0 | L2: =SUM(L3:L18) -> 595 | M2: =SUM(M3:M18) -> 0 | N2: =SUM(N3:N18) -> 0 | O2: =SUM(O3:O18) -> 0 | P2: =J2/(D2-I2) -> 0 | Q2: =(J2+K2+L2+M2+N2+O2)/D2 -> 0.10480888
A3: 1 | B3: 通用 | C3: Androind 2(1).3-1 compliance matrix (Sprint Sean) 07182011 ZTE.xlsx | D3: =COUNTIF('Androind 2(1).3-1'!F4:F319,"*")+COUNTIF('Androind 2(1).3-1'!G4:G319,"*") -> 243 | E3: 是 | F3: sprint android相关需求，涉及到各个模块大的功能点，可以分解到各模块需求检查 | G3: 后方 | H3: =COUNTIF('Androind 2(1).3-1'!F4:F319,"FC")+COUNTIF('Androind 2(1).3-1'!F4:F319,"PC") -> 145 | I3: =COUNTIF('Androind 2(1).3-1'!G4:G319,"*") -> 98 | J3: =COUNTIF('Androind 2(1).3-1'!$K$1:$K2000,"pass") -> 0 | K3: =COUNTIF('Androind 2(1).3-1'!$K$1:$K2000,"FAIL") -> 0 | L3: =COUNTIF('Androind 2(1).3-1'!$K$1:$K$2000,"NOTSUPPORT") -> 98 | M3: =COUNTIF('Androind 2(1).3-1'!$K$1:$K2000,"N/A/T") -> 0 | N3: =COUNTIF('Androind 2(1).3-1'!$K$1:$K2000,"N/A/D") -> 0 | O3: =COUNTIF('Androind 2(1).3-1'!$K$1:$K2000,"N/A/R") -> 0 | P3: =J3/(D3-I3) -> 0 | Q3: =(J3+K3+L3+M3+N3+O3)/D3 -> 0.40329218 | R3: 黄河
A4: 2 | B4: AT | C4: AT Command Requirement 1.6 compliance matrix_(Sprint Sean) 05262011 ZTE.xlsx | D4: =COUNTIF(AT!F4:F472,"*")+COUNTIF(AT!G4:G472,"*") -> 450 | E4: 是 | F4: 没有局方用例，以局方需求为准测试 | G4: 后方 | H4: =COUNTIF(AT!F4:F472,"FC")+COUNTIF(AT!F5:F472,"PC") -> 172 | I4: =COUNTIF(AT!G4:G472,"*") -> 278 | J4: =COUNTIF(AT!$K$1:$K2001,"pass") -> 0 | K4: =COUNTIF(AT!$K$1:$K2001,"FAIL") -> 0 | L4: =COUNTIF(AT!$K$1:$K$2000,"NOTSUPPORT") -> 278 | M4: =COUNTIF(AT!$K$1:$K2001,"N/A/T") -> 0 | N4: =COUNTIF(AT!$K$1:$K2001,"N/A/D") -> 0 | O4: =COUNTIF(AT!$K$1:$K2001,"N/A/R") -> 0 | P4: =J4/(D4-I4) -> 0 | Q4: =(J4+K4+L4+M4+N4+O4)/D4 -> 0.61777778 | R4: 艾成斌
A5: 3 | B5: Automation | C5: Automation Requirement 1(1).1 compliance matrix (Sprint Sean) 07282011 ZTE.xlsx | D5: =COUNTIF(Automation!$F:$F,"*")+COUNTIF(Automation!$G:$G,"*") -> 233 | E5: 是 | F5: SLATE DC测试内容，需要通过SLATE DC来验证 | G5: 后方 | H5: =COUNTIF(Automation!$F:$F,"*") -> 218 | I5: =COUNTIF(Automation!$G:$G,"*") -> 15 | J5: =COUNTIF(Automation!$K$1:$K2002,"pass") -> 0 | K5: =COUNTIF(Automation!$K$1:$K2002,"FAIL") -> 0 | L5: =COUNTIF(Automation!$K$1:$K$2000,"NOTSUPPORT") -> 14 | M5: =COUNTIF(Automation!$K$1:$K2002,"N/A/T") -> 0 | N5: =COUNTIF(Automation!$K$1:$K2002,"N/A/D") -> 0 | O5: =COUNTIF(Automation!$K$1:$K2002,"N/A/R") -> 0 | P5: =J5/(D5-I5) -> 0 | Q5: =(J5+K5+L5+M5+N5+O5)/D5 -> 0.060085837
A6: 4 | B6: Camera | C6: Camera_CM (Sprint Sean) 09262011 ZTE.xls | D6: =COUNTIF(Camera!$C:$C,"*") -> 113 | E6: 是 | F6: camera模块相关 | G6: 后方 | H6: =COUNTIF(Camera!$C:$C,"FC")+COUNTIF(Camera!$C:$C,"PC") -> 57 | I6: =COUNTIF(Camera!$C:$C,"N/A")+COUNTIF(Camera!$C:$C,"NC")+COUNTIF(Camera!$C:$C,"NA") -> 55 | J6: =COUNTIF('Androind 2(1).3-1'!$K$1:$K2003,"pass") -> 0 | K6: =COUNTIF(Camera!$K$1:$K2003,"FAIL") -> 0 | L6: =COUNTIF(Camera!$K$1:$K$2000,"NOTSUPPORT") -> 55 | M6: =COUNTIF(Camera!$K$1:$K2003,"N/A/T") -> 0 | N6: =COUNTIF(Camera!$K$1:$K2003,"N/A/D") -> 0 | O6: =COUNTIF(Camera!$K$1:$K2003,"N/A/R") -> 0 | P6: =J6/(D6-I6) -> 0 | Q6: =(J6+K6+L6+M6+N6+O6)/D6 -> 0.48672566 | R6: 杨华
A7: 5 | B7: text message | C7: CL_Sprint_Text_Messaging_v3_(Sprint Sean) 06202011 ZTE.xls | D7: =COUNTIF('Text Messaging'!$C:$C,"*")+COUNTIF('Text Messaging'!$D:$D,"*")-2 -> 420 | E7: 是 | F7: address，sms，phonebook等message相关 | G7: 后方 | H7: =COUNTIF('Text Messaging'!$C:$C,"FC")+COUNTIF('Text Messaging'!$C:$C,"PC") -> 329 | I7: =COUNTIF('Text Messaging'!$D:$D,"NC")+COUNTIF('Text Messaging'!$D:$D,"N/A") -> 91 | J7: =COUNTIF('Text Messaging'!$K$1:$K2004,"pass") -> 0 | K7: =COUNTIF('Text Messaging'!$K$1:$K2004,"FAIL") -> 0 | L7: =COUNTIF('Text Messaging'!$K$1:$K$2000,"NOTSUPPORT") -> 0 | M7: =COUNTIF('Text Messaging'!$K$1:$K2004,"N/A/T") -> 0 | N7: =COUNTIF('Text Messaging'!$K$1:$K2004,"N/A/D") -> 0 | O7: =COUNTIF('Text Messaging'!$K$1:$K2004,"N/A/R") -> 0 | P7: =J7/(D7-I7) -> 0 | Q7: =(J7+K7+L7+M7+N7+O7)/D7 -> 0 | R7: 李玲
A8: 6 | B8: CMAS | C8: compliance matrix cmas ui android spec v1.0 (Sprint Sean) 08252011 ZTE.xlsx | D8: =COUNTIF(CMAS!D4:D50,"*") -> 35 | E8: 是 | G8: 前方 | H8: =COUNTIF(CMAS!D4:D50,"FC")+COUNTIF(CMAS!D4:D50,"PC") -> 35 | I8: =COUNTIF(CMAS!I9:I50,"NC")+COUNTIF(CMAS!I9:I50,"N/A") -> 0 | J8: =COUNTIF(CMAS!$K$1:$K2005,"pass") -> 0 | K8: =COUNTIF(CMAS!$K$1:$K2005,"FAIL") -> 0 | L8: =COUNTIF(CMAS!$K$1:$K$2000,"NOTSUPPORT") -> 0 | M8: =COUNTIF(CMAS!$K$1:$K2005,"N/A/T") -> 0 | N8: =COUNTIF(CMAS!$K$1:$K2005,"N/A/D") -> 0 | O8: =COUNTIF(CMAS!$K$1:$K2005,"N/A/R") -> 0 | P8: =J8/(D8-I8) -> 0 | Q8: =(J8+K8+L8+M8+N8+O8)/D8 -> 0
A9: 7 | B9: General Functional | C9: Sprint 3G CE General Functional Compliance Matrix v3 4 (Sprint Sean) 10182011 ZTE.xlsx | D9: =COUNTIF('General Functional'!$C:$C,"*")+COUNTIF('General Functional'!$D:$D,"*")-2 -> 1064 | E9: 是 | F9: General Functional大部分是硬件，参数等；885到1013行后面有Swaminathan的，是需求应答中取消的 | G9: 后方 | H9: =COUNTIF('General Functional'!$C:$C,"FC")+COUNTIF('General Functional'!$C:$C,"PC") -> 976 | I9: =COUNTIF('General Functional'!$D:$D,"NC")+COUNTIF('General Functional'!$D:$D,"N/A") -> 88 | J9: =COUNTIF('General Functional'!$K$1:$K2006,"pass") -> 0 | K9: =COUNTIF('General Functional'!$K$1:$K2006,"FAIL") -> 0 | L9: =COUNTIF('General Functional'!$K$1:$K$2000,"NOTSUPPORT") -> 88 | M9: =COUNTIF('General Functional'!$K$1:$K2006,"N/A/T") -> 0 | N9: =COUNTIF('General Functional'!$K$1:$K2006,"N/A/D") -> 0 | O9: =COUNTIF('General Functional'!$K$1:$K2006,"N/A/R") -> 0 | P9: =J9/(D9-I9) -> 0 | Q9: =(J9+K9+L9+M9+N9+O9)/D9 -> 0.082706767 | R9: 王启捷
A10: 8 | B10: Address Book | C10: Sprint Address Book Requirements compliance matrix (Sprint Sean) 05262011 ZTE.xls | D10: =COUNTIF('Address Book'!$G:$G,"*")+COUNTIF('Address Book'!$H:$H,"*")-2 -> 350 | E10: 是 | F10: address book | G10: 后方 | H10: =COUNTIF('Address Book'!$G:$G,"FC")+COUNTIF('Address Book'!$G:$G,"PC") -> 143 | I10: =COUNTIF('Address Book'!$H:$H,"NC")+COUNTIF('Address Book'!$H:$H,"N/A") -> 207 | J10: =COUNTIF('Address Book'!$K$1:$K2007,"pass") -> 0 | K10: =COUNTIF('Address Book'!$K$1:$K2007,"FAIL") -> 0 | L10: =COUNTIF('Address Book'!$K$1:$K$2000,"NOTSUPPORT") -> 0 | M10: =COUNTIF('Address Book'!$K$1:$K2007,"N/A/T") -> 0 | N10: =COUNTIF('Address Book'!$K$1:$K2007,"N/A/D") -> 0 | O10: =COUNTIF('Address Book'!$K$1:$K2007,"N/A/R") -> 0 | P10: =J10/(D10-I10) -> 0 | Q10: =(J10+K10+L10+M10+N10+O10)/D10 -> 0 | R10: 卫立峰
A11: 9 | B11: DM | C11: Sprint OMA-DM Compliance Matrix 2(1).01 (Sprint Sean) 06202011 ZTE.xls | D11: =COUNTIF(DM!B5:B249,"Y")+COUNTIF(DM!B5:B249,"N") -> 221 | E11: 是 | F11: DM需求验证，需要由前方完成。 | G11: 前方 | H11: =COUNTIF(DM!B5:B249,"Y") -> 207 | I11: =COUNTIF(DM!B5:B249,"N") -> 14 | J11: =COUNTIF(DM!$K$1:$K2008,"pass") -> 0 | K11: =COUNTIF(DM!$K$1:$K2008,"FAIL") -> 0 | L11: =COUNTIF(DM!$K$1:$K$2000,"NOTSUPPORT") -> 20 | M11: =COUNTIF(DM!$K$1:$K2008,"N/A/T") -> 0 | N11: =COUNTIF(DM!$K$1:$K2008,"N/A/D") -> 0 | O11: =COUNTIF(DM!$K$1:$K2008,"N/A/R") -> 0 | P11: =J11/(D11-I11) -> 0 | Q11: =(J11+K11+L11+M11+N11+O11)/D11 -> 0.090497738 | R11: 石川、樊霞
A12: 10 | B12: 蓝牙 | C12: Sprint_Bluetooth_(Sprint Sean) 06202011 ZTE.xls | D12: =COUNTIF(蓝牙!C5:C1116,"FC")+COUNTIF(蓝牙!C5:C1116,"PC")+COUNTIF(蓝牙!D5:D1116,"FC")+COUNTIF(蓝牙!D5:D1116,"PC")+COUNTIF(蓝牙!D5:D1116,"NC")+COUNTIF(蓝牙!D5:D1116,"NA")+COUNTIF(蓝牙!E5:E1116,"FC")+COUNTIF(蓝牙!E5:E1116,"PC")+COUNTIF(蓝牙!E5:E1116,"NC")+COUNTIF(蓝牙!E5:E1116,"NA")+COUNTIF(蓝牙!F5:F1116,"FC")+COUNTIF(蓝牙!F5:F1116,"PC")+COUNTIF(蓝牙!F5:F1116,"NC")+COUNTIF(蓝牙!F5:F1116,"NA")+COUNTIF(蓝牙!G5:G1116,"FC")+COUNTIF(蓝牙!G5:G1116,"PC")+COUNTIF(蓝牙!G5:G1116,"NC")+COUNTIF(蓝牙!G5:G1116,"NA")+COUNTIF(蓝牙!H5:H1116,"NC")+COUNTIF(蓝牙!H5:H1116,"NA") -> 1022 | E12: 是 | F12: 蓝牙模块支持能力测试，用例覆盖情况较好，需以用例测试为主 | G12: 后方 | H12: =COUNTIF(蓝牙!C5:C1116,"FC")+COUNTIF(蓝牙!C5:C1116,"PC")+COUNTIF(蓝牙!D5:D1116,"FC")+COUNTIF(蓝牙!D5:D1116,"PC")+COUNTIF(蓝牙!E5:E1116,"FC")+COUNTIF(蓝牙!E5:E1116,"PC")+COUNTIF(蓝牙!F5:F1116,"FC")+COUNTIF(蓝牙!F5:F1116,"PC")+COUNTIF(蓝牙!G5:G1116,"FC")+COUNTIF(蓝牙!G5:G1116,"PC") -> 260 | I12: =D12-H12 -> 762 | J12: =COUNTIF(蓝牙!$K$1:$K2009,"pass") -> 0 | K12: =COUNTIF(蓝牙!$K$1:$K2009,"FAIL") -> 0 | L12: =COUNTIF(蓝牙!$K$1:$K$2000,"NOTSUPPORT") -> 0 | M12: =COUNTIF(蓝牙!$K$1:$K2009,"N/A/T") -> 0 | N12: =COUNTIF(蓝牙!$K$1:$K2009,"N/A/D") -> 0 | O12: =COUNTIF(蓝牙!$K$1:$K2009,"N/A/R") -> 0 | P12: =J12/(D12-I12) -> 0 | Q12: =(J12+K12+L12+M12+N12+O12)/D12 -> 0 | R12: 董莹莹
A13: 11 | B13: 浏览器 | C13: Sprint_Browser_compliance_matrix (Sprint Sean) 07182011 ZTE.xls | D13: =COUNTIF('Browser Requirements'!$C:$C,"*")+COUNTIF('Browser Requirements'!$D:$D,"*")+COUNTIF('Browser Requirements'!$E:$E,"*")-3 -> 970 | E13: 是 | F13: 浏览器模块基本功能需求，后方验证 | G13: 后方 | H13: =COUNTIF('Browser Requirements'!C3:C1201,"FC")+COUNTIF('Browser Requirements'!C3:C1201,"PC") -> 500 | I13: =COUNTIF('Browser Requirements'!D3:D1201,"NC")+COUNTIF('Browser Requirements'!E3:E1201,"N/A") -> 463 | J13: =COUNTIF('Browser Requirements'!$K$1:$K2010,"pass") -> 0 | K13: =COUNTIF('Browser Requirements'!$K$1:$K2010,"FAIL") -> 0 | L13: =COUNTIF('Browser Requirements'!$K$1:$K$2000,"NOTSUPPORT") -> 0 | M13: =COUNTIF('Browser Requirements'!$K$1:$K2010,"N/A/T") -> 0 | N13: =COUNTIF('Browser Requirements'!$K$1:$K2010,"N/A/D") -> 0 | O13: =COUNTIF('Browser Requirements'!$K$1:$K2010,"N/A/R") -> 0 | P13: =J13/(D13-I13) -> 0 | Q13: =(J13+K13+L13+M13+N13+O13)/D13 -> 0 | R13: 杨华
A14: 12 | B14: EMAIL | C14: Sprint_EAS_Spec_v1.3_(Sprint Sean) 06202011 ZTE.xlsx | D14: =COUNTIF('EAS Spec v1.3'!C5:C171,"FC")+COUNTIF('EAS Spec v1.3'!C5:C171,"PC")+COUNTIF('EAS Spec v1.3'!C5:C171,"NC")+COUNTIF('EAS Spec v1.3'!C5:C171,"N/A") -> 156 | E14: 是 | F14: EAS验证Exchange Active Sync模块功能，后方可以完成 | G14: 后方 | H14: =COUNTIF('EAS Spec v1.3'!C5:C171,"FC")+COUNTIF('EAS Spec v1.3'!C5:C171,"PC") -> 123 | I14: =COUNTIF('EAS Spec v1.3'!C5:C171,"NC")+COUNTIF('EAS Spec v1.3'!C5:C171,"N/A") -> 33 | J14: =COUNTIF('EAS Spec v1.3'!$K$1:$K2011,"pass") -> 0 | K14: =COUNTIF('EAS Spec v1.3'!$K$1:$K2011,"FAIL") -> 0 | L14: =COUNTIF('EAS Spec v1.3'!$K$1:$K$2000,"NOTSUPPORT") -> 0 | M14: =COUNTIF('EAS Spec v1.3'!$K$1:$K2011,"N/A/T") -> 0 | N14: =COUNTIF('EAS Spec v1.3'!$K$1:$K2011,"N/A/D") -> 0 | O14: =COUNTIF('EAS Spec v1.3'!$K$1:$K2011,"N/A/R") -> 0 | P14: =J14/(D14-I14) -> 0 | Q14: =(J14+K14+L14+M14+N14+O14)/D14 -> 0 | R14: 李文娟
A15: 13 | B15: 多媒体 | C15: Sprint_Master_Multimedia_Compliance_Matrix_4.2 (Sprint Sean) 07182011 ZTE.XLS | D15: =COUNTIF(多媒体!B4:B167,"*")+COUNTIF(多媒体!C4:C167,"*") -> 146 | E15: 是 | F15: 多媒体支持能力验证 | G15: 后方 | H15: =COUNTIF(多媒体!B4:B167,"FC")+COUNTIF(多媒体!B4:B167,"PC") -> 108 | I15: =COUNTIF(多媒体!C4:C167,"NC")+COUNTIF(多媒体!C4:C167,"N/A") -> 38 | J15: =COUNTIF(多媒体!$K$1:$K2012,"pass") -> 0 | K15: =COUNTIF(多媒体!$K$1:$K2012,"FAIL") -> 0 | L15: =COUNTIF(多媒体!$K$1:$K$2000,"NOTSUPPORT") -> 38 | M15: =COUNTIF(多媒体!$K$1:$K2012,"N/A/T") -> 0 | N15: =COUNTIF(多媒体!$K$1:$K2012,"N/A/D") -> 0 | O15: =COUNTIF(多媒体!$K$1:$K2012,"N/A/R") -> 0 | P15: =J15/(D15-I15) -> 0 | Q15: =(J15+K15+L15+M15+N15+O15)/D15 -> 0.26027397 | R15: 董莹莹/田芳
A16: 14 | B16: MMS | C16: Sprint_OMA_MMS (Sprint Sean) 06142011 ZTE.xls | D16: =COUNTIF('OMA-MMS'!D:D,"*") -> 73 | E16: 是 | F16: 彩信功能验证，需要重点关注 | G16: 后方 | H16: =COUNTIF('OMA-MMS'!D:D,"Complies")+COUNTIF('OMA-MMS'!D:D,"Partially complies") -> 60 | I16: =COUNTIF('OMA-MMS'!D:D,"Does not comply")+COUNTIF('OMA-MMS'!D:D,"Not applicable") -> 12 | J16: =COUNTIF('OMA-MMS'!$K$1:$K2013,"pass") -> 0 | K16: =COUNTIF('OMA-MMS'!$K$1:$K2013,"FAIL") -> 0 | L16: =COUNTIF('OMA-MMS'!$K$1:$K$2000,"NOTSUPPORT") -> 4 | M16: =COUNTIF('OMA-MMS'!$K$1:$K2013,"N/A/T") -> 0 | N16: =COUNTIF('OMA-MMS'!$K$1:$K2013,"N/A/D") -> 0 | O16: =COUNTIF('OMA-MMS'!$K$1:$K2013,"N/A/R") -> 0 | P16: =J16/(D16-I16) -> 0 | Q16: =(J16+K16+L16+M16+N16+O16)/D16 -> 0.054794521 | R16: 王泉
A17: 15 | B17: 浏览器 | C17: Sprint_UA_Prof_compliance_matrix (Sprint Sean) 05262011 ZTE.xls | D17: =COUNTIF('UA Prof'!C4:C50,"*") -> 33 | E17: 是 | F17: UAProfile验证 | G17: 后方 | H17: =COUNTIF('UA Prof'!C4:C50,"fc") -> 33 | I17: 0 | J17: =COUNTIF('UA Prof'!$K$1:$K2014,"pass") -> 0 | K17: =COUNTIF('UA Prof'!$K$1:$K2014,"FAIL") -> 0 | L17: =COUNTIF('UA Prof'!$K$1:$K$2000,"NOTSUPPORT") -> 0 | M17: =COUNTIF('UA Prof'!$K$1:$K2014,"N/A/T") -> 0 | N17: =COUNTIF('UA Prof'!$K$1:$K2014,"N/A/D") -> 0 | O17: =COUNTIF('UA Prof'!$K$1:$K2014,"N/A/R") -> 0 | P17: =J17/(D17-I17) -> 0 | Q17: =(J17+K17+L17+M17+N17+O17)/D17 -> 0 | R17: 杨磊
A18: 16 | B18: WIFI | C18: WiFi Requirements ver 1.2.0.(Sprint Sean) 09072011 ZTE.XLS | D18: =H18+I18 -> 148 | E18: 是 | F18: WIFI功能验证 | G18: 前方 | H18: =COUNTIF('WIFI General Requirements'!E8:E240,"FC")+COUNTIF('WIFI General Requirements'!E8:E240,"PC") -> 116 | I18: =COUNTIF('WIFI General Requirements'!F8:F240,"NA")+COUNTIF('WIFI General Requirements'!F8:F240,"N/A") -> 32 | J18: =COUNTIF('WIFI General Requirements'!$K$1:$K2015,"pass") -> 0 | K18: =COUNTIF('WIFI General Requirements'!$K$1:$K2015,"FAIL") -> 0 | L18: =COUNTIF('WIFI General Requirements'!$K$1:$K$2000,"NOTSUPPORT") -> 0 | M18: =COUNTIF('WIFI General Requirements'!$K$1:$K2015,"N/A/T") -> 0 | N18: =COUNTIF('WIFI General Requirements'!$K$1:$K2015,"N/A/D") -> 0 | O18: =COUNTIF('WIFI General Requirements'!$K$1:$K2015,"N/A/R") -> 0 | P18: =J18/(D18-I18) -> 0 | Q18: =(J18+K18+L18+M18+N18+O18)/D18 -> 0 | R18: 李玲
A19: 17 | B19: DOrA | C19: DOrA Compliance Matrix v2.2.1_(Sprint Sean) 06202011 ZTE.xlsx | D19: 187 | E19: 否 | F19: DOrA | T19: 协议相关
A20: 18 | B20: Durability | C20: Durability Compliance Matrix v2(1).0 04022009_(Sprint Sean) 10112011 ZTE.xls | D20: 68 | E20: 否 | F20: 硬件相关 | T20: 硬件相关
A21: 19 | B21: 电源 | C21: Power_CM (Sprint Sean) 06202011 ZTE.xlsx | D21: 57 | E21: 否 | F21: 硬件相关 | T21: 电源相关
A22: 20 | B22: Band Class 10 | C22: Sprint Band Class 10 Compliance Matrix v1_2_(Sprint Sean) 06022011 ZTE.xlsx | D22: 36 | E22: 否 | F22: Band Class 10 不支持 | R22: 王彦钊 | T22: 协议相关
A23: 21 | B23: DOM(Document Object Model ) | C23: Sprint DOM Requirements compliance matrix (Sprint Sean) 05262011 ZTE.xls | D23: 1011 | E23: 否 | F23: CSS相关DOM函数类型验证，与浏览器内容相关，建议不做进一步验证 | T23: 浏览器脚本语言相关
A24: 22 | B24: 浏览器 | C24: Sprint ECMA Script Mobile Profile compliance matrix (Sprint Sean) 05262011 ZTE.xls | D24: 439 | E24: 否 | F24: 标记语言内容测试，属于google自带浏览器内核支持能力范围，但是SGS测试范围内容需要加以关注，可以以SPRINT测试资源完成需求验证 | R24: 李乃蓉，蓝冬英 | T24: 浏览器脚本语言相关
A25: 23 | B25: 协议 | C25: Sprint System Selection Requirements Matrix v 1 0_(Sprint Sean) 08192011 ZTE.xlsx | E25: 否 | F25: EVDO协议选网相关，与高通芯片支持能力有关，无需进一步验证 | T25: 协议相关
A26: 24 | B26: 浏览器 | C26: Sprint_CSS_compliance_matrix (Sprint Sean) 05262011 ZTE.xls | E26: 否 | F26: 标记语言内容测试，属于google自带浏览器内核支持能力范围，无需进一步验证 | T26: 浏览器脚本语言相关
A27: 25 | B27: 浏览器 | C27: Sprint_HTML_compliance_matrix (Sprint Sean) 05262011 ZTE.xls | D27: 765 | E27: 否 | F27: 标记语言内容测试，属于google自带浏览器内核支持能力范围，但是SGS测试范围内容需要重点加以关注；此部分多是涉及HTML语言每个元素的应用验证，总共700多条很难一一进行确认。 而且浏览器是系统自带的，就算验出问题也不见得google会修改。 | R27: 杨磊 | T27: 浏览器脚本语言相关
A28: 26 | B28: LBS | C28: Sprint_LBS_Requirements_compliance_matrix (Sprint Sean) 08042011 ZTE.xls | D28: 141 | E28: 否 | F28: LBS协议相关，需后方验证 | T28: 协议相关
A29: 27 | B29: Service&Repair | C29: Sprint_Retail_Service__Repair_Compliance_Matrix_Version_4_5 (Sprint Sean) 05262011 ZTE.xls | E29: 否 | F29: 提交测试样机相关，无需软件验证内容 | T29: 售后需求
A30: 28 | B30: 浏览器 | C30: Sprint_XHTML_compliance_matrix (Sprint Sean) 05262011 ZTE.xls | E30: 否 | F30: 标记语言内容测试，属于google自带浏览器内核支持能力范围，无需进一步验证 | T30: 浏览器脚本语言相关
A31: 29 | B31: Roaming Enhancement | C31: Roaming Enhancement 1[1].1 - (Sprint Sean) 05262011 ZTE.xlsx | E31: 否 | T31: 协议相关

Sheet CMAS
A1: Sprint CMAS UI Spec, Version 1.0
B2: Req ID | C2: Requirement | D2: Comply | E2: Not Comply | F2: Comments | K2: N850需求验证结果 | L2: 负责人
A3: 1 General
C4: For the purpose of notifications, the Presidential CMAS alerts will have a different set of rules vs all other notifications. | D4: FC
C5: The OEM MUST use their existing Android framework for notification presentation and logic with some exceptions. The exceptions will be noted in this document. | D5: FC
C6: The OEM MUST use the Presidential CMAS alert expiration date as per standards for the purposes of this document | D6: FC
C7: Please refer to the “Joint ATIS/TIA CMAS Mobile Device Behavior Specification (Joint TR45.8 Project Number PN-3-0345” for the following: o Common Audio Attention Signal o Common Vibration Cadence | D7: FC | F7: please provide “Joint ATIS/TIA CMAS Mobile Device Behavior Specification (Joint TR45.8 Project Number PN-3-0345” [06202011 ZTE]update TBD to FC.
C8: All Commercial Alerts (defined as CMAS alerts that do NOT go through the federal gateway and/or with the classes of presidential alert, severe alert, and extreme alert), etc MUST be ignored by the handset. | D8: FC | F8: [ZTE]Still waiting for the feedback from Qualcomm. [06202011 ZTE]how to know the alerts is come from federal gateway? Does all of alerts come from federal gateway? [08152011 ZTE][ZTE]Yes, it is a question for Sprint. Because the spec says "defined as CMAS alerts that do NOT go through the federal gateway and/or with the classes of presidential alert, severe alert, and extreme alert". Per our understanding, we can not know if an alerts comes from the federal gateway or not, so we open the question hoping to get clarification from Sprint. 【08252011 Neeraj S】That requirement simply means that any alerts other than the Presidential,severe and extreme must be ignored by the device. [08252011 ZTE]update TBD to FC.
C9: If the user has power cycled their handset and a Presidential Alert has NOT been viewed, the Presidential CMAS icon MUST continue to flash when the device is powered on again. | D9: FC
A10: 2 Incoming CMAS Notification
C11: When a non-Presidential CMAS alert arrives on the Android handset (e.g. Home screen, in call, in a different application), it MUST display like any other SMS notification. | D11: FC
C12: When a Presidential CMAS alert arrives on the Android handset (e.g. Home screen, in call, in a different application), it MUST display like any other SMS notification with 1 exception – the CMAS icon (in the Annunciator Row) MUST flash. | D12: FC
C13: The Presidential CMAS icon <provided with this documentation> MUST be used. | D13: FC
C14: The Presidential CMAS icon MUST flash until the user has entered the specific thread (similar to how other SMS alerts function). | D14: FC
C15: Once the CMAS (Presidential or non-Presidential Alert) is read, the CMAS icon MUST disappear. | D15: FC
C16: The handset MUST emit a double beep (through the earpiece/speaker/headset) when a CMAS arrives regardless of the application that is running. | D16: FC
C17: If another NON-Presidential CMAS (or another SMS) arrives on the handset while a Presidential CMAS is still present (and flashing), the new alert MUST briefly display in the Annunciator row (similar to how other notifications are displayed) but disappear and the Presidential CMAS alert MUST continue to be present and flashing. | D17: FC
C18: o In short, the Presidential CMAS alert takes “permanent” authority over the other alerts (non-Presidential included) until the Presidential CMAS alert has been viewed. | D18: FC
A19: 3 CMAS Alerts on the Lock Screen
C20: All CMAS alerts MUST trigger the LED to blink accordingly (similar to how Android behaves). | D20: FC
C21: In addition to the icon (flashing or not) in the Annunciator row, the handset MUST present ONLY the Presidential CMAS icon (plus text) under the Time/Date. See PDF document that accompanies this specification. | D21: FC
C22: All other CMAS alerts MUST NOT be presented on the lock screen under the Time/Date. | D22: FC
C23: Once the Presidential CMAS message is read, the CMAS (Presidential) icon on the Unlock screen MUST disappear. | D23: FC
A24: 4 Messaging Screen
C25: CMAS Presidential messages MUST NOT be threaded (i.e. they must be individually stored). | D25: FC
C26: All other CMAS message MUST be threaded by type of alert (Amber, Severe, etc…) | D26: FC
C27: All CMAS messages classified as “Presidential” MUST be pinned to the top (directly above the “Today” heading) of the Inbox regardless of order received. | D27: FC
C28: o All Presidential CMAS Alerts MUST be ordered (top to bottom) in reverse chronological order. | D28: FC
C29: Once a Presidential CMAS message has expired (as per the expiration field in the CMAS message), re-sort them based on the normal Messaging rules and logic. | D29: FC
C30: The handset MUST flag the expiration date on the CMAS message in order to know when to “re-sort” the expired Presidential Alert within the Inbox. The handset MUST place the “expired” Presidential alert at the date in which the handset received it. | D30: FC
C31: All other CMAS alerts (non Presidential) MUST follow the same logic as all other messages. | D31: FC
C32: Format of CMAS Message - See wireframe | D32: FC
C33: Message Format - See wireframe | D33: FC
A34: Settings
C35: The Messaging Settings Menu MUST contain a selection titled: “CMAS Alerts”. | D35: FC
C36: The Main Android Settings may also contain this menu as well. | D36: FC
C37: The [Messaging\Settings\CMAS Alerts] menu MUST have the following selections: <Title> Receive CMAS Alerts Presidential Alerts Extreme Alerts Severe Alerts Amber Alerts CMAS Test Messages | D37: FC
C38: The Presidential alert option (above) MUST be present but it is “read only”. This MUST show that the checkbox is unchecked (the user MUST NOT be able to check it). | D38: FC | F38: [ZTE]According to Presidential alert' importance,we understand that The Presidential alert option should be checked,please confirm it. [06142011 ZTE]It will be checked
C39: The PRI document MUST contain the default values (checked or unchecked). | D39: FC | F39: [ZTE]please provide default value of each CMAS Alert option [06142011 ZTE]It will be unchecked
C40: The user MUST be able to check and uncheck each of the different CMAS alerts (excluding Presidential) | D40: FC
A41: Disabling Messaging Options
C42: If the user is on a CMAS screen in the Messaging app (or in the detailed view), the following options MUST be removed or disabled: Reply, Forward, and Call. All other options may continue to be displayed. | D42: FC
A44: Wireframes
C45: OEM MUST review wireframes and provide ANY discrepancies from the wireframes and the handset. These MUST be noted below. | D45: FC

Sheet Androind 2(1).3-1
A1: Sprint Android Compliance Matrix Version 2.3-1 - Gingerbread February 2011
D2: Req ID | E2: Requirement | F2: Comply | G2: Not Comply | H2: Comments | K2: N850需求验证结果 | L2: 负责人
A3: 2. Android Requirements
D4: ANDR-001 | E4: Customer Equipment MUST support the latest release of Android 2.3. | F4: FC
D5: ANDR-002 | E5: Customer Equipment MUST be fully compatible with the applications that are created with the matching Android SDK. For example, the device supports "Gingerbread" release needs to work well with the application written with Android SDK 2.3. | F5: FC
D6: ANDR-003 | E6: Customer Equipment MUST support the development tools included in the matching Android SDK. For example, adb and ddms tool included in Android SDK MUST work with the device. For example, adb and ddms tool included in Android SDK MUST work with the device. | F6: FC
D7: ANDR-005 | E7: (OPTIONAL) OEM MAY provide a SDK add on component to developers, if the device has a hardware or software component that OEM wants to expose to developers but there is no standard Android API to access it. OEM MUST provide Sprint with a copy of the SDK add on component that is going to be exposed to developers. | G7: NC | H7: ZTE suggests only supporting the android default APK. | K7: NotSupport
D8: ANDR-006 | E8: OEM MUST provide Windows, Mac OS, and Linux drivers for the device. The Windows and Mac OS drivers are required for logging the device and must be made available to customers. The Linux drivers are required for executing the Google CTS test cases by Sprint. It is recommended that OEMs make Linux drivers available to customers. | F8: PC | H8: Linux driver is only for CTS.
D9: ANDR-014 | E9: The OEM MUST provide the CTS reports to Sprint at Gate 1, user trial, and lab exit. | F9: FC
D10: ANDR-013 | E10: (OPTIONAL) OEM SHOULD test the featured or popular applications in the Android market place to make sure those featured applications are working as designed on the Android device. If OEM finds an application issue from the featured applications, OEM SHOULD notify Sprint CE team. OEM SHOULD also report the issue to the application developer, so the application developer can resolve the issue prior to the device launch. | G10: NC | H10: It is optional and depends on APK. | K10: NotSupport
A11: 3. Sprint Customization Requirements
B12: 3.1 OMA-DM client
D13: ANDR-020 | E13: Customer Equipment MUST provide an OMA-DM client that meets the requirements defined in the Sprint OMA-DM Client Functional Requirements [1]. | F13: FC
D14: ANDR-022 | E14: If the OMA-DM client engine resides within the Android OS, the provisioning parameters MUST NOT be exposed to Android Dalvik applications other than through protected Sprint Android extensions. | F14: FC
D15: ANDR-008 | E15: The provisioning parameters MUST NOT be stored in the Android file system in an unencrypted manor or be accessible by any application other than the OMA-DM client. | F15: FC
D16: ANDR-023 | E16: The OMA-DM client MUST provide a UI to allow the user to perform the Client Initiated Device Configuration (CIDC), the Client Initiated Firmware update (CI FUMO), and the client initiated PRL Upgrade (CI PRL). | F16: FC
D17: ANDR-024 | E17: The OMA-DM client MUST support the Sprint Android extension to support the interaction with the Device Self Service (DSS) client as defined in section 5.4 OMA-DM extension. | F17: FC
D18: ANDR-027 | E18: If the user chooses ‘Activate during the Hands Free Activation screen, the OMA-DM client MUST launch DSS client. | F18: FC
D19: ANDR-026 | E19: Customer Equipment MUST disable the screen timeout while the Hands Free Activation client is running in the foreground. The display needs to stay turned on and the screen saver MUST NOT be activated while the HFA screen is displayed. | F19: FC
B20: 3.2 Out of Box experience and OEM’s setup wizard
D21: ANDR-260 | E21: The out of box experience of the Android device MUST follow the flow as defined in the Sprint OMA-DM Client Functional Requirements [1]. | F21: FC
D22: ANDR-261 | E22: The flow of OEM's setup wizard MUST be reviewed and approved by Sprint. | F22: FC
D23: ANDR-262 | E23: When the OEM's setup wizard is closed, the setup wizard MUST send the broadcasting intent, "com.sprint.android.ACTION_SETUP_COMPLETED." | G23: NA | H23: Google default setupwizard,we can not modify. [06102011 Sprint]Line 23 and 24 should be NA. Google does not provide a device level setup wizard, only a wizard for setting up the Google account. So the device does not have a setup wizard. And this may cause some issues with location services that I can go over with them. [06142011 ZTE]change NC to NA | K23: NotSupport
D24: ANDR-263 | E24: During the OEM's setup wizard, the screen timeout MUST be disabled. The display needs to stay turned on the screen save MUST NOT be active until user exits the OEM’s setup wizard. | G24: NA | H24: Google default setupwizard,we can not modify. [06102011 Sprint]Line 23 and 24 should be NA. Google does not provide a device level setup wizard, only a wizard for setting up the Google account. So the device does not have a setup wizard. And this may cause some issues with location services that I can go over with them. [06142011 ZTE]change NC to NA | K24: NotSupport
D25: ANDR-264 | E25: OEM MUST turn off location services by default unless the user elects to enable location services. Note that this is a change from the location privacy setting that Sprint normally sets to off (which is to enable location services). This is a requirement for Google approval. | F25: FC
B26: 3.3 Device Self Service Client
D27: ANDR-031 | E27: Customer Equipment MUST support the following Android standard APIs: android.webkit.WebView android.webkit packages ACTION_CALL intent with “tel:phonenumber” URI. Enforcement of the Android.permission.CALL_PHONE permission. HTTP 1.1 support as defined in RFC 2818. Support for URL that can be as long as 255 characters. | F27: FC
C28: 3.3.1 User Intent Intercept
D29: ANDR-037 | E29: Customer Equipment MUST maintain a list of key sequence, as defined in the Sprint PRI, that the dialer application must check each time the user enters a key sequence and presses the “Talk” or “Call” key. | F29: FC
D30: ANDR-036 | E30: When the user entered key sequence in the dialer application matches the one of the key sequence listed in the Sprint PRI Template Program Release Instructions and factory default template [3], the Android device MUST launch the DSS application. | F30: FC
B31: 3.4 Hidden menu support
D32: ANDR-040 | E32: Customer Equipment MUST support the following hidden menus specified in the Sprint 3G Customer Equipment General Functional Requirements [4]. | F32: FC
D33: ANDR-007 | E33: Customer Equipment MUST support the hidden menus of any other Sprint specification that the device is required to support. | F33: FC
D34: ANDR-033 | E34: Customer Equipment MUST support the ##SCRTN# hidden command. When the command is executed, the following actions must be performed: • Reset the MDN to factory default • Reset the MSID to factory default • Reset the Slot 1 NAI to factory default • Reset the Slot 1 NAI password to factory default • Set the active MIP profile to 0 • Reboot | F34: FC
D35: ANDR-032 | E35: Customer Equipment MUST provide configurable parameters for the DSS client in a new menu named “DSS” in the hidden menu ##DATA#. The parameters that MUST be supported are: DSS Server URL DSS proxy server IP address DSS proxy server port # | F35: FC
D36: ANDR-140 | E36: Customer Equipment MUST support ##CLEAR# as defined in the Sprint 3G Customer Equipment General Functional Requirements [4] which will reset the radio modems to the default PRI settings but not modify any of the Android settings. Note: This should reset the values found in the Sprint PRI Template Program Release Instructions and factory default template [3] that are marked as reset when ##CELAR# is executed which affects the radio modems only. All of the settings found on the Menu tab of the PRI document should remain untouched as well as all of the user data and content storage databases. | F36: FC
B37: 3.5 Software Update
D38: ANDR-009 | E38: The software update process MUST preserve the customer data listed in Table 1 - Customer Data during the update. | F38: FC
C39: 3.5.2 Alternative OTA update mechanism
D40: ANDR-070 | E40: In addition to Sprint FUMO, the Customer Equipment MUST support an alternative OTA software update mechanism that does not utilize Sprint’s FUMO infrastructure. | G40: N/A | H40: The device supports FOTA. | K40: NotSupport
D41: ANDR-041 | E41: The OEM MUST provide detailed documentation of the capabilities and process of the alternative OTA update mechanism to Sprint at Gate 1. | G41: N/A | K41: NotSupport
D42: ANDR-042 | E42: The alternative OTA update MUST be able to update both the modem software and the application processor software. | G42: N/A | K42: NotSupport
D43: ANDR-043 | E43: The alternative OTA update system MUST support partial updates. Instead of downloading the whole android firmware or radio modem firmware, the alternative OTA update system must be able to download delta files to either or both firmware. | G43: N/A | K43: NotSupport
D44: ANDR-044 | E44: Customer Equipment MUST have a mechanism to periodically check for the availability of an update. | G44: N/A | K44: NotSupport
D45: ANDR-045 | E45: The alternative OTA system MUST have the ability to adjust the interval that clients check with the OTA upgrade system. | G45: N/A | K45: NotSupport
D46: ANDR-046 | E46: The Android device MUST be able to check for the availability of the update by the user. Note: This allows the user to “Check Now” for an update. | G46: N/A | K46: NotSupport
D47: ANDR-047 | E47: When there is an available update, the device MUST present the information to the notification area. | G47: N/A | K47: NotSupport
D48: ANDR-015 | E48: Customer Equipment MUST NOT send any customer identifying information during the OTA update process. Examples of customer identifying information are MDN, MSID, NAI. | G48: N/A | K48: NotSupport
D49: ANDR-049 | E49: Customer Equipment MUST be able to download the update via any data connection. | G49: N/A | K49: NotSupport
D50: ANDR-051 | E50: The alternative OTA update download MUST NOT occur when the device on a CDMA roaming system. | G50: N/A | K50: NotSupport
D51: ANDR-052 | E51: Customer Equipment MUST suspend the download if the device enters CDMA roaming during the download process. | G51: N/A | K51: NotSupport
D52: ANDR-145 | E52: Customer Equipment MUST notify the user that the update has been suspended because the device is in a roaming network and that the download will resume when the device returns to Sprint coverage. Note: The implementation of this notification will vary depending on the OEM selection for OTA system. The notification needs to be approved by Sprint. | G52: N/A | K52: NotSupport
... D58: ANDR-075 | E58: After successful update, the Customer Equipment MUST send a CI-FUMO 1226 alert string to report the software version back to Sprint FUMO server. | G58: N/A | K58: NotSupport
C59: 3.5.2 PC based update tool.
D60: ANDR-080 | E60: The OEM MUST provide a simple customer facing PC based update tool for the device. | F60: FC | H60: Please confirm this is supported.
D61: ANDR-081 | E61: The PC based update tool MUST be able to update both the modem software and the application processor software. | F61: FC
D62: ANDR-082 | E62: The PC based update tool MUST be intuitive and easy to use by customers. This should be a single executable that the user can run to update the firmware. | F62: FC
D63: ANDR-061 | E63: The PC tool MUST be able to detect if the necessary drivers are already installed and install the drivers for just that device if required. | F63: FC
D64: ANDR-083 | E64: (OPTIONAL) The PC based update tool MAY allow the user to back up the content stored in the device. Note: OEM MUST provide to Sprint a list of all content that the the user is able to back up using the PC tool. | G64: NC | H64: It is optional. | K64: NotSupport
D65: ANDR-084 | E65: (OPTIONAL) The PC based update tool MAY allow the user to transfer the content between the device and PC. | G65: NC | H65: It is optional. | K65: NotSupport
D66: ANDR-085 | E66: After a successful update, the Android device MUST send a CI-FUMO 1226 alert string to report the software version back to Sprint FUMO server as defined the Sprint OMA-DM Client Functional Requirements [1]. | F66: FC
D67: ANDR-086 | E67: The detailed process of software update MUST be approved by Sprint. | F67: FC
C68: 3.5.3 Firmware Update UI
D69: ANDR-146 | E69: Customer Equipment MUST display an animated progress bar during the firmware installation process. Note: This is to let the user know that the device has not locked up and to inform them of how much longer the installation process has. | F69: FC
D70: ANDR-147 | E70: Customer Equipment MUST inform the user that a restart of the device is required before resetting the device. | F70: FC
D71: ANDR-148 | E71: Customer Equipment MUST display an animated progress bar and the text “Upgrade is being applied” if the device needs to continue the installation process after the restart. | F71: FC
D72: ANDR-149 | E72: Customer Equipment MUST display the message “Upgrade was successful” to the user upon the completion of the firmware upgrade. | F72: FC
B73: 3.6 Location Services
C74: 3.6.1 CDMA Cell Location
D75: ANDR-144 | E75: Customer Equipment MUST populate the android.telephony.cdma.CellLocation information in Table 2 - CDMA CelllLocation Methodswith the information in the CDMA2000 overhead messages. getDaseStation ID getBaseStation Latitude getBaseStationLongitude getNetworkID getSystemID Note: This data comes from the CDMA2000 System Parameters Message. | F75: FC
C76: 3.6.2 GPS Location Provider
D77: ANDR-100 | E77: Customer Equipment MUST execute a GPS location session compliant with the Android OS section of the Sprint gpsOneXTRA Interim Requirements for CDMA Customer Equipment specification [6] when an Android application requests position location data using the Android GPS Location Provider, then the Android device. Note: This requirement applies to all modes of operation, including CDMA 3G, EVDO, 4G, and Wi-Fi. | F77: FC
D78: ANDR-062 | E78: Android devices MUST NOT support the Trusted Mode of User Plane LBS. | F78: FC
D79: ANDR-063 | E79: Android devices MUST NOT support the pre-programming of User Plane LBS PDE IP Addresses or Port Values. Note: Qualcomm NV Items 4695 (1X PDE Server Address [IPV4]) and 4704 (1X PDE Server Port) must be programmed to their default values of 0. | F79: FC
D80: ANDR-064 | E80: Android device MUST have Qualcomm NV Items programmed to default values as per the Sprint gpsOneXTRA Interim Requirements for CDMA Customer Equipment [6] specification, Appendix A: “Qualcomm gpsOne Non Volatile Memory Programming.” | F80: FC
D81: ANDR-104 | E81: If an Android application requests position location data using the Android GPS Location Provider, then the Android device MUST provide the application position location data as requested and in the format defined in the public class “Location implements Parcelable” (decimal degrees, degrees:decimal minutes, etc…). | F81: FC
D82: ANDR-065 | E82: Android device MUST have the Android GPS Configuration File programmed to match the values as per the Sprint gpsOneXTRA Interim Requirements for CDMA Customer Equipment [6] specification, Appendix B: “Android GPS Configuration File Programming.” | F82: FC
D83: ANDR-107 | E83: Android devices MUST support all Control Plane LBS requirements as specified in the latest version of the Sprint LBS Mobile Station Specification (Location Based Services for CDMA and Hybrid Devices). | F83: FC
D84: ANDR-108 | E84: Android devices MUST support all antenna, performance, and test requirements as specified in the latest version of the Sprint LBS Mobile Station Specification (Location Based Services for CDMA and Hybrid Devices). | F84: FC
D85: ANDR-111 | E85: The Android GPS Provider MUST accurately provide the “Criteria.ACCURACY_*” constants “ACCURACY_FINE” and “POWER_MEDIUM.” | F85: FC
B86: 3.7 Diagnostics and support tools
D87: ANDR-160 | E87: The Android device MUST support all QXDM requirements as defined in the Sprint 3G Customer Equipment General Functional Specification [4]. Note: This includes QxDM logging at device power up as well as simultaneous QxDM logging and USB data tethering. | F87: FC
D88: ANDR-161 | E88: Customer Equipment MUST concurrently support QXDM and Android Developer Bridge (ADB). Sprint developers/testers MUST be able to capture radio log and PPP packets while looking at the debug messages from the Eclipse/DDMS tool. Sprint developers/testers MUST be able to capture radio log and PPP packets while looking at the debug messages from the Eclipse/DDMS tool. | F88: FC
D89: ANDR-151 | E89: Customer Equipment that supports WiMax MUST support all XCAL requirements as defined in the Sprint 4G Customer Equipment General Functional Requirements [15]. Note: This includes XCAL logging at device power up as well as simultaneous XCAL logging and USB data tethering. | G89: NA | H89: The device does not support WiMax. | K89: NotSupport
D90: ANDR-223 | E90: Customer Equipment MUST provide a tool to modify the client ID to reset it to the Android default value. Note: This is for white label devices so that they can use the Sprint devices as is without the Android Market showing the carrier channel (the sprint tab). This is a one way tool and is only to set the client IT to the Android default and cannot be used to revert the client ID back to the Sprint value. The Android default client ID would be persistent through a factory reset and updates. | F90: FC | H90: ClientID must meet Google's requirement,so it should not be modified.If need,you can get root permission and modify by setprop [06092011 ZTE]update NC to FC.Line 90 needs to be FC. This device will most likely be used as a white label device. The client id values will comply with the Google requirements.
B91: 3.8 Voice recognition, Text-to-speech, and Accessibility
D92: ANDR-210 | E92: Customer Equipment MUST include the handler for the “ACTION_RECOGNIZE_SPEECH” and “ACTION_WEB_SEARCH.” | F92: FC
D93: ANDR-211 | E93: Customer Equipment MUST support the Text-to-Speech feature included in the Android platform. | F93: FC
D94: ANDR-212 | E94: Customer Equipment MUST support the Accessibility feature included in the Android platform. | F94: FC | H94: google default voice dial is not good at recognizing voice.The recognition accurate is very low. [07182011 ZTE]update PC to FC. The device will support google default voice dial.It is Sprint ID device and no modification to voice dialer will be made.
B95: 3.9 Locale support
D96: ANDR-280 | E96: Customer Equipment MUST support the English and Spanish locale. | F96: FC
D97: ANDR-281 | E97: (OPTIONAL) Customer Equipment SHOULD support the additional locales like Chinese, Japanese, and Korean. | F97: FC | H97: Supports Chinese simple.
B98: 3.10 Data application behavior in Slot 0/1
D99: ANDR-291 | E99: When the mobile IP profile 1 is not programmed, applications without the “com.sprint.internal.permission.SLOT0” permission MUST NOT be allowed to access the mobile network. The device MUST not make a data call when the app without the permission tries to access the mobile network. NOTE: However, the app still can access the internet using other network connections such as WiFi. | F99: FC
D100: ANDR-292 | E100: Customer Equipment MUST NOT launch the OMA-DM client when the mobile IP profile 1 is not programmed and user launches the data application that does not have the permission, like Browser. | F100: FC
D101: ANDR-293 | E101: Customer Equipment MUST NOT allow reverse DNS queries when the mobile IP profile 0 is active. Since the provisioning network (slot 0) does not have a DNS server, this request will always time out. Since the provisioning network (slot 0) does not have a DNS server, this request will always time out. | F101: FC
B102: 3.11 Root Certificates
D103: ANDR-300 | E103: Customer Equipment MUST include the certificates as listed in the Sprint PRI Template Program Release Instructions and factory default template [3] on the “certificates tab”. Note: These certificates do not replace the certificates that come as part of the OS software. The Sprint Java specific certificates may not apply to an Android device. | F103: FC
D104: ANDR-301 | E104: (OPTIONAL) Customer Equipment SHOULD support the revocation mechanism that allows the CA to recall the breached certificates. | G104: NC | H104: It is optional. | K104: NotSupport
D105: ANDR-302 | E105: The OEM may support additional certificates in the CA store on the device. | G105: NC | H105: It is optional. | K105: NotSupport
...

Sheet AT
A1: Sprint AT Command Requirements Version 1.6 April 2010
D2: Req ID | E2: Requirement | F2: Comply | G2: Not Comply | H2: Comments | K2: N850需求验证结果 | L2: 负责人
A3: 2.0 Standards Based Commands
B4: 2.1 General Command requirements
D5: ATCMD-001 | E5: CE MUST return "OK" for any command that is successfully executed but does not return a result. | F5: FC
D6: ATCMD-002 | E6: CE MUST return "ERROR" for any command that is not successfully executed. | F6: FC
D7: ATCMD-003 | E7: CE MUST check all user entered values that will be stored on the device to ensure that the values are the correct type, range and length for the data before attempting to store the data. | F7: FC
D8: ATCMD-004 | E8: CE MUST support all AT commands over all supported Rm interface connections. | G8: N/A | H8: platform does not support | K8: NotSupport
B9: 2.2 IS-707 A Parameters
D10: ATCMD-005 | E10: CE MUST support the parameter E0 which will turn off echo commands. | F10: FC
D11: ATCMD-006 | E11: CE MUST support the parameter E1 which will turn on echo commands. | F11: FC
D12: ATCMD-007 | E12: CE MUST set the E parameter to E1 as default. | F12: FC
D13: ATCMD-008 | E13: CE MUST support the parameter Q0 which will cause the device to return result codes. | F13: FC
D14: ATCMD-009 | E14: CE MUST support the parameter Q1 which will cause the device to NOT return result codes. | F14: FC
D15: ATCMD-010 | E15: CE MUST set the Q parameter to Q0 as default. | F15: FC
D16: ATCMD-011 | E16: CE MUST support the parameter V0 which will cause the device to return result codes as numbers. | F16: FC
D17: ATCMD-012 | E17: CE MUST support the parameter V1 which will cause the device to return result codes as words. | F17: FC
D18: ATCMD-013 | E18: CE MUST set the V parameter to V1 as default. | F18: FC
D19: ATCMD-014 | E19: CE MUST support the parameter Z0 which will cause the device to reset the parameters to the default configuration. | F19: FC
D20: ATCMD-015 | E20: [OPTIONAL] CE MUST support the parameter &C0 (Data Carrier Detect) which will set circuit 109 (CF) or Received Line Signal Detector (RLSD) always on. | G20: N/A | H20: optional | K20: NotSupport
D21: ATCMD-016 | E21: [OPTIONAL] CE MUST support the parameter &C1 (Data Carrier Detect) which will set circuit 109 (CF) or Received Line Signal Detector (RLSD) on in accordance with the specified service. | G21: N/A | H21: optional | K21: NotSupport
D22: ATCMD-017 | E22: [OPTIONAL] CE MUST set the C parameter (Data Carrier Detect) to C1 as default. | G22: N/A | H22: optional | K22: NotSupport
D23: ATCMD-018 | E23: [OPTIONAL] CE MUST support the parameter &D0 (Data Terminal Ready) which will ignore circuit 108/2 (CD). | G23: N/A | H23: optional | K23: NotSupport
D24: ATCMD-019 | E24: [OPTIONAL] CE MUST support the parameter &D1 (Data Terminal Ready) which will enter online command state following ON-to-OFF transition of circuit 108/2. | G24: N/A | H24: optional | K24: NotSupport
D25: ATCMD-020 | E25: [OPTIONAL] CE MUST support the parameter &D2 (Data Terminal Ready) which will enter command state following On to Off transition of circuit 108/2. | G25: N/A | H25: optional | K25: NotSupport
D26: ATCMD-021 | E26: [OPTIONAL] CE MUST set the D parameter (Data Terminal Ready) to D0 as default. | G26: N/A | H26: optional | K26: NotSupport
B27: 2.3 IS-707 A Extended Configuration Commands
D28: ATCMD-022 | E28: CE MUST support “AT+GCAP” which will return the list of all commands supported by the device. | F28: FC
D29: ATCMD-023 | E29: CE MUST return “ERROR” for any other AT+GCAP string. | F29: FC
D30: ATCMD-024 | E30: CE MUST support “AT+GMI” which will return the manufacturer name on a single line. | F30: FC
D31: ATCMD-025 | E31: CE MUST return “ERROR” for any other AT+GMI string. | F31: FC
D32: ATCMD-026 | E32: CE MUST support “AT+GMM” which will return the device model name and number as defined by the OEM and approved by Sprint on a single line. | F32: FC
D33: ATCMD-027 | E33: CE MUST return “ERROR” for any other AT+GMM string. | F33: FC
D34: ATCMD-028 | E34: CE MUST support “AT+GMR” which will return the current firmware version on a single line.
D35: ATCMD-029 | E35: [OPTIONAL] For devices with multiple processors, “AT+GMR” MUST return the firmware of each processor on a separate line in the format of “P<X>:<firmware version>”. | G35: N/A | H35: optional | K35: NotSupport
D36: ATCMD-030 | E36: CE MUST return “ERROR” for any other AT+GMR string. | F36: FC
D37: ATCMD-031 | E37: CE MUST support “AT+GSN” which will return the “<ESN>” or the “<MEID>:<pseudo ESN>” of the device. | F37: FC
D38: ATCMD-032 | E38: CE MUST return the decimal value on the first line and the hexadecimal value on the second line for “AT+GSN”. | F38: FC
D39: ATCMD-033 | E39: CE MUST return “ERROR” for any other AT+GSN string. | F39: FC
D40: ATCMD-034 | E40: CE MUST support “AT+ICF=<format>,<parity>” which will set the character framing between the device and a connected terminal. | F40: FC
D41: ATCMD-035 | E41: CE MUST set the default value of ICF to auto detect. | G41: NC | H41: [05262011 ZTE]change to NC due to the qualcomm platform does not support. | K41: NotSupport
D42: ATCMD-036 | E42: CE MUST support “AT+ICF?” which will return the current setting in the format “<format>,<parity>. | G42: NC | H42: [05262011 ZTE]change to NC due to the qualcomm platform does not support. | K42: NotSupport
D43: ATCMD-037 | E43: CE MUST support “AT+ICF=?” which will return the list of supported format and parity values in the format “<format>:<comment>” with each setting on a separate line followed by “<parity>:<comment>” with each setting on a separate line. | F43: FC
D44: ATCMD-038 | E44: CE MUST return “ERROR” for any other AT+ICF string. | F44: FC
D45: ATCMD-039 | E45: CE MUST support “AT+IFC=<DCE_by_DTE>, <DTE_by_DCE>” which will control the local flow control between a computer and a tethered device. | F45: FC
D46: ATCMD-040 | E46: CE MUST set the default value of IFC to none for DCE_by_DTE and DTE_by_DCE. | F46: FC
D47: ATCMD-041 | E47: CE MUST support “AT+IFC?” which will return the current setting in the format “<DCE_by_DTE>,<DTE_by_DCE>. | F47: FC
D48: ATCMD-042 | E48: CE MUST support “AT+IFC=?” which will return the list of supported format and parity values in the format “<DCE_by_DTE>:<comment>” with each setting on a separate line followed by “<DTE_by_DCE>:<comment>” with each setting on a separate line. | F48: FC
D49: ATCMD-043 | E49: CE MUST return “ERROR” for any other AT+IFC string. | F49: FC
D50: ATCMD-044 | E50: CE MUST support “AT+IPR=<rate>” which will set the Rm interface rate to the specified rate. | F50: FC
D51: ATCMD-045 | E51: CE MUST return “ERROR” for any rate that is not supported by the device. | F51: FC
D52: ATCMD-046 | E52: CE MUST set the IPR value to 0 by default which will enable auto detect of the Rm Interface rate. | F52: FC
D53: ATCMD-047 | E53: CE MUST support “AT+IPR?” which return the current Rm Interface rate. | F53: FC
D54: ATCMD-048 | E54: CE MUST support “AT+IPR=?” which will return a list of the rates supported by the DCE in the format “(<comma separated list of auto detectable rates>),(< comma separated list of fixed-only rates>)”. | F54: FC
D55: ATCMD-049 | E55: CE MUST return “ERROR” for any other AT+IPR string. | F55: FC
D56: ATCMD-050 | E56: [OPTIONAL] CE MUST support “AT+CAD?” which will return the type of service available from the flowing list: | G56: N/A | H56: optional | K56: NotSupport
D57: ATCMD-051 | E57: CE MUST return “ERROR” for any other AT+CAD string. | F57: FC
D58: ATCMD-052 | E58: CE MUST support “AT+CRM?” which will return the current numerical value of CRM. | F58: FC
D59: ATCMD-053 | E59: CE MUST support “AT+CRM=1” which will let the user set the Rm interface to Relay Layer Packet Data Service. | F59: FC
D60: ATCMD-054 | E60: CE MUST support “AT+CRM=2” which will let the user set the Rm interface to PPP Network Layer Packet Data Service. | F60: FC
D61: ATCMD-055 | E61: CE MUST return “ERROR” for “AT+CRM=0”. | F61: FC
D62: ATCMD-056 | E62: CE MUST return “ERROR” for “AT+CRM=3”. | F62: FC
D63: ATCMD-057 | E63: CE MUST return “ERROR” for “AT+CRM=4”. | F63: FC
D64: ATCMD-058 | E64: CE MUST return “ERROR” for any other AT+GSN string. | F64: FC
D65: ATCMD-059 | E65: CE MUST support “AT+CBC?” which will return the battery state and charge in the format “<BCS>,<BCL>”. | F65: FC
D66: ATCMD-060 | E66: CE MUST return “ERROR” for any other AT+CBC string. | F66: FC
D67: ATCMD-061 | E67: CE MUST support “AT+CMIP?” which will return IP address of the mobile station. | F67: FC
D68: ATCMD-062 | E68: CE MUST return “0.0.0.0” for “AT+CMIP?” if there is currently no IP session established. | F68: FC
... D82: ATCMD-076 | E82: CE MUST NOT support “AT+CPS=<value>”. | F82: FC
D83: ATCMD-077 | E83: CE MUST support “AT+CPSR=<0 | 1>” which will disable(0) or enable(1) the packet call state reporting. | G83: N/A | H83: Qualcomm confirmed the AMSS which ZTE use doesn't have the support for this AT command. | K83: NotSupport
D84: ATCMD-078 | E84: CE MUST support “AT+CPSR?” which will return the current packet call state reporting setting. | G84: N/A | H84: Qualcomm confirmed the AMSS which ZTE use doesn't have the support for this AT command. | K84: NotSupport
D85: ATCMD-079 | E85: CE MUST set the packet call state reporting to disable as they default. | G85: N/A | H85: Qualcomm confirmed the AMSS which ZTE use doesn't have the support for this AT command. | K85: NotSupport
D86: ATCMD-080 | E86: CE MUST set the packet call state reporting to disable when the Rm Interface is torn down. | G86: N/A | H86: Qualcomm confirmed the AMSS which ZTE use doesn't have the support for this AT command. | K86: NotSupport
D87: ATCMD-081 | E87: CE MUST return “ERROR” for any other AT+CPSR string. | G87: N/A | H87: Qualcomm confirmed the AMSS which ZTE use doesn't have the support for this AT command. | K87: NotSupport
D88: ATCMD-082 | E88: CE MUST support “AT+CPTC=0” which will release the traffic channel. | G88: N/A | H88: Qualcomm confirmed the AMSS which ZTE use doesn't have the support for this AT command. | K88: NotSupport
D89: ATCMD-083 | E89: CE MUST support “AT+CPTC=1” which will Originate a traffic channel. | G89: N/A | H89: Qualcomm confirmed the AMSS which ZTE use doesn't have the support for this AT command. | K89: NotSupport
D90: ATCMD-084 | E90: CE MUST return “ERROR” for any other AT+CPTC string. | G90: N/A | H90: Qualcomm confirmed the AMSS which ZTE use doesn't have the support for this AT command. | K90: NotSupport
D91: ATCMD-085 | E91: CE MUST support “AT+CPER=<0 | 1>” which will disable(0) or enable(1) the packet call event reporting. | G91: N/A | H91: Qualcomm confirmed the AMSS which ZTE use doesn't have the support for this AT command. | K91: NotSupport
D92: ATCMD-086 | E92: CE MUST support “AT+CPER?” which will return the current packet call event reporting setting. | G92: N/A | H92: Qualcomm confirmed the AMSS which ZTE use doesn't have the support for this AT command. | K92: NotSupport
D93: ATCMD-087 | E93: CE MUST set the packet call event reporting to disable as they default. | G93: N/A | H93: Qualcomm confirmed the AMSS which ZTE use doesn't have the support for this AT command. | K93: NotSupport
D94: ATCMD-088 | E94: CE MUST set the packet call event reporting to disable when the Rm Interface is torn down. | G94: N/A | H94: Qualcomm confirmed the AMSS which ZTE use doesn't have the support for this AT command. | K94: NotSupport
D95: ATCMD-089 | E95: CE MUST return “ERROR” for any other AT+CPER string. | G95: N/A | H95: Qualcomm confirmed the AMSS which ZTE use doesn't have the support for this AT command. | K95: NotSupport
B96: 2.4 Mobile IP Commands
D97: ATCMD-090 | E97: CE MUST support the Mobile IP AT commands only over the Rm interface. | F97: FC
D98: ATCMD-091 | E98: CE MUST support “AT$QCMIP?” which will return the current value of the Mobile IP behavior. | F98: FC
D99: ATCMD-092 | E99: CE MUST support “AT$QCMIP=0” which will set the Mobile IP behavior to Simple IP only. | F99: FC
D100: ATCMD-093 | E100: The CE MUST support “AT$QCMIP=1” which will set the Mobile IP behavior to MIP preferred with SIP fallback. | F100: FC
D101: ATCMD-094 | E101: CE MUST support “AT$QCMIP=2” which will set the Mobile IP behavior to MIP only. | F101: FC
D102: ATCMD-095 | E102: CE MUST return “ERROR” for any other AT$QCMIP string. | F102: FC
D103: ATCMD-096 | E103: CE MUST support “AT$QCMIPP?” which will return the current active Mobile IP profile. | F103: FC
D104: ATCMD-097 | E104: CE MUST support “AT$QCMIPP=X” where X is an integer between 0 and 5. This command will set the active Mobile Profile to the value of X. | F104: FC
D105: ATCMD-098 | E105: CE MUST return “ERROR” for any other AT$QCMIPP string. | F105: FC
D106: ATCMD-099 | E106: CE MUST support “AT$QCMIPT?” which will return the current value of the “RFC 2002bis authentication” flag. | F106: FC
D107: ATCMD-100 | E107: CE MUST support “AT$QCMIPEP?” which will return wither the active profile is enabled or not. | F107: FC
D108: ATCMD-101 | E108: CE MUST support “AT$QCMIPEP=0” which will disable the active profile. | F108: FC
... D180: ATCMD-174 | E180: CE MUST return “ERROR” for any other AT$QCMIPHA string. | F180: FC
A181: 3.0 GSM / UMTS / EDGE Commands (Optional)
D182: ATCMD-175 | E182: CE that support GSM / UMTS MUST support the AT commands found in 3GPP TS 27.007 version 4.6.0 Release 4 Digital cellular telecommunications system (Phase 2); AT command set for 3G User Equipment [5] in addition to the AT commands listed elsewhere in this document. | G182: N/A | H182: sprint points CDMA need not support | K182: NotSupport
D183: ATCMD-176 | E183: CE MUST support 3 Packet Domain Protocol Contexts. | G183: N/A | H183: sprint points CDMA need not support | K183: NotSupport
D184: ATCMD-177 | E184: CE MUST support ITU-T V.25ter TE-TA interface command S3. | G184: N/A | H184: sprint points CDMA need not support | K184: NotSupport
...

Sheet Automation
A1: Sprint Automation Requirements Version 1.0 April 2010
D2: Req ID | E2: Requirement | F2: Comply | G2: Not Comply | H2: Comments | I2: Sprint Comments | K2: N850需求验证结果 | L2: 负责人
A3: 2.0 Modification for Automation
D4: Auto-001 | E4: Customer Equipment MUST support setting the backlight to an "always on" setting through Slate. | F4: FC
D5: Auto-002 | E5: Customer Equipment MUST maintain the backlight “always on” setting through power cycles. | F5: FC
D6: Auto-003 | E6: Customer Equipment MUST reset the backlight setting to the factory default as per the PRI when the device is reset using ##RTN#. | F6: FC
D7: Auto-004 | E7: Customer Equipment MUST support the ability to disable USB charging through Slate. | F7: FC
D8: Auto-005 | E8: Customer Equipment MUST maintain the disable USB charging setting through power cycles. | F8: FC
D9: Auto-006 | E9: Customer Equipment MUST reset the USB charging to on when the device is reset using ##RTN#. | F9: FC
A10: 3.0 Device XML
B11: 3.1 Device logging
D12: Auto-007 | E12: Customer Equipment MUST allow retrieval of all PPP packets from the device in real-time. | F12: FC
D13: Auto-008 | E13: Customer Equipment MUST allow retrieval of PPP packets from the device while the device is in a tethered data session in real-time. | F13: FC
D14: Auto-009 | E14: Customer Equipment MUST allow retrieval of all CDMA OTA messages from the device in real-time. | F14: FC
D15: Auto-010 | E15: Customer Equipment MUST allow retrieval of CDMA OTA messages from the device while the device is in a tethered data session in real-time. | F15: FC
D16: Auto-011 | E16: Customer Equipment MUST allow retrieval of debug messages from the device in real-time. | F16: FC
D17: Auto-012 | E17: Customer Equipment MUST allow retrieval of debug messages from the device while the device is in a tethered data session in real-time. | F17: FC
D18: Auto-013 | E18: Customer Equipment MUST allow logging of the device from power on. | F18: FC
B19: 3.2 Functions
D20: Auto-014 | E20: Customer Equipment MUST support the options listed in Table 1 Functions to allow Slate to be able to access and control the device. | F20: FC
D21: Auto-015 | E21: CaptureImage | F21: FC | H21: adb | I21: ZTE should present this approach to Skylink before setting for adb
D22: Auto-016 | E22: GetAirplaneMode | F22: FC | I22: ZTE should present this approach to Skylink before setting for adb
D23: Auto-017 | E23: GetBacklightSettings | F23: FC | I23: ZTE should present this approach to Skylink before setting for adb
D24: Auto-018 | E24: GetBatteryChargingState | F24: FC | I24: ZTE should present this approach to Skylink before setting for adb
D25: Auto-019 | E25: GetBatteryLevel | F25: FC | I25: ZTE should present this approach to Skylink before setting for adb
D26: Auto-020 | E26: GetBluetoothStatus | F26: FC | I26: ZTE should present this approach to Skylink before setting for adb
D27: Auto-021 | E27: GetChannel | F27: FC | I27: ZTE should present this approach to Skylink before setting for adb
D28: Auto-022 | E28: GetCMLogState | F28: FC | I28: ZTE should present this approach to Skylink before setting for adb
D29: Auto-023 | E29: GetESN | F29: FC | I29: ZTE should present this approach to Skylink before setting for adb
D30: Auto-024 | E30: GetGPSStatus | F30: FC | I30: ZTE should present this approach to Skylink before setting for adb
D31: Auto-025 | E31: GetHardwareVersion | F31: FC | I31: ZTE should present this approach to Skylink before setting for adb
D32: Auto-026 | E32: GetKeypadBacklight | G32: NA | H32: The device is a touch phone. | K32: NotSupport
D33: Auto-027 | E33: GetManufacturer | F33: FC | I33: ZTE should present this approach to Skylink before setting for adb
D34: Auto-028 | E34: GetMDN | F34: FC
D35: Auto-029 | E35: GetMEID | F35: FC
D36: Auto-030 | E36: GetModel | F36: FC | I36: ZTE should present this approach to Skylink before setting for adb
D37: Auto-031 | E37: GetMSID | F37: FC
D38: Auto-032 | E38: GetNID | F38: FC
D39: Auto-033 | E39: GetNVItem | F39: FC
D40: Auto-034 | E40: GetPRL | F40: FC
D41: Auto-035 | E41: GetPRLVersion | F41: FC
D42: Auto-036 | E42: GetProtocolRevision | F42: FC
D43: Auto-037 | E43: GetRoamingMode | F43: FC
D44: Auto-038 | E44: GetRSSI | F44: FC
D45: Auto-039 | E45: GetSID | F45: FC
D46: Auto-040 | E46: GetSoftwareVersion | F46: FC | I46: ZTE should present this approach to Skylink before setting for adb
D47: Auto-041 | E47: GetState | F47: FC
D48: Auto-042 | E48: GetStateAndConnectionAttempts | F48: FC
D49: Auto-043 | E49: GetStatus | F49: FC
D50: Auto-044 | E50: GetSystemTime | F50: FC
D51: Auto-045 | E51: GetWiFiStatus | F51: FC | I51: ZTE should present this approach to Skylink before setting for adb
D52: Auto-046 | E52: PenDrag | F52: FC | I52: ZTE should present this approach to Skylink before setting for adb
D53: Auto-047 | E53: PenTap | F53: FC | I53: ZTE should present this approach to Skylink before setting for adb
D54: Auto-048 | E54: Ping | F54: FC | I54: ZTE should present this approach to Skylink before setting for adb
D55: Auto-049 | E55: PressOEMKey | F55: FC | I55: ZTE should present this approach to Skylink before setting for adb
D56: Auto-050 | E56: Reset | F56: FC
D57: Auto-051 | E57: SetAirplaneMode | F57: FC | I57: ZTE should present this approach to Skylink before setting for adb
D58: Auto-052 | E58: SetBacklightSettings | F58: FC | I58: ZTE should present this approach to Skylink before setting for adb
D59: Auto-053 | E59: SetBluetoothStatus | F59: FC | I59: ZTE should present this approach to Skylink before setting for adb
D60: Auto-054 | E60: SetDisableCharging | F60: FC | I60: ZTE should present this approach to Skylink before setting for adb
D61: Auto-055 | E61: SetGPSStatus | F61: FC | I61: ZTE should present this approach to Skylink before setting for adb
D62: Auto-056 | E62: SetKeypadBacklight | G62: NA | H62: The device is a touch phone. | K62: NotSupport
D63: Auto-057 | E63: SetNVItem | F63: FC
D64: Auto-058 | E64: SetPRL | F64: FC
D65: Auto-059 | E65: SetWiFiStatus | F65: FC | I65: ZTE should present this approach to Skylink before setting for adb
D66: Auto-060 | E66: StartEventCapture | F66: FC
D67: Auto-061 | E67: StartKeyCapture | F67: FC | I67: ZTE should present this approach to Skylink before setting for adb
D68: Auto-062 | E68: StartNVItemTransaction | F68: FC
D69: Auto-063 | E69: StartOTACapture | F69: FC
D70: Auto-064 | E70: StartPPPCapture | F70: FC
D71: Auto-065 | E71: StopEventCapture | F71: FC
D72: Auto-066 | E72: StopKeyCapture | F72: FC | I72: ZTE should present this approach to Skylink before setting for adb
D73: Auto-067 | E73: StopNVItemTransaction | F73: FC
D74: Auto-068 | E74: StopOTACapture | F74: FC
D75: Auto-069 | E75: StopPPPCapture | F75: FC
D76: Auto-070 | E76: ValidateServiceProgram | F76: FC
D77: Auto-071 | E77: Customer Equipment MUST provide access to the settings listed in Table 2 Device Settings. | F77: FC
D78: Auto-072 | E78: MIN1 | F78: FC
D79: Auto-073 | E79: MIN2 | F79: FC
D80: Auto-074 | E80: Directory Number | F80: FC
D81: Auto-075 | E81: Current NAM | F81: FC
D82: Auto-076 | E82: Mobile Equipment Identifier | F82: FC
D83: Auto-077 | E83: Mobile CAI Revision Number | F83: FC
D84: Auto-078 | E84: Lock code string | F84: FC
B85: 3.3 Key map & Orientation
D86: Auto-223 | E86: Customer Equipment MUST incorporate SetScreenOrientationLock (command code 0xF6 + 0x78) | F86: FC
D87: Auto-079 | E87: Customer Equipment MUST provide a key map for every physical key on the device mapped to the Sprint key name in Table 3 Key Map. | F87: FC | H87: The device is a touch phone. [06202011 ZTE]update N/A to FC. | I87: 6/15 - Required to be supported.
D88: Auto-080 | E88: Customer Equipment MUST use the exact wording and case for the key names provided in the device XML document as defined in Table 3 Key Map. | F88: FC | H88: The device is a touch phone. [06202011 ZTE]update N/A to FC. | I88: 6/15 - Required to be supported.
D89: Auto-081 | E89: Customer Equipment MUST provide a direct key code defined in hex format if the device supports a direct key code. | F89: FC | H89: The device is a touch phone. [06202011 ZTE]update N/A to FC. | I89: 6/15 - Required to be supported.
D90: Auto-082 | E90: Customer Equipment MUST provide a relative key code by keys defined if the device does not support a direct key code. | F90: FC | H90: The device is a touch phone. [06202011 ZTE]update N/A to FC. | I90: 6/15 - Required to be supported.
D91: Auto-083 | E91: Customer Equipment that supports a virtual keyboard MUST provide a key map for every virtual key on the device with the pen tap x, y coordinates for virtual keys mapped to the Sprint key name in Table 3 Key Map. | F91: FC
D92: Auto-084 | E92: Customer Equipment MUST use the value of "~" for all keys that the device does not support. | F92: FC
D93: Auto-085 | E93: Up | F93: FC | I93: This need to be implemented even on touch phones. Adb commands exists for this
D94: Auto-086 | E94: Down | F94: FC | I94: This need to be implemented even on touch phones. Adb commands exists for this
D95: Auto-087 | E95: Left | F95: FC | I95: This need to be implemented even on touch phones. Adb commands exists for this
D96: Auto-088 | E96: Right | F96: FC | I96: This need to be implemented even on touch phones. Adb commands exists for this
D97: Auto-089 | E97: 1 | F97: FC | I97: This is availble on the virtual screen and thus needs to be defined.
D98: Auto-090 | E98: 2 | F98: FC | I98: This is availble on the virtual screen and thus needs to be defined.
D99: Auto-091 | E99: 3 | F99: FC | I99: This is availble on the virtual screen and thus needs to be defined.
D100: Auto-092 | E100: 4 | F100: FC | I100: This is availble on the virtual screen and thus needs to be defined.
...

Sheet Camera
A1: ID | B1: Requirement | C1: Compliance | D1: Comments | K1: N850需求验证结果 | L1: 负责人
A2: 1.1 Disclosure
A3: CAM-1 | B3: OEM MUST disclose all information required in the VIF. | C3: FC
A4: CAM-2 | B4: OEM MUST provide technical documentation upon request by Sprint. | C4: FC
A5: CAM-3 | B5: OEM MUST provide test results from an approved lab upon request. | C5: FC
A6: 1.1 Class
A7: CAM-4 | B7: Customer equipment MUST belong one of the following classes: | C7: FC
A8: - | B8: Basic Imaging | C8: FC
A9: - | B9: Enhanced Imaging | C9: N/A | D9: It is up to application. | K9: NotSupport
A10: - | B10: Advanced Imaging | C10: N/A | D10: The device is basic imaging. | K10: NotSupport
A11: - | B11: Customer equipment MAY belong one of the following classes: | C11: N/A | D11: The device does not support stereo image. | K11: NotSupport
A12: - | B12: Stereo Imaging | C12: N/A | K12: NotSupport
A13: CAM-5 | B13: Customer equipment MUST conform to the conditional requirements of the Stereo Imaging class. | C13: N/A | K13: NotSupport
A14: 2.1 Sensor Requirements
A15: CAM-6 | B15: All camera systems MUST meet or exceed the appropriate minimum pixel count for their imaging class:
A16: - | B16: Basic Imaging RFC ≥ 2.0 MP | C16: FC | D16: 5MP camera
A17: - | B17: Basic Imaging FFC ≥ 1.0 MP | C17: N/A | D17: The device does not support FFC | K17: NotSupport
A18: - | B18: Enhanced Imaging RFC ≥ 3.0 MP | C18: N/A | K18: NotSupport
A19: - | B19: Enhanced Imaging FFC ≥ 2.0 MP | C19: N/A | K19: NotSupport
A20: - | B20: Advanced Imaging RFC ≥ 5.0 MP | C20: N/A | K20: NotSupport
A21: - | B21: Advanced Imaging FFC ≥ 2.0 MP | C21: N/A | K21: NotSupport
A22: CAM-7 | B22: All camera systems MUST meet or exceed the appropriate minimum pixel size for their imaging class:
A23: - | B23: Basic Imaging ≥ 1.40x1.40 ± 0.05µm | C23: FC
A24: - | B24: Enhanced Imaging ≥ 1.75x1.75 ± 0.05µm | C24: N/A | D24: The device is basic imaging. | K24: NotSupport
A25: - | B25: Advanced Imaging ≥ 2.00x2.00 ± 0.05µm | C25: N/A | D25: The device is basic imaging. | K25: NotSupport
A26: CAM-8 | B26: All camer systems in the Enhanced or Advanced Imaging class MUST use a Back-Illuminated or equivalent, comparable solution. | C26: FC
A27: CAM-9 | B27: All cameras in the Enhanced or Advanced Imaging class MUST use a dedicated ISP or image core. | C27: FC
A28: CAM-10 | B28: All cameras MUST support at least five distinct ISO equvalents ranging from ISO-100 to ISO-1000. | C28: PC | D28: 100~800 4level
A29: CAM-11 | B29: All cameras MUST support an Auto-ISO setting. | C29: FC
A30: CAM-12 | B30: All cameras MUST utilize TTL light metering via the sensor. | C30: FC
A31: CAM-13 | B31: All cameras in the Enhanced or Advanced Imaging class MUST allow the user to change ISO settings manually. | C31: FC
A32: CAM-14 | B32: All camera sensors MUST gamma encode to a mean gamma of .5γ to .7γ. | C32: FC
A33: CAM-15 | B33: All camera sensors MUST NOT incorporate anti-blooming gates. | C33: FC | D33: Not CCD sensor
A34: 2.2 Optical Requirements
A35: CAM-16 | B35: All cameras with a fixed focus lens MUST have an aperture between f/2. and f/4 | C35: N/A | D35: The camera mode does not support this, it is for fixed focus. | K35: NotSupport
A36: CAM-17 | B36: A camera with a variable focus lens MUST support six or more total stops on a 1/3rd stop f/# scale, or equivalent. | C36: FC
A37: CAM-18 | B37: A camera with a variable focus lens MUST employ an optical auto-focus mechanism. | C37: N/A | D37: [06202011 ZTE]It is VCM. | E37: 6/15 - ZTE to verify focus type. | K37: NotSupport
A38: CAM-19 | B38: All cameras in the Enhanced Imaging class MUST use a lens containing at least 3 elements. | C38: N/A | K38: NotSupport
A39: CAM-20 | B39: All cameras in the Advanced Imaging class MUST use a lens containing at least 4 elements. | C39: N/A | K39: NotSupport
A40: CAM-21 | B40: All flat optical surfaces MUST be AR coated on both sides. | C40: N/A | D40: [ZTE]After internal discussion, the device still does not support AR coated on both sides. [06202011 ZTE]We think using AR coated on single side can reach 95% regarding the transmittance. If coated on both sides, the value will be 98%. It is similar and the front AR can be frayed easily. Need to confirm if just AR coated on single side is ok. | E40: 6/15 - Should be FC [08162011 Rachel]single side coating is okay. | K40: NotSupport
A41: CAM-22 | B41: All cameras in the Enhanced or Advanced Imaging class MUST employ an IR Cut filter with the following characteristics: | C41: FC | D41: The device is only basic imaging. [06202011 ZTE]update N/A to FC. [07102011 ZTE]update compliance. | E41: 6/15 - Should be FC
A42: - | B42: ≥ 85% spectral transmittance at 430-620nm | C42: FC
A43: - | B43: ~50% transmittance at 645 ±10nm | C43: FC | D43: [ZTE] The device supports IR~50% transmittance at 650 ±10nm）
A44: - | B44: < 3% maximum transmittance at 700–1100nm. | C44: FC | D44: [ ZTE] The device supports Tabs<2% from 700~1000nm; Tabs<5% from 1000~1100nm）
A45: CAM-23 | B45: All Rear Facing Cameras in the Enhanced and Advanced Imaging class MUST produce a field of view of 61 ± 2.5°. | C45: N/A | D45: The device is only basic imaging. | K45: NotSupport
A46: CAM-24 | B46: All Front Facing Cameras in the Ehnhanced and Advanced Imaging class MUST produce a field of view of 65 ± 2°. | C46: N/A | D46: The device is only basic imaging. | K46: NotSupport
A47: CAM-25 | B47: All cameras in the Enhanced and Advanced Imaging class with a fixed focus lens MUST support mounting an external lens. | C47: N/A | D47: The device is only basic imaging. | K47: NotSupport
A48: 2.3 Image Quality Requirements
A49: CAM-26 | B49: All Rear Facing Cameras MUST produce the results illustrated in Table VI. | C49: FC
A50: CAM-27 | B50: All Front Facing Cameras MUST produce the results illustrated in Table VII. | C50: N/A | D50: The device does not support FFC | K50: NotSupport
A51: 2.4 Flash Requirements
A52: CAM-28 | B52: All Rear Facing Cameras in the Enhanced Imaging class MUST employ a flash. | C52: FC
A53: CAM-29 | B53: All Rear Facing Cameras in the Advanced Imaging class MUST employ a Xenon or High-Current LED flash, or a solution with comparable light-energy output. | C53: FC | D53: The device is only basic imaging.
A54: CAM-30 | B54: All cameras employing a flash MUST support user configurable settings that govern the behavior of the flash, including modes for On, Off, Auto, and Slow Sync. | C54: FC
A55: 2.3 Other Requirements
A56: CAM-31 | B56: IF a device does not contain a Front Facing Camera or a camera which at one or more states shares facing with one or more displays, the Rear Facing Camera MUST be accompanied by a mirrored / reflective surface designed to facilitate self-portraits. | C56: FC
A57: 3.1 Transparent Processing Requirements
A58: CAM-32 | B58: All cameras MUST be capable of capturing images at a perceivable rate <2.0 seconds shot-to-shot. | C58: FC
A59: CAM-33 | B59: All cameras in the Enhanced or Advanced Imaging class MUST be capable of capturing images at a perceivable rate <1.0 second shot-to-shot. | C59: N/A | D59: 2s [06202011 ZTE]update to N/A | E59: 6/15 - Should be N/A | K59: NotSupport
A60: CAM-34 | B60: All cameras in the Advanced Imaging class MUST be capable of capturing images in RAW format. | C60: N/A | D60: The device is basic imaging. | K60: NotSupport
A61: CAM-35 | B61: All cameras in the Advanced Imaging class MUST support noise reduction via bias frame averaging and/or dark frame subtraction. | C61: N/A | K61: NotSupport
A62: CAM-36 | B62: All cameras in the Advanced Imaging class MUST be capable of Auto-Exposure Bracketing. | C62: N/A | K62: NotSupport
A63: CAM-37 | B63: All cameras in the Advanced Imaging class MUST be capable of recombining multiple Auto-Exposure Bracketed shots into High Dynamic Range images. | C63: N/A | K63: NotSupport
A64: CAM-38 | B64: All cameras in the Advanced Imaging class MUST support optical and/or digital image stabilization. | C64: N/A | K64: NotSupport
A65: CAM-39 | B65: IF a camera supports digital image stabilization this MUST be accomplished via edge extrapolation, frame shifting, or equivalent methods, rather than making any adjustment to exposure. | C65: N/A | D65: The device does not support this feature | K65: NotSupport
A66: CAM-40 | B66: IF a camera employs a flash it MUST support red-eye reduction. | C66: NC | D66: The sensor does not support this feature. [06202011 ZTE]Update NC to FC. [07182011 ZTE]update FC to NC. After our further analysis on using the way that flashing twice to reduce the red-eye, we find it is still difficult to support this due to many things need to be confirmed, for example, we do not know what is the strength of flashing, what is the time delay between the two flashings, how to handle this in different modes etc. The solution is out of our control based on current technical status. Could we apply an waiver on this? | E66: 6/15 - Required to be FC | K66: NotSupport
A67: 3.2 ISP Usable Processing Requirements
A68: CAM-41 | B68: All cameras in the Enhanced or Advanced Imaging class MUST support face detection. | C68: N/A | D68: The device is basic imaging. | K68: NotSupport
A69: CAM-42 | B69: All cameras MUST support the modes of operation indicated in Table VIII. | C69: FC | D69: basic
A70: CAM-43 | B70: IF a camera supports Burst Mode it MUST allow the user to configure the number of frames taken, with a range of at least 3 to 8 frames. | C70: N/A | D70: The device does not support burst mode. | K70: NotSupport
A71: CAM-44 | B71: IF a camera supports Burst Mode it MUST allow the user to select a continuous shot mode where the camera will continue to take additional frames while the camera button is depressed until the camera button is released or the camera is unable to continue due to memory constraints. | C71: N/A | K71: NotSupport
A72: CAM-45 | B72: IF a camera supports Interval Mode it MUST allow the user to enter or select a value ranging from 1 second to 10 minutes, and may support a broader range above and below those values. | C72: N/A | K72: NotSupport
A73: CAM-46 | B73: IF a camera supports Timer Mode it MUST allow the user to enter or select a value ranging from 5 seconds to 60 seconds, and may support a broader range above and below those values. | C73: N/A | D73: The device does not support time mode. | K73: NotSupport
A74: CAM-47 | B74: IF a camera supports Timer Mode it MUST provide the user with an audible and visible countdown of two or more counts one second apart, utilizing the device speaker plus the LCD, Sub-LCD, message and alert LED, or flash. | C74: N/A | K74: NotSupport
A75: 4.1 General UI Requirements
A76: CAM-48 | B76: All cameras MUST provide a user accessible control for all supported features and functions. | C76: FC
A77: CAM-49 | B77: Customer equipment MUST include a dedicated mechanism for activating the camera function, consisting of either a dedicated physical key OR a dedicated icon that can be moved / relocated by the user to a location of their choosing. | C77: FC | D77: touch key [06202011 ZTE]change comment to hard key. | E77: 6/15 - ZTE needs to update as this is a hard key.
A78: CAM-50 | B78: IF a camera includes a dedicated physical key for activating the camera function, it MUST conform to the behaviors is Table IX. | C78: FC | D78: The device does not have a dedicated physical camera key. [06202011 ZTE]change N/A to FC due to the device supports camera key. | E78: 6/15 - ZTE needs to update as this is a hard key.
A79: CAM-51 | B79: All cameras in the Enhanced or Advanced Imaging Class MUST provide both “simple” and “expert” user modes. | C79: N/A | D79: The device is basic imaing. | K79: NotSupport
A80: 4.2 View, Review, and Preview Requirements
A81: CAM-52 | B81: All cameras MUST allow the user to use the main display as a viewfinder. | C81: FC
A82: CAM-53 | B82: All Front-Facing Cameras MUST allow the user to use a display as a viewfinder. | C82: N/A | D82: The device does not support FFC. | K82: NotSupport
A83: CAM-54 | B83: All cameras MUST allow the user to view the scene real-time with any non-post effects, tone changes, and modes as they will be implemented. | C83: FC
A84: CAM-55 | B84: All cameras MUST have a user selectable setting to auto-review each image after capture. | C84: NC | D84: It is manual | K84: NotSupport
A85: CAM-56 | B85: All cameras MUST allow the user to set the auto-review function to pause until interaction from the user (e.g. an “accept” button, “save”, “discard”, etc.). | C85: PC | D85: It is manual The device does not support this feature. [09192011 ZTE]On the screen, the user can access to picture thumbnails, can this be used in place of a picture preview? thanks a lot! [09262011 Spirnt]I will accept CAM-56 and CAM-57 for this device as PC using Google's implementation; ZTE needs to customize the app for future products to support the functionality as indicated. For CAM-67 and CAM-68, if ZTE supports OMA-DM policy to turn off the camera and will implement whatever policy management framework Google can provide in the version of Android implemented, they are fully compliant.CAM 56 and 57 - are accepted as PC for this device. [09262011 ZTE]change NC to PC per sprint's comment.
A86: CAM-57 | B86: All cameras MUST allow the user to set the auto-review function to one or more timed intervals from 1 – 3 seconds, in addition to any other intervals supported by the OEM. | C86: PC | D86: The device does not support this feature. [09192011 ZTE]On the screen, the user can access to picture thumbnails, can this be used in place of a picture preview? thanks a lot! [09262011 Spirnt]I will accept CAM-56 and CAM-57 for this device as PC using Google's implementation; ZTE needs to customize the app for future products to support the functionality as indicated. For CAM-67 and CAM-68, if ZTE supports OMA-DM policy to turn off the camera and will implement whatever policy management framework Google can provide in the version of Android implemented, they are fully compliant.CAM 56 and 57 - are accepted as PC for this device. [09262011 ZTE]change NC to PC per sprint's comment.
A87: CAM-58 | B87: All cameras MUST allow the user to disable auto-review entirely. | C87: N/A | D87: The device does not support this feature. [06202011 ZTE]change NC to N/A | E87: 6/15 - Should be N/A | K87: NotSupport
A88: CAM-59 | B88: All cameras MUST allow the user to review previously captured images in a gallery or similar framework. | C88: FC
A89: CAM-60 | B89: All cameras in the Advanced Imaging class MUST allow the user to review RAW images. | C89: N/A | D89: The device is basic imaing. | K89: NotSupport
A90: CAM-61 | B90: All cameras in the Advanced Imaging class MUST allow the user to preview any post capture image processing effects prior to applying them to a RAW image. | C90: N/A | D90: The device is basic imaing. | K90: NotSupport
A91: CAM-62 | B91: All cameras MUST support the use of the device volume up and volume down keys to engage and control zoom. | C91: FC
A92: 4.3 In-Use Notification Requirements
A93: CAM-63 | B93: All cameras MUST produce an audible shutter sound when capturing a still image. | C93: FC
A94: CAM-64 | B94: IF a camera supports changing the shutter sound it MUST restrict the user to a predefined list of audible sounds. | C94: N/A | D94: The device does not give the option to user. [06202011 ZTE]change NC to N/A | E94: 6/15 - Should be N/A | K94: NotSupport
A95: CAM-65 | B95: The audible shutter sound MUST remain audible at all volume settings, include a setting that renders all other audio silent. | C95: FC
A96: CAM-66 | B96: All displays MUST indicate that the camera is in use by displaying an icon or message to that effect, or by displaying the camera view. | C96: FC
A97: 4.4 Policy Management Requirements
A98: CAM-67 | B98: IF a device supports enterprise policy management it MUST allow the enterprise policy to disable the camera application entirely. | C98: FC | D98: The device is not used in enterprise. [06202011 ZTE]investigating. [07182011 ZTE]what is the enterprise policy?How to get it? Does it refer the policy described in EAS? [09192011 ZTE]We are waiting for Google's feedback. On other hand, if this refers to the node as below which described in the OMA-DM specification, we think we can support it. Please double confirm this. thanks a lot! "Device Capability MO (OMA work item 139) -Allows for selective enable/disable of device capabilities (such as camera)" [09262011 ZTE]update N/A to FC per sprint's comment. | E98: 6/15 - Must be supported [09062011 Rachel]they need to direct their questions to Google about implementation. [09262011 Sprint]CAM 67 and 68 - will be FC if the OMA policy is used as you indicate below.For CAM-67 and CAM-68, if ZTE supports OMA-DM policy to turn off the camera and will implement whatever policy management framework Google can provide in the version of Android implemented, they are fully compliant.
A99: CAM-68 | B99: IF a device supports enterprise policy management it MUST allow the enterprise policy to restrict third party application access to the camera to explicitly allowed applications definable in the enterprise policy. | C99: FC | D99: The device is not used in enterprise. [06202011 ZTE]investigating. [07182011 ZTE]what is the enterprise policy?How to get it? Does it refer the policy described in EAS? [09192011 ZTE]We are waiting for Google's feedback. On other hand, if this refers to the node as below which described in the OMA-DM specification, we think we can support it. Please double confirm this. thanks a lot! "Device Capability MO (OMA work item 139) -Allows for selective enable/disable of device capabilities (such as camera)" [09262011 ZTE]update N/A to FC per sprint's comment. | E99: 6/15 - Must be supported [09062011 Rachel]they need to direct their questions to Google about implementation. [09262011 Sprint]CAM 67 and 68 - will be FC if the OMA policy is used as you indicate below.For CAM-67 and CAM-68, if ZTE supports OMA-DM policy to turn off the camera and will implement whatever policy management framework Google can provide in the version of Android implemented, they are fully compliant.
A100: 5.1 Wired Support
...

Sheet Text Messaging
A1: Sprint Text Messaging Application Specification for Mobile Stations Version 3.0.3 | B1: Specification Details | C1: Product Complies | D1: Does Not comply | E1: Comments | K1: N850需求验证结果 | L1: 负责人
A2: 1. Introduction
A3: 1.1
B4: Sprint two-way text messaging service is provided via a standards-based Short Message Service network infrastructure and a standards-based text messaging client on the mobile device. Specifications and requirements for the device client are incorporated in this document, which has been revised over time in support of changing business requirements, requested UI improvements, and addition of new features. This is therefore a ‘living’ document and will continue to be revised as new/changed requirements are identified and adopted. | C4: FC
A5: 1.2 Scope
B6: This document specifies the behaviors, functional and user interface, for mobile devices including Voice Only, Vision (with and without an integrated camera), and PDA-class that incorporate a 2WSMS messaging application with support for WAP Push content. Certain PDA-class devices (e.g., those based on Microsoft Windows Pocket PC) will likely deviate from these specifications in significant ways, but are generally expected to conform to these requirements. | C6: FC
A7: 1.3 References
B8: 1. 3GPP2 C.S0015-A/TIA/EIA-637-B Short Message Service (SMS) for Wideband Spread Spectrum Systems | C8: FC
B9: 2. ANSI/TIA/EIA-41-D, Cellular Radio telecommunications Intersystem Operations | C9: FC
B10: 3. Sprint PCS 3G Subscriber Equipment Functional Requirements | C10: FC
B11: 4. WAP-230-WSP-20010705-a, WAP Forum Wireless Session Protocol Specification | C11: FC
B12: 5. WAP-259-WDP-20010614-a, WAP Forum Wireless Datagram Protocol Specification | C12: FC
B13: 6. TIA/EIA/IS-835, cdma2000 Wireless IP Network Standard | C13: FC
B14: 7. WAP-235-PushOTA-20010425-a, WAP Forum Push OTA Protocol Specification | C14: FC
B15: 8. WAP-168-ServiceLoad-20010731-a | C15: FC
B16: 9. WAP-175-CacheOp-20010731-a | C16: FC
B17: 10. WAP-167-ServiceInd-20010731-a | C17: FC
B18: 11. Sprint PCS 3G Application Management System Requirements | C18: FC
B19: 12. 2-Way SMS E-mail Interim Solution, Exhibit B (Motorola document) | C19: FC
... B23: 16. Sprint Simple Data Exchange(SDE) Specification. | C23: FC
A24: 2. General Requirements
A25: 2.1 Standards Compliance
B26: Sprint mobile devices will implement a Short Message Service client per 3GPP2 C.S0015-A (TIA/EIA-637-B) standard and must adhere to all mandatory aspects of that specification unless noted otherwise herein. Additionally, all mandatory aspects of other referenced standards in this document (e.g., WAP Push standards) must be supported unless otherwise noted, and optional aspects must be supported as specified in subsequent sections of this document. | C26: FC
A27: 2.2 Pre-Service Launch Message Submission (deprecated)
B28: This section is outdated and support for the functions herein is no longer required. It is only retained in this document for historical reasons and to preserve section numbering consistency in the rest of the document.
A29: 2.2.1 Overview
B30: Currently, when a non-Virgin Mobile (VMU) subscriber submits an MO-SMS message to the Sprint network, an SMS Acknowledge message is returned to the sending device with a CAUSE_CODE of 108, put in place by VMU at Sprint’s request for the purpose of fulfilling Sprint’s pre-service-launch requirements. Until Sprint’s own 2WSMS service is launched, VMU will continue to return CAUSE_CODE 108 in the SMS Acknowledge messages to non-VMU devices. Once the service is launched, VMU systems will no longer handle messages submitted by Sprint subscribers and therefore the CAUSE_CODE 108 value will cease to be returned to mobile stations. Mobile stations released prior to the launch of the Sprint 2WSMS service MUST respond to SMS Acknowledge messages with CAUSE_CODE=108 as described herein:
A31: 2.2.2 Vision Devices
B32: A Sprint Vision device built to this specification, upon reception of an SMS Acknowledge Message (message type 0x02) with CAUSE_CODE = 108, must display the following notification to the user:
B33: Error: Message Not Delivered
B34: This service will be available soon. You will receive a text message when it is ready. Until then, you can use Short Mail to send text messages to any other wireless phone from the browser on this phone. Look for Web on your phone's menu.
A35: 2.2.3 Voice Only Devices
B36: A Sprint Voice-Only device built to this specification, upon reception of an SMS Acknowledge Message (message type 0x02) with CAUSE_CODE = 108, must display the following notification to the user:
B37: Error: Message Not Delivered
B38: This service will be available soon. You will receive a text message when it is ready.
A39: 2.2.4 Retry Requirements
B40: Regardless of whether the SMS Acknowledgement message contains a temporary error (ERROR_CLASS=2) or permanent error (ERROR_CLASS=3), the device MUST NOT perform any re-submissions of the SMS Submit message that generated the CAUSE_CODE 108 Acknowledgement. In other words, no manual or automatic retries are to be made on messages receiving the 108 CAUSE_CODE. Refer to section 2.11.3 for additional requirements regarding error handling and retry attempts.
A41: 2.3 Phone Book Integration
B42: The Sprint Text Messaging application must be integrated with the host device’s native phone book such that addresses contained in the phone book may be easily used for messaging. See section 5.1 of this document for further details on messaging application integration requirements. | C42: FC
A43: 2.4 Interactions with Other Services
A44: 2.4.1 Receiving a Voice Call While Viewing a Message | C44: FC
B45: If while viewing a message a user receives a voice call, they should have access to all voice features and capabilities they would have available if the phone were in an idle state when the call was received. When the user has completed the call, either by answering, silencing the ringer, or simply allowing it to default to voice mail, the screen they were viewing prior to the call should be restored and the user should be able to proceed with all normal functions and features typically available in that screen. | C45: FC
A46: 2.4.2 Receiving a Voice Call While Composing a Message | C46: FC
B47: If while composing a message a user receives a voice call, they should have access to all voice features and capabilities they would have available if the phone were in an idle state when the call was received. When the user has completed the call, either by answering, silencing the ringer, or simply allowing it to default to voice mail, the behavior must be as specified in section 3.5.2 and 3.5.3. | C47: FC
A48: 2.4.3 Receiving a Voice Call While Sending a Message | C48: FC
B49: If the device receives notice of an incoming call once a composed message is in the process of being transmitted, the message transmission must be completed prior to handling the incoming call. If device can not complete the transmission of the composed message, the voice call should be forwarded to voice mail while transmission completes. If the incoming call is detected prior to the actual transmission of the composed message, the incoming call must be serviced first, and the message transmitted as early as possible once the incoming call has been serviced. Device must not fail both the transmission of the composed message and the voice call. | C49: FC
A50: 2.4.4 Receiving a Message While in a Voice Call | C50: FC
B51: When the device is in an active voice call, an incoming message must not interrupt the call. Notification of the new message must be according to section 4.2.1.3. | C51: FC
A52: 2.4.5 Sending a Message While in a Voice Call | C52: FC
B53: The device must allow the user to compose and send a message during an active call, either in reply to a received message or as an original message. The active voice call MUST NOT be terminated to support this, and the conversation state must be maintained throughout the process of composing and sending the message. | C53: FC
B54: While composing the message, the act of pressing keys on the keypad for menu selection, data entry, and other functions MUST NOT cause keypad tones to be transmitted through the voice connection to the other party (or parties) on the call. | C54: FC
A55: 2.5 Performance / Responsiveness
B56: The text messaging client must provide a high degree of responsiveness to the user for all functions. The time to launch the client for composing a message must be less than one second as measured from when the messaging hard key or soft key is pressed/selected to when an operable user interface is presented to the user. Selecting any menu function or key while in the client must produce an appropriate response from the client in less than one second. | C56: FC
A57: 2.6 Roaming Requirements
A58: 2.6.1 MTSMS in Analog Roam
B59: If the network cannot deliver an SMS to a recipient device for any reason, it will retry periodically in a back-off algorithm over 72 hours. No specific mobile device requirements are necessary to support this, the device must simply handle MT-SMS messages when they arrive per the requirements in the rest of this document.
A60: 2.6.2 MOSMS in Analog Roam
B61: Not supported. The user shall be allowed to compose a SMS message, but the message shall be placed in thread with pending indicator until the device returns to an area offering digital coverage. The user shall be notified that the message is pending and will be sent once the device returns to digital coverage. Should the device enter a digital roaming coverage area, it will adhere “MOSMS in Digital Roam” requirement 2.6.4.
A62: 2.6.3 MTSMS in Digital Roam | C62: FC
B63: Sprint affiliate network operators are required to provide seamless coverage and service support to Sprint subscribers such that the user is unaware that they are in an affiliate network. Therefore MT SMS operations and requirements are no different than in they are in Sprint coverage areas. When Sprint subscribers are roaming onto other carriers’ digital networks, those carriers do not provide any guarantee of any service other than basic voice service. Therefore MT SMS operation and requirements when devices are in this mode are no different than they are for Analog Roam – see section 2.6.1 | C63: FC
A64: 2.6.4 MOSMS in Digital Roam | C64: FC
B65: When Sprint subscribers are roaming onto other carriers’ digital networks the device shall support the submission of MO SMS messages. If an error should occur per section 2.11, the user shall be notified of the failure and that the device will retry the message once it returns to a non roaming Sprint coverage area. The device should place the message into the thread with pending indicator and only attempt to resend the SMS message once it has returned to a non-roaming Sprint coverage area. | C65: FC
A66: 2.6.4 MOSMS in Airplane Mode | B66: The user shall be allowed to compose a SMS message when the Airplane mode is turned ON, but the message shall be placed in thread with pending indicator until the Airplane mode is turned OFF. The user shall be notified that the message is pending and will be sent once Airplane mode is turned OFF. | C66: FC
A67: 2.7 Vision and Power Vision Devices
B68: Vision/Power Vision devices with cameras have a slightly different messaging menu than do Vision phones without a camera. Please see Section 3 for details. Vision/Power Vision phones must parse MT SMS messages for the string “_frsthgl” and pass them to the client handling the picture mail service. Further parsing rules are detailed in section 4.1.1.1.2. | C68: FC
A69: 2.8 Delivery Acknowledgement Requests
B70: Peer to peer (user enabled) delivery receipts shall NOT be supported by the device. There shall NOT be a UI to let the user choose a global default setting for delivery receipts (either on or off). | C70: FC
A71: 2.9 Deferred Delivery
B72: The Sprint network will not support use of the WMT SMS Submit message parameters Deferred Delivery Time – Absolute and Deferred Delivery Time – Relative. Devices MAY support deferred delivery via an internal (i.e., self-contained within the device) mechanism that is implementation dependent. | C72: FC
A73: 2.10 Addressing
A74: 2.10.1 Addressing Modes | C74: FC
B75: For the purposes of this specification, two addressing modes are defined for use when the destination address of an MOSMS message is an email address. Phone number addressed messages shall be encoded as 4-bit DTMF codes (DIGIT_MODE = 0) in all cases. | C75: FC
B76: The first mode is the IS-41 Workaround method [13]. The Originating Address shall contain the address 6245, encoded as a phone number (4-bit DTMF encoding). The email address shall be placed in the User Data subparameter as the first contiguous character string. A space shall separate the email address from the text of the message. | C76: FC
B77: The second mode for email addresses is referred to in this document as Standard mode. This mode is defined such that the DIGIT_MODE parameter is set to 12, the NUMBER_MODE parameter is set to 12, and the NUMBER_TYPE parameter is set to 0102. Support for standard mode is RECOMMENDED, but NOT REQUIRED. A device that does support this mode MUST allow for selection between IS-41 workaround and Standard modes through a hidden programming menu and/or a PRI setting. | C77: FC
A78: 2.10.2 Character Count Indicator Adjustment | C78: FC
B79: The message composition screen MUST provide the user an indicator showing how many characters may be placed in the message, and this indicator MUST take into account any email addresses included in the recipient list when determining the number of characters by reducing the total possible by an amount equal to the length of the longest email address in the recipient list plus one: TOTAL_POSS_CHAR = N – (LENGTH_OF_LONGEST_EMAIL_ADDRESS + 1) Where N = total number of characters allowed for SMS and is 1 a multiple of 160. This requirement applies to IS-41 workaround mode only; devices operating in standard addressing mode MUST NOT adjust the number of characters indicator, and MUST NOT place the email address in the User Data subparameter of the SMS Submit message. In the case of multiple email addresses in the recipient list, the adjustment to the character indicator must be based on the largest email address and will apply to all recipients in the list. | C79: FC
A80: 2.10.3 Short Codes | C80: FC
B81: Devices must support the use of short codes as destination addresses in outgoing messages. Any device error-checking for valid address input must allow for addresses with as few as four characters and as many as 17 in the case of phone numbers. | C81: FC
A82: 2.10.4 Email Address Entry Error Check | C82: FC
B83: In the case where a user enters an email address in the To: field of a message being addressed for submission, the device must check that the entered value is of the form <string>”@”<string> before allowing the user to advance to the message entry screen. If the value does not meet this basic criteria, the device must alert the user via a pop-up that the address is an invalid email address, clear the pop-up after 2 seconds, and return the user to the addressing screen with the focus on the email address entry field. The device must allow the user to edit the entry and then continue as normal. Where: <string> is an arbitrary contiguous string of normal text characters without any space (0x20) characters. | C83: FC
A84: 2.11 SMS Message Submission and Error Handling
A85: 2.11.1 No Radio Coverage | C85: FC
B86: If the user attempts to send a message while the device is in a No Service or Analog coverage mode, the user must be informed that no digital service is available and that the message will be saved for later retry attempts. Such messages are to be held in a pending state and when the device is back in digital coverage, they must automatically be re-submitted to the network. Information to be displayed to the user in this case is as follows: Title: Out of Coverage Message: Message will be sent when phone returns to coverage. | C86: FC
A87: 2.11.2 SMS Acknowledge Message Timeout
B88: When the device sends an SMS Submit message, it must allow 18 seconds for the network to respond with an SMS Acknowledge message. If the Acknowledge message is not received in this time, the device must make another attempt to submit the message automatically. The submit retry MUST use the same MsgID and timestamp as the original submit.The user MUST NOT be required to take any action for this retry attempt to be made. | C88: FC
B89: The device SHOULD NOT inform the user that an automatic retry attempt is being made. | C89: FC
B90: The device MUST NOT make more than one retry attempt after the initial attempt times out. | C90: FC
B91: If an SMS Acknowledge message is received before the end of the second 18-second timeout interval, the device must process it according to the rules of the next sections. | C91: FC
B92: If the second retry attempt results in a timeout, the device MUST abort sending, save the message to the appropriate thread with a failed status indicator, and display this error message to the user: “Error. Message not sent. Network not responding. Message saved. Please try again later.” | C92: FC | E92: don’t identify the whole error messages 06/14/11 - Discussion with Neeraj on error code display. [06202011 ZTE]update PC to FC.
B93: The device MUST provide an OK button for the user to acknowledge the error display. When selected, the user must be returned to the idle screen. | C93: PC | E93: Android will default display a error notification without OK button.
B94: The device MUST ignore any SMS Acknowledge message that is received after the timeout period in which it was expected has passed. | C94: FC
A95: 2.11.3 SMS Acknowledge Message Processing
B96: If the expected SMS Acknowledge message has been received in time, the following rules apply: | C96: FC
B97: · ERROR CLASS = 0 means success - return to idle screen | D97: NC | E97: Android don’t support this feature return to source screen 06/14/11 - ZTE to follow up on this following discussion with Neeraj [06202011 ZTE]The device will return to the previous screen which receiving the message not the idle screen. It is the android'default design. Need to confirm.
B98: · Treat ERROR CLASS 2 and 3 the same: | C98: FC
B99: 1. Do NOT do any automatic retries | C99: FC
B100: 2. Save message to appropriate thread. | C100: FC
B101: 3. In the case where the CAUSE CODE value is 97, the user MUST be presented with the following dialog: “Account Error: Message not sent. Please contact customer care and report a code 97 when sending messages” | C101: FC
B102: 4. In the case of all other CAUSE CODE values indicating an error condition, this dialog MUST be displayed to user: “Error: Message to <destination> not sent. Message saved. Please try again later.” Where <destination> is the destination address or phonebook match if present. Provide two selections with this dialog, an OK button and a DETAILS button. Selecting OK returns the user to the idle screen. Selecting Details shows the CAUSE CODE value. Provide an OK button in the CAUSE CODE display to allow user to clear the screen back to idle. | C102: FC
A103: 2.11.4 Messages with Multiple Recipients
...

Sheet General Functional
A1: Manufacturer: | B1: ZTE
A2: Device Model: | B2: Sean
A3: Device Chipset: | B3: MSM8655
A4: Device AMSS version:
A5: Sprint General Functional Requirements 3.4 Air Interface and Call Processing
A6: Specification Section | B6: Requirement Details | C6: Product Complies | D6: Does Not comply | E6: Sprint Owner | F6: Comments | K6: N850需求验证结果 | L6: 负责人
A7: 1.1 CDMA Operations
A8: 1.1 CDMA Operations | B8: The Customer Equipment MUST be configured to use P_REV 6 by default. | C8: FC | E8: Perez
A9: 1.1 CDMA Operations | B9: The Customer Equipment MUST be capable of operating in a PCS CDMA network which supports any of P_REV 1, 4, 5, or 6. | C9: FC | E9: Perez
A10: 1.1 CDMA Operations | B10: Customer Equipment MUST always use the highest available P_REV (P_REV 6), unless it has been specifically configured to use a lower P_REV. | C10: FC | E10: Perez
A11: 1.1 CDMA Operations | B11: The Customer Equipment MUST support all physical channels as specified in the cdma2000 Family of Standards at Release 0 [1] including QuickPaging. | C11: FC | E11: Perez
A12: 1.1.1 PCS CDMA
A13: 1.1.1 PCS CDMA | B13: The Customer Equipment MUST support PCS CDMA operation in full compliance with the cdma2000 Family of Standards at Release 0 [1], including addendum 1 [2] and addendum 2 [3], and as specified in TIA-1030, Band Class Specification for cdma2000 Spread Spectrum Systems [45]. | C13: FC | E13: Perez
A14: 1.1.1 PCS CDMA | B14: The Customer Equipment MUST support Band Class 14, Blocks A through G, when RF components, device baseband, and network interoperability testing is available. | C14: FC | E14: Perez
A15: 1.1.1 PCS CDMA | B15: The Customer Equipment MUST comply with TIA/EIA IS-98 (latest release from TIA/EIA) [4]. | C15: FC | E15: Perez
A16: 1.1.1 PCS CDMA | B16: The Customer Equipment MUST comply with the Sprint OTA Antenna Performance Test Requirements [61]. | C16: FC | E16: Perez | F16: The device can not meet the requirement except TIS<=-104dBm in free space. [10182011 ZTE]Update PC to FC. The device can meet this requirement per the lastest test result. | G16: 6/15 - Required to be full compliant.
A17: 1.1.1 PCS CDMA | B17: The Customer Equipment MUST have a minimum conducted CDMA receiver sensitivity of at least –108.0 dBm across all PCS blocks. | C17: FC | E17: Perez
A18: 1.1.1 PCS CDMA | B18: The Customer Equipment MUST have a minimum conducted EVDO receiver sensitivity of at least –108.0 dBm across all PCS blocks. | C18: FC | E18: Perez
A19: 1.1.1 PCS CDMA | B19: The Customer Equipment MUST have a minimum radiated sensitivity of at least –104.0 dBm across all PCS CDMA channels. | C19: FC | E19: Perez
A20: 1.1.1 PCS CDMA | B20: The Customer Equipment MUST have a minimum radiated sensitivity of at least –100.0 dBm with a phantom head and hand test configuration across all PCS CDMA channels as defined in the Sprint OTA Antenna Performance Test Requirements. | C20: FC | E20: Perez | F20: The device can meet -97dBm because the signal is covered and absorbed by head and hand and impedance mismatch(about 7dB degradation) [10182011 ZTE]Update NC to FC. The device can meet this requirement per the lastest test result. | G20: 6/15 - Required to be full compliant.
A21: 1.1.1 PCS CDMA | B21: Customer Equipment MUST support a maximum conducted power of at least 24dBm. | C21: FC | E21: Perez
A22: 1.1.1 PCS CDMA | B22: Customer Equipment MUST support a Total Radiated Power (TRP) of 21dBm as defined in the Sprint OTA Antenna Performance Test Requirements specification | C22: FC | E22: Perez | F22: The device can meet 19dBm when considering the SAR standard. [10182011 ZTE]update NC to FC. The device can meet this standard per the latest test result. | G22: 6/15 - Required to be full compliant.
A23: 1.1.1 PCS CDMA | B23: The Customer Equipment MUST support a TRP of at least 17dBm with a phantom head and hand testing configuration across all PCS CDMA channels as defined in the Sprint OTA Antenna Performance Test Requirements. | C23: FC | E23: Perez | F23: Estimate to be 12dBm because the signal is covered and absorbed by head and hand and impedance mismatch (about 7dB degradation) [10182011 ZTE]Update NC to FC. The device can meet at least 15dBm regarding this test.; ZTE intend to comply but will not know the final results until testing completed | G23: 6/15 - Required to be full compliant.
A24: 1.1.1 PCS CDMA | B24: Vendor MUST provide noise figure measurements between the antenna and the analog to digital converter circuitry of the mobile station modem for each antenna path supported by the Customer Equipment. | C24: FC | E24: Perez
A25: 1.1.1 PCS CDMA | B25: The Customer Equipment radiated antenna loss MUST NOT be greater than 3 dB across all PCS blocks (Conducted – Radiated < 3dB). | C25: FC | E25: Perez | F25: The device can not meet the 50% requirement but can meet 40% criteria. [10182011 ZTE]Update to FC.ZTE intend to comply but will not know the final results until testing completed | G25: 6/15 - Required to be full compliant.
A26: 1.1.2 Cellular CDMA
A27: 1.1.2 Cellular CDMA | B27: The Customer Equipment MUST meet the requirements in the cdma2000 Family of Standards at Release 0 [1] for Cellular CDMA operations | C27: FC | E27: Perez
A28: 1.1.2 Cellular CDMA | B28: The Customer Equipment MUST support all of the Band Class 10 requirements specified in the Sprint Customer Equipment Band Class 10 Requirements [47] document. | C28: FC | E28: Perez
A29: 1.1.2 Cellular CDMA | B29: The Customer Equipment MUST comply with the cdma2000 Family of Standards at Release 0 [1] and meet or exceed TIA/EIA IS-98 (latest release from TIA/EIA) [4] for band class 0 and 10. | C29: FC | E29: Perez
A30: 1.1.2 Cellular CDMA | B30: The Customer Equipment MUST have a minimum conducted CDMA receiver sensitivity of at least –106.5 dBm across all Cellular channels. | C30: FC | E30: Perez
A31: 1.1.2 Cellular CDMA | B31: The Customer Equipment MUST have a minimum radiated sensitivity of at least –104.0 dBm across Band Class 0 CDMA channels as defined in the Sprint OTA Antenna Performance Test Requirements specification. | C31: FC | E31: Perez | F31: The device can meet -102dBm [10182011 ZTE]Update NC to FC. The device can meet this per the latest test result. There is about 1dBm off. | G31: 6/15 - Required to be full compliant. 8/3 - [Shipley] - Values indicated are approved.
A32: 1.1.2 Cellular CDMA | B32: Customer Equipment MUST support a Total Radiated Power (TRP) of 20dBm across Band class 0 channels as defined in the Sprint OTA Antenna Performance Test Requirements specification. | C32: FC | E32: Perez | F32: The device can meet 19dBm. [10182011 ZTE]Update NC to FC. The device can meet this per the latest test result except the 777ch. | G32: 6/15 - Required to be full compliant. 8/3 - [Shipley] - Values indicated are approved.
A33: 1.2 Service Option Support
A34: 1.2 Service Option Support | B34: The Customer Equipment MUST support the service options defined in Table 1-1, Service Options | C34: FC | E34: Perez
A35: Table 1-1 - Service Options | B35: 2 - Loopback Rateset 1 | C35: FC | E35: Perez
A36: Table 1-1 - Service Options | B36: 3 - Voice EVRC | C36: FC | E36: Perez
A37: Table 1-1 - Service Options | B37: 6 - SMS | C37: FC | E37: Perez
A38: Table 1-1 - Service Options | B38: 9 - Loopback Rateset 2 | C38: FC | E38: Perez
A39: Table 1-1 - Service Options | B39: 17 - Voice (13K) | C39: FC | E39: Perez
A40: Table 1-1 - Service Options | B40: 32 - TDSO (Test Data) | C40: FC | E40: Perez
A41: Table 1-1 - Service Options | B41: 33 - 144 kbps Packet Data | C41: FC | E41: Perez
A42: Table 1-1 - Service Options | B42: 35 - Position Location | C42: FC | E42: Perez
A43: Table 1-1 - Service Options | B43: 54 - 3G1X Markov | C43: FC | E43: Perez
A44: Table 1-1 - Service Options | B44: 68 - Voice EVRC-B (4GV) | C44: FC | E44: Perez
A45: Table 1-1 - Service Options | B45: 32768 - Voice (13K) | C45: FC | E45: Perez
... A47: Table 1-1 - Service Options | B47: 32798 - Markov (8K New) | C47: FC | E47: Perez
A48: 1.2.1 Vocoder Specifications
A49: 1.2.1 Vocoder Specifications | B49: The Customer Equipment MUST support 13 kbps QCELP (TIA/EIA/IS-733 / CDG Ref. Document #27 [7]) and EVRC (TIA/EIA/IS-127, Enhanced Variable Rate Codec, Speech Service Options 3, 68, 70, and 73 for Wideband Spread Spectrum Digital Systems [10]) vocoders. | C49: FC | E49: Perez
A50: 1.2.1 Vocoder Specifications | B50: The Customer Equipment MUST support the “Service Option Control Message” as defined in the cdma2000 Family of Standards at Release 0 [1]. | C50: FC | E50: Perez
A51: 1.2.1 Vocoder Specifications | B51: The Customer Equipment MUST support the “Message Type Specific Fields” as defined in TIA/EIA/IS-733 / CDG Ref. Document #27 [7] which can be used to “throttle” the maximum Vocoder rate down under heavy system loading conditions or for areas with limited coverage. | C51: FC | E51: Perez
A52: 1.2.1 Vocoder Specifications | B52: The Customer Equipment MUST support the EVRC-B vocoder (Service Option 68) in accordance with TIA/EIA/IS-127, Enhanced Variable Rate Codec, Speech Service Options 3, 68, 70, and 73 for Wideband Spread Spectrum Digital Systems [10]. The preferred vocoder MUST remain EVRC unless dictated by Sprint and changed in the Sprint Standard PRI Template [79]. | C52: FC | E52: Perez
A53: 1.2.1 Vocoder Specifications | B53: Customer Equipment MUST include EVRC-B (S.O. 68) as an alternative Service Option on the Reverse Link Access Origination Message and the Reverse Link Page Response Message if S.O. 68 has been validated during CDG2 interoperability testing and the network supports alternative service options. | C53: FC | E53: Perez
A54: 1.2.1 Vocoder Specifications | B54: Customer Equipment MUST dynamically support capacity operating points (COP) for EVRC-B vocoder operation in compliance with TIA-127: Enhanced Variable Rate Codec, Speech Service Options 3, 68, 70, and 73 for Wideband Spread Spectrum Digital Systems [10]. | C54: FC | E54: Perez
A55: 1.2.1 Vocoder Specifications | B55: Customer equipment MUST be able to negotiate any supported service option with the network during call setup negotiations. | C55: FC | E55: Perez
A56: 1.2.2 Loopback Test (CDMA only)
A57: 1.2.2 Loopback Test (CDMA only) | B57: The Customer Equipment MUST support the service options defined by TIA/EIA IS‑126-A [9] for both the base station initiated as well as the mobile station initiated Loopback tests. | C57: FC | E57: Perez
A58: 1.2.3 Markov Service Option (CDMA only)
A59: 1.2.3 Markov Service Option (CDMA only) | B59: The Customer Equipment MUST support the requirements of “Markov Service Options for Wideband Spectrum Communication Systems,” Qualcomm document number 80-12918-1, rev. X3 [63]. This support MUST be provided for both Mobile Station as well as Base Station initiated tests. | C59: FC | E59: Perez
A60: 1.3 Antenna Diversity
A61: 1.3 Antenna Diversity | B61: All Customer Equipment MUST support Mobile Receive Diversity. | C61: FC | E61: Perez
A62: 1.3 Antenna Diversity | B62: The Customer Equipment MUST be built such that the diversity antenna is not physically visible to subscribers. | C62: FC | E62: Perez
A63: 1.3 Antenna Diversity | B63: Customer Equipment MUST support Mobile Receive Diversity when operating in 3G- CDMA-2000 over PCS Blocks frequencies. | C63: FC | E63: Perez
A64: 1.3 Antenna Diversity | B64: Customer Equipment MUST support Mobile Receive Diversity when operating in 3G- CDMA-2000 Band Class 10 frequencies. | C64: FC | E64: Perez
A65: 1.3 Antenna Diversity | B65: Customer Equipment MUST support Mobile Receive Diversity when operating in 3G- CDMA-2000 Band Class 0 frequencies. | C65: FC | E65: Perez
A66: 1.3 Antenna Diversity | B66: Customer Equipment MUST support Mobile Receive Diversity when operating in EVDO over PCS Blocks frequencies. | C66: FC | E66: Perez
A67: 1.3 Antenna Diversity | B67: Customer Equipment MUST support Mobile Receive Diversity when operating in EVDO Band Class 10 frequencies. | C67: FC | E67: Perez
A68: 1.3 Antenna Diversity | B68: Customer Equipment MUST support Mobile Receive Diversity when operating in EVDO Band Class 0 frequencies. | C68: FC | E68: Perez
A69: 1.3 Antenna Diversity | B69: The Customer Equipment primary antenna (A) loss MUST NOT be greater than 3 dB across all PCS blocks. (Conducted – Radiated < 3 dB) | C69: FC | E69: Perez
A70: 1.3 Antenna Diversity | B70: The Customer Equipment secondary antenna (B) loss MUST NOT be greater than 5 dB across all PCS blocks. (Conducted – Radiated < 5 dB) | C70: FC | E70: Perez | F70: Need to check in the final HW version, we are trying to reach this goal. [10182011 ZTE]Update to FC.ZTE intend to comply but will not know the final results until testing completed | G70: 6/15 - Required to be full compliant.
A71: 1.3 Antenna Diversity | B71: The Customer Equipment primary antenna (A) loss MUST NOT be greater than 3 dB across all Band Class 10 frequencies (Conducted – Radiated < 3 dB) | C71: FC | E71: Perez | F71: It's very hard to make low band antenna efficency as high as high band, I think 30%-40%(4dB) is a reasonable goal for BC10. [10182011 ZTE]Update to FC.ZTE intend to comply but will not know the final results until testing completed | G71: 6/15 - Required to be full compliant.
A72: 1.3 Antenna Diversity | B72: The Customer Equipment secondary antenna (B) loss MUST NOT be greater than 5 dB across all Band Class 10 frequencies (Conducted – Radiated < 5 dB) | C72: FC | E72: Perez | F72: The same reason as above, 5-6dB for BC10 may be OK. [10182011 ZTE]Update to FC.ZTE intend to comply but will not know the final results until testing completed | G72: 6/15 - Required to be full compliant.
A73: 1.3 Antenna Diversity | B73: The Customer Equipment Mobile Receive Diversity RF Sensitivity of both antennas combined (A + B) MUST be > 1.5 dB more sensitive than the primary antenna (A) alone. | C73: FC | E73: Perez | F73: Even primary and secondary antenna efficency are full complied with the requirements, but combined gain could not boost up to 1.5dB [10182011 ZTE]Update to FC.ZTE intend to comply but will not know the final results until testing completed | G73: 6/15 - Required to be full compliant.
A74: 1.4 Hardware Design FTS
A75: 1.4 Hardware Design FTS | B75: Customer Equipment MUST NOT implement Full Time Simultaneous HDR (FTS). | C75: FC | E75: Perez
A76: 1.5 Qualcomm Linear Interference Cancellation (QLIC)
A77: 1.5 Qualcomm Linear Interference Cancellation (QLIC) | B77: Customer Equipment MUST support and enable QLIC for 3G – CDMA2000 operation. | C77: FC | E77: Perez
A78: 1.5 Qualcomm Linear Interference Cancellation (QLIC) | B78: Customer Equipment MUST support and enable QLIC and MRD for 3G-CDMA2000 operations. | C78: FC | E78: Perez
A79: 1.6 Handoffs
A80: 1.6 Handoffs | B80: The Customer Equipment MUST adhere to all types of CDMA handoffs: intra and inter‑system, idle, and call in progress, as specified in the cdma2000 Family of Standards at Release 0 [1]. | C80: FC | E80: Perez
A81: 1.6 Handoffs | B81: The Customer Equipment MUST support inter-generation handoffs between 2G and 3G systems for voice calls. | C81: FC | E81: Perez
A82: 1.7 Authentication
A83: 1.7 Authentication | B83: The Customer Equipment MUST adhere to CDMA authentication as specified in the cdma2000 Family of Standards at Release 0 [1]. | C83: FC | E83: Perez
A84: 1.7 Authentication | B84: Customer Equipment identified by MEID MUST use the P-ESN and MSID to authenticate the call. The network is expected to perform a database lookup and correlate P-ESN with CUSTOMER EQUIPMENT ID. | C84: FC | E84: Perez
A85: 1.8 Signaling Message Encryption
A86: 1.8 Signaling Message Encryption | B86: The Customer Equipment MUST support CDMA signaling message encryption as specified in the cdma2000 Family of Standards at Release 0 [1]. | C86: FC | E86: Perez
A87: 1.9 Voice Privacy
A88: 1.9 Voice Privacy | B88: The Customer Equipment MUST support enhanced voice privacy by generation and application of the private long code as specified in the cdma2000 Family of Standards at Release 0 [1]. | C88: FC | E88: Perez
A89: 1.9 Voice Privacy | B89: Voice privacy MUST be available for mobile originated and mobile terminated calls. | C89: FC | E89: Perez
A90: 1.9 Voice Privacy | B90: The Customer Equipment MUST be configured to always request enhanced voice privacy mode ‑ no user option MUST be available. | C90: FC | E90: Perez
A91: 1.9 Voice Privacy | B91: The Customer Equipment MUST provide a visual indication when voice privacy is active. | C91: FC | E91: Perez
A92: 1.9 Voice Privacy | B92: The Customer Equipment MUST generate an audible alert and a text display (Private On/Off) when the state of voice privacy changes - i.e. loss of voice privacy and re-establishment of voice privacy. | C92: FC | E92: Perez
A93: 1.10 Layer 3 Signaling
A94: 1.10.1 Service Configuration and Negotiation
A95: 1.10.1 Service Configuration and Negotiation | B95: The Customer Equipment MUST support 'Service Negotiation' as per the cdma2000 Family of Standards at Release 0 [1]. | C95: FC | E95: Perez
A96: 1.10.1 Service Configuration and Negotiation | B96: The Customer Equipment MUST support 'Default Service Configuration' associated with a 'Service Option' at call origination. | C96: FC | E96: Perez
A97: 1.10.2 Information Records
A98: 1.10.2 Information Records | B98: The Customer Equipment MUST support all of the information record types as specified in the cdma2000 Family of Standards at Release 0 [1]. | C98: FC | E98: Perez
A99: 1.10.3 Calling Number Identification
A100: 1.10.3 Calling Number Identification | B100: The Customer Equipment MUST display the telephone number of the calling party via the display per the CDG Calling Number Identification (CNI) Services Stage 1 Description (CDG Ref. Doc # 1) [22]. | C100: FC | E100: Perez
A101: 1.10.3.1 Deleted – Obsolete requirement
...

Sheet Address Book
A1: Sprint Address Book Requirements Version 1.2.1 February 2009
D2: Req ID | F2: Requirement | G2: Comply | H2: Not Comply | I2: Comments | K2: N850需求验证结果 | L2: 负责人
A3: 2.Address Book Requirements
B4: 2.1 Contact matching
D5: AB-100 | E5: =VALUE(MID(D5,4,20)) -> 100 | F5: The address book MUST support an Enable/Disable setting for contact matching. | H5: NC | I5: Android doesn't have this feature
D6: AB-101 | E6: =VALUE(MID(D6,4,20)) -> 101 | F6: The address book MUST default to enable contact matching. | G6: FC
D7: AB-102 | E7: =VALUE(MID(D7,4,20)) -> 102 | F7: Call matching MUST apply to both incoming and outgoing calls. | G7: FC
D8: AB-103 | E8: =VALUE(MID(D8,4,20)) -> 103 | F8: Call matching MUST include any specific ringer settings, name, number, and contact information to be played, or picture to be displayed. | G8: FC
D9: AB-104 | E9: =VALUE(MID(D9,4,20)) -> 104 | F9: Call matching MUST function with 7, 10 and 11 digit dialing. | G9: FC
D10: AB-105 | E10: =VALUE(MID(D10,4,20)) -> 105 | F10: Call matching MUST be utilized in other applications where the user manually enters a phone number. | G10: FC
D11: AB-106 | E11: =VALUE(MID(D11,4,20)) -> 106 | F11: The device MUST display the State associated with the NPA-NXX in the event there is not a contact match. | H11: NC | I11: ZTE need data sources to query the State name according to the NPA value
D12: AB-107 | E12: =VALUE(MID(D12,4,20)) -> 107 | F12: The device MUST display the State associated with the NPA-NXX in the event there is a contact match that has no name. | H12: NC | I12: ZTE need data sources to query the State name according to the NPA value
D13: AB-108 | E13: =VALUE(MID(D13,4,20)) -> 108 | F13: The address book MUST display the matching state for the NPA after 10 digits have been dialed. | H13: NC | I13: ZTE need data sources to query the State name according to the NPA value
D14: AB-109 | E14: =VALUE(MID(D14,4,20)) -> 109 | F14: “+” and “011” MUST match the same in the address book when dialed from the keypad. | G14: FC
D15: AB-110 | E15: =VALUE(MID(D15,4,20)) -> 110 | F15: The address book MUST NOT show contacts that are marked private until after the security menu has allowed them to be viewed. | H15: NC | I15: Android doesn't have this feature
D16: AB-111 | E16: =VALUE(MID(D16,4,20)) -> 111 | F16: The address book MUST allow for entry of a pass code to hide or show contacts marked as secret. | H16: NC | I16: Android doesn't have this feature
B18: 2.2 Searching
D19: AB-112 | E19: =VALUE(MID(D19,4,20)) -> 112 | F19: The address book MUST immediately filter the display and not wait before displaying the filtered contacts. | G19: FC
D20: AB-113 | E20: =VALUE(MID(D20,4,20)) -> 113 | F20: The address book MUST treat search strings as case insensitive. | G20: FC
D21: AB-114 | E21: =VALUE(MID(D21,4,20)) -> 114 | F21: The address book MUST match search strings that are at the beginning of each word. | G21: FC
D22: AB-115 | E22: =VALUE(MID(D22,4,20)) -> 115 | F22: The address book MUST consider a word to be any character(s) that are surrounded by space, comma, colon, or semi-colon (“ “, “,” “:”, “;”) characters. | G22: FC
D23: AB-116 | E23: =VALUE(MID(D23,4,20)) -> 116 | F23: When only one character is entered for the search term, the address book MUST move the focus to the first contact that has that character in the first character of the contact name. | G23: FC
B25: 2.3. Response times for lookup
D26: AB-117 | E26: =VALUE(MID(D26,4,20)) -> 117 | F26: Lookups MUST NOT interfere with call setup times. | G26: FC
D27: AB-118 | E27: =VALUE(MID(D27,4,20)) -> 118 | F27: The address book MUST display in sub-second timeframes. | G27: FC
D28: AB-119 | E28: =VALUE(MID(D28,4,20)) -> 119 | F28: The response times of the address book MUST allow for playing a customer ringer, displaying of the correct picture or video ringer, and presentation of the name, number and contact fields without adding significant delay to an incoming our outgoing call. | G28: FC
B30: 2.4 Services
D31: AB-120 | E31: =VALUE(MID(D31,4,20)) -> 120 | F31: Overall time for queries and matching MUST be sub second. | G31: FC
D32: AB-121 | E32: =VALUE(MID(D32,4,20)) -> 121 | F32: address book MUST support a services category. | G32: FC
D33: AB-122 | E33: =VALUE(MID(D33,4,20)) -> 122 | F33: The address book MUST support sorting of Services (*2, 411, etc) | G33: FC
D34: AB-123 | E34: =VALUE(MID(D34,4,20)) -> 123 | F34: Services records MUST NOT count towards contact entries. | G34: FC
D35: AB-124 | E35: =VALUE(MID(D35,4,20)) -> 124 | F35: The user MUST NOT be able to modify the Services records. | G35: FC
D36: AB-125 | E36: =VALUE(MID(D36,4,20)) -> 125 | F36: Service record *2 | H36: NC | I36: android doesn't support "*" symbol
D37: AB-126 | E37: =VALUE(MID(D37,4,20)) -> 126 | F37: Service record *4 | H37: NC | I37: android doesn't support "*" symbol
D38: AB-127 | E38: =VALUE(MID(D38,4,20)) -> 127 | F38: Service record 0 | G38: FC
D39: AB-128 | E39: =VALUE(MID(D39,4,20)) -> 128 | F39: Service record 1 | G39: FC
D40: AB-129 | E40: =VALUE(MID(D40,4,20)) -> 129 | F40: Service record 211 | G40: FC
D41: AB-130 | E41: =VALUE(MID(D41,4,20)) -> 130 | F41: Service record 311 | G41: FC
D42: AB-131 | E42: =VALUE(MID(D42,4,20)) -> 131 | F42: Service record 411 | G42: FC
D43: AB-132 | E43: =VALUE(MID(D43,4,20)) -> 132 | F43: Service record 511 | G43: FC
D44: AB-133 | E44: =VALUE(MID(D44,4,20)) -> 133 | F44: Service record 611 | G44: FC
D45: AB-134 | E45: =VALUE(MID(D45,4,20)) -> 134 | F45: Service record 711 | G45: FC
D46: AB-135 | E46: =VALUE(MID(D46,4,20)) -> 135 | F46: Service record 811 | G46: FC
D47: AB-136 | E47: =VALUE(MID(D47,4,20)) -> 136 | F47: Service record 911 | G47: FC
B49: 2.5. Emergency numbers
D50: AB-137 | E50: =VALUE(MID(D50,4,20)) -> 137 | F50: Emergency numbers MUST only included 911, #911, and *911. | G50: FC
D51: AB-138 | E51: =VALUE(MID(D51,4,20)) -> 138 | F51: Any outbound calls made in Emergency Mode MUST be tagged as “Emergency” in the call logs for their respective call type. | G51: FC
D52: AB-139 | E52: =VALUE(MID(D52,4,20)) -> 139 | F52: The user MUST always be able to dial 911 even with key guard enabled. | G52: FC
A54: 3 Call History
D55: AB-140 | E55: =VALUE(MID(D55,4,20)) -> 140 | F55: The call history MUST provide AT LEAST the last 60 entries for recording call events. | G55: FC
D56: AB-141 | E56: =VALUE(MID(D56,4,20)) -> 141 | F56: The call history MUST roll entries off First in First out (FIFO). | G56: FC
D57: AB-142 | E57: =VALUE(MID(D57,4,20)) -> 142 | F57: The call history MUST support the following call types : Incomming, Outgoing, Missed, Emergency Call | G57: FC
D58: AB-143 | E58: =VALUE(MID(D58,4,20)) -> 143 | F58: Each call event MUST be recorded in the call history as separate entries. | G58: FC
D59: AB-144 | E59: =VALUE(MID(D59,4,20)) -> 144 | F59: Incoming or missed calls received while on another call MUST show in the call logs according to their status. | G59: FC
D60: AB-145 | E60: =VALUE(MID(D60,4,20)) -> 145 | F60: Calls attempted in a 3-way call MUST be saved to the call history. | G60: FC
D61: AB-146 | E61: =VALUE(MID(D61,4,20)) -> 146 | F61: This requirement is no longer valid.
D62: AB-147 | E62: =VALUE(MID(D62,4,20)) -> 147 | F62: Call waiting calls MUST be included in the call history as incoming calls. | G62: FC
D63: AB-148 | E63: =VALUE(MID(D63,4,20)) -> 148 | F63: Call history MUST perform a contact match for the entries each time the user view the call history. | G63: FC
D64: AB-149 | E64: =VALUE(MID(D64,4,20)) -> 149 | F64: If the call history caches the contact information for efficiency or speed concerns, the contact entries MUST be refreshed each time a change is made to the address book. | G64: FC
D65: AB-150 | E65: =VALUE(MID(D65,4,20)) -> 150 | F65: Call history MUST contain the number called or received and the time date stamp when the call was captured. | G65: FC
D66: AB-151 | E66: =VALUE(MID(D66,4,20)) -> 151 | F66: Unknown or Restricted calls MUST be displayed in the call history. | G66: FC
D67: AB-152 | E67: =VALUE(MID(D67,4,20)) -> 152 | F67: Unknown or Restricted calls MUST NOT overwrite each other in the call history. | G67: FC
D68: AB-153 | E68: =VALUE(MID(D68,4,20)) -> 153 | F68: The call history MUST not perform a contact match for contacts marked private when the device is not set to show private contacts. | H68: NC | I68: Android doesn't have "private contacts" feature
D69: AB-154 | E69: =VALUE(MID(D69,4,20)) -> 154 | F69: Matched entries in the address book MUST permit changing the number on the screen to an alternate number for that contact when placing a call. | G69: FC
D70: AB-155 | E70: =VALUE(MID(D70,4,20)) -> 155 | F70: Choosing an alternate number in the call history MUST NOT change the call history entry that was in focus. | H70: NC | I70: Program distinguish records by number,so if the number is different,the call history will be in different record.
D71: AB-156 | E71: =VALUE(MID(D71,4,20)) -> 156 | F71: The address book MUST provide the ability to thread the history by name matching. | G71: FC
D72: AB-157 | E72: =VALUE(MID(D72,4,20)) -> 157 | F72: Entries that do not have a contact match but match other calls in the call history MUST be threaded by that number. | G72: FC
D73: AB-158 | E73: =VALUE(MID(D73,4,20)) -> 158 | F73: The call history MUST support erasing of both individual and all entries in the call history. | G73: FC
D74: AB-159 | E74: =VALUE(MID(D74,4,20)) -> 159 | F74: When erasing entries from the call history ONLY the entries highlighted will be erased unless “erase all” is selected. | G74: FC
D75: AB-160 | E75: =VALUE(MID(D75,4,20)) -> 160 | F75: Erasing call history entries MUST NOT erase any saved contact information for the user or group. | G75: FC
A77: 4 Missed Alerts
D78: AB-161 | E78: =VALUE(MID(D78,4,20)) -> 161 | F78: Missed alerts MUST support at least 30 entries. | G78: FC
D79: AB-162 | E79: =VALUE(MID(D79,4,20)) -> 162 | F79: Missed alerts MUST NOT store redundant messages. | G79: FC
D80: AB-163 | E80: =VALUE(MID(D80,4,20)) -> 163 | F80: Missed alerts MUST contain pointers back to the appropriate application. | G80: FC
D81: AB-164 | E81: =VALUE(MID(D81,4,20)) -> 164 | F81: When the missed alerts list is full, the device MUST delete messages in a First In First Out method. | G81: FC
D82: AB-165 | E82: =VALUE(MID(D82,4,20)) -> 165 | F82: Missed alerts MUST give the user the option of dismissing an alert. | G82: FC
D83: AB-166 | E83: =VALUE(MID(D83,4,20)) -> 166 | F83: The device MUST display only the last alert to the user in a popup message box. | G83: FC
D84: AB-167 | E84: =VALUE(MID(D84,4,20)) -> 167 | F84: If an alert is being shown to the user and another alert arrives, the device MUST treat the previous alert as though the user chose to ignore it. | G84: FC
D85: AB-168 | E85: =VALUE(MID(D85,4,20)) -> 168 | F85: The missed alerts MUST store any event that the user has not acknowledged or chosen to ignore. | G85: FC
A87: 5. Field and size requirements
B88: 5.1 General field requirements
D89: AB-169 | E89: =VALUE(MID(D89,4,20)) -> 169 | F89: Country codes MUST be assumed to be the same as the user’s home country code and not required to be entered. | G89: FC
D90: AB-170 | E90: =VALUE(MID(D90,4,20)) -> 170 | F90: Outbound dialing MUST not be modified if the user manually enters the digits. | G90: FC
D91: AB-171 | E91: =VALUE(MID(D91,4,20)) -> 171 | F91: The address book MUST allow for storage of at least 600 contact entries. | G91: FC
D92: AB-172 | E92: =VALUE(MID(D92,4,20)) -> 172 | F92: The address book data storage MUST be protected on the handset. | G92: FC
D93: AB-173 | E93: =VALUE(MID(D93,4,20)) -> 173 | F93: All numeric fields MUST automatically support insertion of the “-“ based on the North American Numbering Plan. | G93: FC
D94: AB-174 | E94: =VALUE(MID(D94,4,20)) -> 174 | F94: Digits after a Pause MUST NOT be hyphenated when stored. | G94: FC
D95: AB-175 | E95: =VALUE(MID(D95,4,20)) -> 175 | F95: The address book MUST store “+” in the contact entry and MUST NOT translate “+” to 011. | G95: FC
D96: AB-448 | E96: =VALUE(MID(D96,4,20)) -> 448 | F96: The Customer Equipment MUST use the AEEAddrBook.h header file provided by Sprint. | H96: NC | I96: This file is applicable for BREW device.
B98: 5.2 My name card
D99: AB-176 | E99: =VALUE(MID(D99,4,20)) -> 176 | F99: The Customer Equipment MUST support a My Name Card. | G99: FC
D100: AB-177 | E100: =VALUE(MID(D100,4,20)) -> 177 | F100: The My Name Card MUST support all fields supported for a contact. | G100: FC
D101: AB-178 | E101: =VALUE(MID(D101,4,20)) -> 178 | F101: The My Name Card MUST auto populate the Mobile entry. | G101: FC
D102: AB-179 | E102: =VALUE(MID(D102,4,20)) -> 179 | F102: The Mobile field MUST NOT be editable by the user. | G102: FC
D103: AB-450 | E103: =VALUE(MID(D103,4,20)) -> 450 | F103: The Customer Equipment MUST erase the My Name Card fields when all of the contacts are cleared. | G103: FC
B105: 5.3 Contact fields
C106: 5.3.1 Record ID
D107: AB-180 | E107: =VALUE(MID(D107,4,20)) -> 180 | F107: The address book MUST support a Record ID field that is 16 bits. | H107: NC | I107: Android default length of record ID is 32 bits
D108: AB-181 | E108: =VALUE(MID(D108,4,20)) -> 181 | F108: The address book MUST not display the Record ID to the user. | G108: FC
D109: AB-182 | E109: =VALUE(MID(D109,4,20)) -> 182 | F109: The Record ID MUST be returned to 3rd party applications. | G109: FC
...

Sheet DM
A1: OMA-DM Compliance Matrix (v2.01)
A2: The requirement text is not displayed here. Refer to the Sprint OMA-DM Client Functional Specification for requirement details.
A3: Requirement | B3: Comply? (Y or N) | C3: OEM Comments | D3: Sprint Comments | K3: N850需求验证结果 | L3: 负责人
A4: OMA-DM Session Details--
A5: DM-Sess-1 | B5: Y
A6: DM-Sess-2 | B6: Y
A7: DM-Sess-3 | B7: Y
A8: DM-Sess-4 | B8: Y
A9: DM-Sess-5 | B9: Y
A10: DM-Sess-6 | B10: Y
A11: DM-Sess-7 | B11: Y
A12: DM-Sess-8 | B12: N | C12: This is for Mobile Broadband product not for phone. | K12: NotSupport
A13: DM-Sess-9 | B13: Y
A14: DM-Sess-10 | B14: Y
A15: DM-Sess-11 | B15: Y
A16: DM-Sess-12 | B16: Y
A17: DM-Sess-13 | B17: Y
A18: DM-Sess-14 | B18: Y
A19: DM-Sess-15 | B19: Y
A20: DM-Sess-16 | B20: Y
A21: DM-Sess-17 | B21: Y
A22: DM-Sess-18 | B22: Y
A23: DM-Sess-19 | B23: Y
A24: DM-Sess-20 | B24: Y
... A38: DM-Sess-34 | B38: Y
A39: Airplane Mode Requirements--
A40: DM-Sess-35 | B40: Y
A41: DM-Sess-36 | B41: Y
A42: DM-Sess-37 | B42: Y
A43: Network-Initiated Mechanism--
A44: DM-NI-1 | B44: Y
A45: DM-NI-2 | B45: Y
A46: DM-NI-3 | B46: Y
A47: DM-NI-4 | B47: Y
A48: DM-NI-5 | B48: Y
A49: DM-NI-6 | B49: Y
A50: DM-NI-7 | B50: Y
A51: DM-NI-8 | B51: Y
A52: DM-NI-9 | B52: Y
A53: DM-NI-10 | B53: Y
A54: DM-NI-11 | B54: Y
A55: DM-NI-12 | B55: Y
... A68: DM-NI-25 | B68: Y
A69: Client Initiation Details--
A70: DM-CI-1 | B70: Y
A71: DM-CI-2 | B71: Y
A72: DM-CI-3 | B72: Y
A73: DM-CI-4 | B73: Y
A74: DM-CI-5 | B74: Y
A75: DM-CI-6 | B75: Y | C75: [ZTE]Can you give more details about which type of application needs to start CI? Just DSA/Sprint Zone? Or else? | D75: [06152011 Sprint]DSA/SprintZone are the only requirements at this time.
A76: DM-CI-7 | B76: Y
A77: DM-CI-8 | B77: Y
A78: Device Configuration Management Objects--
A79: DM-DC-1 | B79: Y
A80: DM-DC-2 | B80: Y
A81: DM-DC-3 | B81: Y
A82: DM-DC-4 | B82: Y
A83: DM-DC-5 | B83: Y
A84: DM-DC-6 | B84: Y
A85: DM-DC-7 | B85: Y
A86: DM-DC-8 | B86: Y
A87: DM-DC-9 | B87: Y
A88: DM-DC-10 | B88: Y
A89: DM-DC-11 | B89: Y
A90: DM-DC-12 | B90: Y
... A106: DM-DC-28 | B106: Y
A107: Hands-Free Activation--
A108: DM-HFA-1 | B108: Y
A109: DM-HFA-2 | B109: Y
A110: DM-HFA-30 | B110: Y
A111: DM-HFA-31 | B111: Y
A112: DM-HFA-3 | B112: Y
A113: DM-HFA-4 | B113: Y
A114: DM-HFA-5 | B114: Y
A115: DM-HFA-6 | B115: Y
A116: DM-HFA-7 | B116: Y
A117: DM-HFA-8 | B117: Y
A118: DM-HFA-9 | B118: Y
A119: DM-HFA-10 | B119: Y
... A138: DM-HFA-27 | B138: Y
A139: Lock and Wipe Management Object--
A140: DM-LaW-1 | B140: Y
A141: DM-LaW-2 | B141: Y
A142: DM-LaW-3 | B142: Y
A143: DM-LaW-4 | B143: Y
A144: DM-LaW-5 | B144: Y
A145: DM-LaW-6 | B145: Y
A146: DM-LaW-7 | B146: Y
A147: DM-LaW-8 | B147: Y
A148: DM-LaW-9 | B148: Y
A149: DM-LaW-10 | B149: Y
A150: DM-LaW-11 | B150: Y
A151: DM-LaW-12 | B151: Y
A152: DM-LaW-13 | B152: Y
A153: Remote Commands Management Object--
A154: DM-RC-1 | B154: Y | C154: [ZTE]Per our understanding, the device supports the #＃rtn# and ＃＃sctrn# is enough. | D154: [06152011 Sprint]Yes, that is OK.
A155: DM-RC-2 | B155: Y
A156: DM-RC-3 | B156: Y
A157: DM-RC-4 | B157: Y
A158: DM-RC-5 | B158: Y
...

Sheet 蓝牙
A1: Sprint Bluetooth Functional Requirements 3.0
A2: Requirement Number | B2: Requirement Details | C2: Product Complies | D2: Does Not comply | E2: Comments | F2: Sprint Comments (Luke) | K2: N850需求验证结果 | L2: 负责人
A3: 2.0 General Requirements
A4: 2.1 Bluetooth Core Specification Support
A5: BTFS-1 | B5: Customer Equipment MUST be compliant with Version 2.0 of the Bluetooth Core specification. | D5: NA | F5: OK
A6: BTFS-2 (Optional) | B6: Customer Equipment MUST be compliant with Version 2.0+EDR of the Bluetooth Core specification. | D6: NA | F6: OK
A7: BTFS-3 (Optional) | B7: Customer Equipment MUST be compliant with Version 2.1+EDR of the Bluetooth Core specification. | D7: NA | F7: OK
A8: BTFS-4 | B8: If Customer Equipment is a PDA device, then the Customer Equipment MUST be compliant with Version 2.0+EDR of the Bluetooth Core specification. | D8: NA | F8: OK
A9: BTFS-5 (Optional) | B9: If Customer Equipment is a PDA device, then the Customer Equipment MUST be compliant with Version 2.1+EDR of the Bluetooth Core specification. | D9: NA | E9: [06202011 ZTE]update to N/A and compliant to 3.0. | F9: [06142011 Sprint]Line 9 - N/A - Compliant to 3.0 Core Spec.
A10: 2.2 Sprint Bluetooth UI Specification Support
A11: BTFS-6 | B11: Customer Equipment MUST be compliant with the latest version of the Sprint Bluetooth User Interface Interactive Design Specification v3.0 (or later) [28]. | C11: PC | E11: [06202011 ZTE]update to PC due to android UI. | F11: [06142011 Sprint]Line 11 - PC - Due to Android UI
A12: 2.3 Bluetooth and WiFi co-existence
A13: BTFS-7 | B13: If the Customer Equipment supports both Bluetooth and WiFi, then the Customer Equipment MUST account for this and utilize co-existence tools that do not cause interference with an in-use WiFi system on the same device. | C13: PC | E13: A little interference when use A2DP Profile to listen music and then turn on WIFI [2/10/2011] ZTE to provide what the interference about | F13: OK | H13: 为什么？
A14: BTFS-8 | B14: Customer Equipment that does not support WiFi MUST account for signal interference in 2.4Ghz and compensate for it with SCO or eSCO support to compensate with adaptive frequency hopping and reduce static on the link. | D14: NA | E14: The device spuports BT and WIFI | F14: OK
A15: 2.4 Battery Life Impact
A16: BTFS-9 | B16: Enabling Bluetooth on the Customer Equipment MUST NOT impact battery standby time more than 40% regardless of what state, Visible, Connected, or Invisible, Bluetooth is in. | C16: FC
A17: 2.5 JSR Support
A18: BTFS-10 | B18: Customer Equipment MUST support JSR-82 as specified in the Sprint JME Requirements v4.0 [29] or newer. | D18: NA | E18: WAIVER | F18: OK
A19: WAIVER | B19: Customer Equipment that does NOT support Java. | C19: FC
A20: BTFS-11 | B20: Customer Equipment MUST support JSR-248 clarifications as specified in the Sprint JME Requirements v4.0 [29] or newer. | D20: NA | E20: WAIVER | F20: OK
A21: WAIVER | B21: Customer Equipment that does NOT support Java. | C21: FC
A22: 2.6 Push-to-Talk
A23: BTFS-12 | B23: If Customer Equipment supports Push-to-Talk (PTT) functionality, then Bluetooth MUST NOT interfere will PTT call setup time. | D23: NA | E23: The device does not support PTT | F23: OK
A24: BTFS-13 | B24: If Customer Equipment supports Push-to-Talk (PTT) functionality, then Bluetooth MUST NOT maintain the audio channel while there is no audio being routed or call setup. | D24: NA | F24: OK
A25: BTFS-14 | B25: If Customer Equipment supports Push-to-Talk (PTT) functionality, then Bluetooth MUST remain connected as long as the PTT call remains active. | D25: NA | F25: OK
A26: BTFS-15 | B26: If Customer Equipment supports Push-to-Talk (PTT) functionality, then the user MUST push the PTT button on the Customer Equipment to get floor control. | D26: NA | F26: OK
A27: BTFS-16 | B27: If Customer Equipment supports Push-to-Talk (PTT) functionality, then Customer Equipment MUST play PTT audio over the Bluetooth earpiece once connected. | D27: NA | F27: OK
A28: BTFS-17 | B28: If Customer Equipment supports Push-to-Talk (PTT) functionality, then the Customer Equipment MUST play any floor control sounds once connected. | D28: NA | F28: OK
A29: Note | B29: Customer Equipment MAY miss some audio while connecting to a Bluetooth device for a PTT call. | D29: NA | F29: OK
A30: BTFS-18 | B30: If Customer Equipment supports Push-to-Talk (PTT) functionality, then once Customer Equipment is connected to a Bluetooth headset, PTT beeps (floor control) MUST be played over the Bluetooth device and floor control MUST NOT be lost. | D30: NA | F30: OK
A31: BTFS-19 | B31: If Customer Equipment supports Push-to-Talk (PTT) functionality, then Customer Equipment MUST play initial floor control/audio messages over the speaker until the Bluetooth audio channel is setup. | D31: NA | F31: OK
A32: BTFS-20 | B32: IF Customer Equipment supports Push-to-Talk (PTT) functionality, then Customer Equipment MUST NOT lose floor control messages. | D32: NA | F32: OK
A33: Note | B33: Customer Equipment MAY lose audio while connecting to the Bluetooth device. | D33: NA | F33: OK
A34: 3.0 Bluetooth Profile Support
A35: 3.1 GAP: Generic Access Profile
A36: 3.1.2 Profile Requirements
A37: BTFS-21 | B37: Bluetooth enabled Customer Equipment MUST use the Generic Access Profile as defined in the core specification. | C37: FC
A38: BTFS-22 | B38: Bluetooth enabled Customer Equipment MUST support the features listed as “M” in Table 3.1.3‑1 – GAP Feature Compliance. | C38: PC | E38: Refer GAP tab for more details [2/10/2011] ZTE to provide detail | F38: OK
A39: 3.2 HFP: Hands Free Profile
A40: 3.2.2 Profile Requirements
A41: WAIVER | B41: Waiver for all requirements in section 3.2.2 for Customer Equipment that does NOT support voice calls. | C41: FC | E41: The device does not support voice recognization
A42: BTFS-23 | B42: Bluetooth enabled Customer Equipment MUST support HFP. | C42: FC
A43: BTFS-24 | B43: Bluetooth enabled Customer Equipment MUST support the features listed as “M” in Table 3.2.3‑1 – HFP 1.5 Feature Compliance. | C43: PC | E43: Refer HFP tab for more details [2/10/2011] ZTE to provide detail | F43: OK
A44: BTFS-25 | B44: While connected to a headset, Customer Equipment MUST display the "Headset volume" widget (as described in section 4.5 of [31]) if the user presses the volume up/down on the headset. | C44: FC | E44: HF just adjust the volume itself, but not the AG via sending AT command. [2/10/2011] ZTE to confirm [3/16/2011] ZTE to confirm [03182011 ZTE]change NC to FC.
A45: BTFS-26 | B45: Bluetooth enabled Customer Equipment MUST call the most recent item in the “Recent History” list (as described in section 7 of [31]) when presented with the “AT+BLDN” AT command. | C45: FC
A46: BTFS-27 | B46: When in a call and the device is paired with a headset but the audio is routed to the handset, Bluetooth enabled Customer Equipment MUST transfer the audio to the paired headset when presented with the “AT+BLDN” AT command. | C46: FC | E46: The device does support +BLDN, but we need to know the purpose of supporting +BLDN required by Sprint
A47: BTFS-28 | B47: Bluetooth enabled Customer Equipment MUST support 3GPP TS 27.007. | C47: PC | E47: Refer 3GPP 27.007 tab for details | F47: OK
A48: BTFS-29 | B48: Bluetooth enabled Customer Equipment MUST support the features listed as “M” in Table 3.2.3‑2 - 3GPP TS 27.007 Feature Compliance. | C48: PC | E48: Refer 3GPP 27.007 tab for details | F48: OK
A49: BTFS-30 | B49: Bluetooth enabled Customer Equipment MUST support 3GPP TS 27.005 as described in section 3.14 via HFP. | D49: NC | E49: The device does not support MAP profile | F49: OK
A50: BTFS-31 | B50: Bluetooth enabled Customer Equipment MUST support the features listed as “M” in Table 3.14.3‑2 - 3GPP TS 27.005 Feature Compliance. | D50: NC | E50: The device does not support MAP profile | F50: OK
A51: 3.3 PBAP: Phone Book Access Profile
A52: 3.3.2 Profile Requirements
A53: BTFS-32 | B53: Bluetooth enabled Customer Equipment MUST support PBAP as Phone Book Server Equipment (PSE). | C53: FC
A54: WAIVER | B54: Customer Equipment that does NOT support internal phone books. | C54: FC
A55: BTFS-33 (Optional) | B55: Bluetooth enabled Customer Equipment MUST support PBAP as Phone Book Client Equipment (PCE). | D55: NC | E55: AG does not support client. | F55: OK
A56: WAIVER | B56: Customer Equipment that does NOT support internal phone books. | C56: FC
A57: BTFS-34 | B57: Bluetooth enabled Customer Equipment MUST support the features listed as “M” in Table 3.3.3‑1 - PBAP Feature Compliance. | C57: PC | E57: Refer PBAP tab for details. | F57: OK
A58: WAIVER | B58: Customer Equipment that does NOT support internal phone books. | C58: FC
A59: 3.4 SPP: Serial Port Profile
A60: 3.4.2 Profile Requirements
A61: BTFS-35 | B61: Bluetooth enabled Customer Equipment MUST support SPP. | C61: FC
A62: BTFS-36 | B62: Bluetooth enabled Customer Equipment MUST support the features listed as “M” in Table 3.4.3‑1 - SPP Feature Compliance. | C62: FC
A63: 3.5 HSP: Headset Profile
A64: 3.5.2 Profile Requirements
A65: BTFS-37 | B65: Bluetooth enabled Customer Equipment MUST support HSP 1.1. | C65: FC
A66: WAIVER | B66: Customer Equipment that does NOT support voice calls. | C66: FC
A67: BTFS-38 (Optional) | B67: Bluetooth enabled Customer Equipment MUST support HSP 1.2. | D67: NC | E67: The device supports HSP 1.1. | F67: OK
A68: WAIVER | B68: Customer Equipment that does NOT support voice calls. | C68: FC
A69: BTFS-39 | B69: Bluetooth enabled Customer Equipment MUST support the features listed as “M” in Table 3.5.3‑1 - HSP Feature Compliance. | C69: PC | E69: Refer HSP tab for details | F69: OK
A70: WAIVER | B70: Customer Equipment that does NOT support voice calls. | C70: FC
A71: 3.6 DUN and/or PAN: Dial-Up Networking and/or Personal Area Networking
A72: 3.6.2 Profile Requirements
A73: BTFS-40 | B73: Bluetooth capable Customer Equipment MUST support either DUN or PAN. | D73: NA | E73: The device does not support DUN profile | F73: OK
A74: WAIVER | B74: Customer Equipment that does NOT support CDMA data sessions. | D74: NA | F74: OK
A75: 3.6.3 Feature Compliance of PAN and DUN
A76: BTFS-41 | B76: Customer Equipment MUST utilize the tethered modem NAI (as described in section 4.8.2 of [30]) on the device when using PAN or DUN and attempting to access the CDMA data network. | D76: NA | F76: OK
A77: BTFS-42 (Optional) | B77: Customer Equipment MUST use other data connections while using the tethered modem NAI. | D77: NA | F77: OK
A78: BTFS-43 | B78: Other background data connections that fail from the Customer Equipment MUST NOT error out to the users while connected via PAN or DUN. | D78: NA | F78: OK
A79: BTFS-44 | B79: Applications initiated by the user MUST provide the appropriate error condition based on their abilities. | D79: NA | F79: OK
A80: BTFS-45 | B80: If Customer Equipment supports DUN, then the Customer Equipment MUST support the features listed as “M” in Table 3.6.3‑1 - DUN Feature Compliance | D80: NA | F80: OK
A81: 3.6.4 Feature Compliance of PAN only
A82: Note | B82: The following configuration and roles are defined below and their support requirements: | D82: NA | F82: OK
A83: BTFS-46 | B83: Customer Equipment MUST support Network Access Point (NAP) and NAP service. | D83: NA | F83: OK
A84: BTFS-47 (Optional) | B84: Customer Equipment MUST support Group Ad-hoc Network (GN) and GN service. | D84: NA | F84: OK
A85: BTFS-48 (Optional) | B85: Customer Equipment MUST support PAN User (PANU) and PANU service. | D85: NA | F85: OK
A86: Note | B86: At this time PAN usage would focus on NAP services to replace DUN, however PANU support to join networks is highly desirable for scenarios where applications synchronization would take place. It is recommended that all three profiles are supported when implementing a PAN solution. | D86: NA | F86: OK
A87: Note | B87: The PAN service role is defined by what functionality is being utilized by the device at a given point in time. | D87: NA | F87: OK
A88: Note | B88: Phone as a Modem PAM would support the NAP | D88: NA | F88: OK
A89: Note | B89: 3rd party applications could support as either an ad-hoc network or PANU client. | D89: NA | F89: OK
A90: Note | B90: PAN MAY also be used to join networks or peer sharing for connectivity or data synchronization of content to a 3rd party application. | D90: NA | F90: OK
A91: BTFS-49 | B91: If Customer Equipment supports PAN, then the Customer Equipment MUST support the features listed as “M” in Table 3.6.4‑1 - PAN Feature Compliance | D91: NA | F91: OK
A92: 3.7 SDP/SDAP: Service Discovery Protocol/Service Discovery Application Profile
A93: 3.7.2 Profile Requirements
A94: BTFS-50 | B94: Bluetooth enabled Customer Equipment MUST support SDP as defined in Bluetooth SIG: Bluetooth Core Specification v2.0 (+ EDR), Volume 3, Part B. | C94: FC
A95: BTFS-51 | B95: Bluetooth enabled Customer Equipment MUST support the features listed as “M” in Table 3.7.3‑2 - SDP Feature Compliance. | C95: PC | E95: Refer SDP-SDAP tab for details | F95: OK
A96: BTFS-52 | B96: Bluetooth enabled Customer Equipment MUST support SDAP. | C96: FC
A97: BTFS-53 | B97: Bluetooth enabled Customer Equipment MUST support the features listed as “M” in Table 3.5.3‑1 - HSP Feature Compliance. | C97: FC
A98: 3.8 AVRCP: A/V Remote Control Profile
A99: 3.8.2 Profile Requirements
A100: BTFS-54 | B100: Bluetooth enabled Customer Equipment MUST support AVRCP v1.3. | C100: FC
...

Sheet Browser Requirements
A1: Sprint Browser Requirements Version 7.0 | B1: Specification Details | C1: Product Complies | D1: Does Not comply | E1: N/A, explain in comments | F1: Comments | G1: Sprint Comments | H1: ZTE Comments 2011-6-20 | K1: N850需求验证结果 | L1: 负责人
A2: 1. General
B3: The Manufacturers (OEM’s) MUST work with one of the preferred Sprint Browser Venders. | C3: FC | F3: Android's browser can be accepted by Sprint.
A4: 2. Architecture
A5: 3. Protocol Stack
A6: 3.1 Network Layer
B7: 1. The browser MUST operate over an IPv4 network layer, using Mobile IP as defined in IS-835 and the Sprint 3G Functional Requirements document. | C7: FC
B8: 2. The browser MUST NOT operate over a circuit switched connection (i.e. QNC). | C8: FC
B9: 3. If the user attempts to use the browser and there is no current mobile IP session, one MUST be initiated. | C9: FC
A10: 3.2 TCP
B11: 1. The browser MUST operate over wireless-profiled TCP as defined in WAP 2.0. | C11: FC
B12: 2. When the user exits the browser, any open TCP sockets MUST be closed by sending a FIN packet. | C12: FC
B13: 3. The socket timeout on the device MUST be set between a minimum of 60 seconds and a maximum of 120 seconds. | C13: FC
A14: 3.3 TLS/SSL
B15: 1. The browser MUST support operation using TLS 1.0 (including backward compatibility with SSL 3.0) for HTTPS URLs. | C15: FC
B16: 2. The TLS/SSL layer MUST support at least the following cipher suite: TLS_RSA_WITH_RC4_128_SHA | C16: FC
B17: 3. The TLS/SSL layer MUST support the Sprint specified Root certificates. | C17: FC
B18: 4. When connecting to a secure site, the browser MUST use an HTTP CONNECT request to tunnel the connection through the gateway..
B19: 5. The browser MUST display a secure session icon when in a secure HTTP session. | C19: FC
B20: 6. The browser MUST inform the user when the session is less than completely secure. Examples would be: a. Certificate has expired (warning) b. Certificate with an Invalid Sub-domain (warning) c. Certificate is invalid (warning) d. Unverified Secure Connection (warning) e. Connection is untrusted (warning) f. A self-signed SSL Certificate (warning) g. Other warnings… The user MUST be given the option to either continue or cancel the session. | C20: FC
B21: 7. The browser MUST display a non-secure session icon when the session is less than completely secure. | D21: NC | F21: There are two icons in android handset. The first onn is an icon which indicate data session connection，once the data session start, the icon will be displayed. Another icon is used to indicate a secure connection, when the secure connection established, the icon is displayed.
B22: 8. The browser MUST prompt the user to select whether to display content that is not retrieved over a secure channel while in a secure session. The user MUST be informed of the specific issue and given the option to either display (download) or not to display the non-secure items. | D22: NC | F22: Android browser do not provide this feature, we believe that there is difficult to realize this features.
B23: 9. The Browser MUST display a partially secure session icon when displaying content that is not retrieved over a secure channel while in a secure session | D23: NC | F23: Android browser do not provide this feature, we believe that there is difficult to realize this features.
B24: 10. When an HTTPS session has been successfully authenticated and confirmed that all content is secure, the Browser MAY display a success animation indicator to the user | C24: FC
B25: 11. The browser MAY notify the user when navigating away from a secure site. | D25: NC | F25: Android browser do not provide this feature. When the user leaves the secure Web site, it will not be notified
A26: 3.3.1 Root Certificates
B27: 1. The browser MUST support the SSL Root Certificates listed in the Sprint Standard PRI spreadsheet.  For more information, see the Sprint Standard PRI spreadsheet, Certificate Tab. | C27: FC
B28: 2. The browser MUST support the ability to list all Public Root Certificates deployed on a device. a. The browser MUST use the value in the Issuer Organization “Issuer O” field when displaying the list of Public Root Certificates. If the Issuer Organization field does not contain a displayable value, then the browser MUST use the value in the Issuer Common Name “Issuer CN” b. The browser MUST list the Certificates in alphabetical order. c. The browser MUST support the ability to view an individual Root Certificate. d. When viewing an individual Root Certificate, the following MUST be displayed: i. The Certificate Authority ii. The Certificate Name iii. Subject information iv. Issuer information v. Valid “To” information vi. Valid “From” information vii. Serial Number e. The Browser Vendor / OEM’s MAY support the displaying of additional information. | D28: NC | F28: Android browser do not provide this feature. If you need this feature, we need several weeks to accomplish
B29: 3. The browser MAY support “Certificate Validation” of public ROOT certificates. If supported it MUST allow for a revocation mechanism that recalls/deactivates a breached certificate. | D29: NC | F29: Android browser do not provide this feature.
A30: 3.4 HTTP
B31: 1. The browser MUST support wireless profiled HTTP 1.1 and HTTPS as defined in WAP 2.0. | C31: FC
B32: 2. HTTP methods:
B33: a. The browser MUST support the HTTP GET request method. | C33: FC
B34: b. The browser MUST support the HTTP POST request method. | C34: FC
B35: c. The browser MUST support the HTTP CONNECT request method. | C35: FC
B36: d. The browser MUST support the HTTP PUT request method. | C36: FC
B37: e. The browser MUST support the HTTP DELETE request method. | D37: NC | F37: Android browser do not provide this feature.
B38: f. The browser MUST support the HTTP HEAD request method. | C38: FC
B39: g. The browser MAY support the HTTP OPTIONS request method. | D39: NC | F39: Android browser do not provide this feature.
B40: h. The browser MAY support the HTTP TRACE request method. | D40: NC | F40: Android browser do not provide this feature.
A41: 3.4.1 User Agent
B42: 1. The browser MUST send a user-agent header on all requests. | C42: FC
B43: 2. The user-agent header MUST include the following information: | E43: N/A | F43: waive
B44: o Product Name | E44: N/A | F44: waive
B45: o Product Version (optional) | E45: N/A | F45: waive
B46: o Platform | E46: N/A | F46: waive
B47: o Security | E47: N/A | F47: waive
B48: o Localization Information | E48: N/A | F48: waive
B49: o Device Manufacture | E49: N/A | F49: waive
B50: o Browser (optional if same as Product Name) | E50: N/A | F50: waive
B51: o Version (optional if same as Product Version) | E51: N/A | F51: waive
B52: o Type (Mandatory for devices going through the Sprint MAG) | E52: N/A | F52: waive
B53: o Carrier Name | E53: N/A | F53: waive
B54: o Model | E54: N/A | F54: waive
B55: 3. The User Agent Header MUST include the following information for the Browser on all Android devices. Google requires that their specific format MUST be followed:
B56: o Product Name | C56: FC
B57: o Product Version (optional) | C57: FC
B58: o Platform | C58: FC
B59: o Security | C59: FC
B60: o Android Version | C60: FC
B61: o Localization Information | C61: FC
B62: o Device Manufacturer | C62: FC
B63: o Carrier Name | C63: FC
B64: o Model | C64: FC
B65: o Android Code Name (Optional) | C65: FC
B66: o Apple Webkit information and Version Information | C66: FC
B67: 4. If user-agent header is cloaked as another browser, it MUST include the following additional information for the Browser. | E67: N/A | F67: waive
B68: o Compatible flag | E68: N/A | F68: waive
B69: o Browser and Version (To hide current browser the Browser and Version MAY be removed) | E69: N/A
B70: 5. The User-Agent Header MUST conform to the following Sprint defined formats: | C70: FC
B71: 6. Other Sprint specifications MAY require that additional information be added to the User-Agent. | C71: FC
A72: 3.4.2 HTTP Headers
A73: 3.4.2.1 x-wap-profile
B74: 1. The browser MUST send an x-wap-profile header on all outgoing requests. | C74: FC
B75: 2. The browser NEED NOT support the x-wap-profile-diff header. | C75: FC
B76: 3. The browser NEED NOT support the combination of multiple instances of these two types of data. | C76: FC
B77: 4. The x-wap-profile header MUST comply with Sprint UAProf Requirement document. | C77: FC
A78: 3.4.2.2 Accept
B79: 1. The browser MUST send an accept header on all requests. | C79: FC
B80: 2. The accept header MUST include the following mime types. Note: See the Device Content Types – Application Content Appendix for more information. | C80: FC
B81: 3. Additional MIME types that are supported by the device MAY also be included in the accept header. | C81: FC
B82: 4. The browser MUST send all the media types supported with in the browser on all requests. | C82: FC | F82: The device sends */* instead of each media type.
B83: 5. The Browser MUST NOT send in the accept header */* or any like derivative. For Example: Accept: application/*, audio/*, chemical/*, image/*, message/*, model/*, multipart/*, text/*, video/* | E83: N/A | F83: WAIVER: */* Sprint defined Internet Browser Sprint defined Business Browser
B84: 6. For the Image MIME types, they MUST be included in the Accept Header of the Browser from left to right, in the exact order, and with their given quality values. 1. PNG/APNG, GIF/AGIF, JPEG, ICO, SVG (without any quality values) 2. Other required Image MIME types with their given quality value 3. Any additional image MIME types MUST be appended after the required Image MIME types. | C84: FC
A85: 3.4.2.3 Accept-charset
B86: 1. The browser MUST include all supported Character Sets in the accept-charset header. | C86: FC
A87: 3.4.2.4 HTTP Accept-language
B88: 1. The browser MUST only support an accept-language if that language is supported natively in the device. | C88: FC
B89: 2. The Accept-Language request-header MUST include all supported languages in the accept-language header. | C89: FC
B90: 3. The currently selected language in the device MUST be the default accept-language in the browser. | C90: FC
B91: English selected:
B92: Accept-Language: en-us,en;q=0.9, es-us;q=0.5,es;q=0.4 | C92: FC
B93: Spanish selected:
B94: Accept-Language: es-us,es;q=0.9, en-us;q=0.5,en;q=0.4 | C94: FC
A95: 3.4.2.5 HTTP Accept-encoding
B96: 1. The browser MUST support the accept-encoding header as defined in RFC 2616. | C96: FC
B97: 2. The browser MUST support Accept Encoding: gzip. | C97: FC
B98: 3. The browser MUST support Accept Encoding: deflate. | C98: FC
A99: 3.4.2.6 Referer
B100: 1. The browser MUST support the HTTP referer (sic) header. | C100: FC
...

Sheet EAS Spec v1.3
B1: Sprint EAS Requirements
B2: November 2010 - Version 1.3 | D2: <Insert Device Name Here>
A3: ID | B3: Requirement | C3: Compliance | D3: OEM Comments | E3: Sprint Comments | K3: N850需求验证结果 | L3: 负责人
A4: 2.0 EAS Account Sync
A5: EAS-1 | B5: The EAS client MUST support synchronization with Exchange Server 2003 SP2 and SP3. | C5: FC
A6: EAS-2 | B6: The EAS client MUST support synchronization with Exchange Server 2007 and 2007 SP1 | C6: FC
A7: EAS-109 | B7: The EAS client MUST support synchronization with Exchange Servers 2010 and 2010 SP1 | C7: PC | D7: The device should be able to sync and apply any 12.0 and 12.1 ActiveSync features while on a 2010 exchange server. | E7: I can understand this being PC if the device only supports ActiveSync 12.0 or 12.1. The device should be able to sync and apply any 12.0 and 12.1 ActiveSync features while on a 2010 exchange server. If that is what it will do, please change the comments and leave as PC.
A8: EAS-23 | B8: The EAS client synchronizing with Exchange server 2007, 2007 SP1, 2010, and 2010 SP1 MUST support enhanced over the air search of online content. | C8: NC | D8: The device does not support searching function for EAS.
A9: EAS-7 | B9: The EAS client MUST support auto discovery while setting up EAS. The user MUST be only required to enter the username and password when configuring email on the device. The EAS client MUST try to locate the autodiscover service on the Internet using the domain address from the user’s email address. The client MUST first try the autodiscover service URL https://<smtp-address-domain>/autodiscover/autodiscover.xml and then try the https://autodiscover.<smtp-address-domain>/autodiscover/autodiscover.xml URL since the autodiscover service could be hosted on a separate site. | C9: FC
A10: EAS-16 | B10: The EAS client MUST support an ip address for Exchange server URL’s. | C10: FC
A11: EAS-42 | B11: The EAS client MUST support desktop sync with Microsoft Exchange servers 2003 SP2/SP3, 2007, 2007 SP1, 2010, and 2010 SP1. | C11: N/A | D11: This line item is only expected for a Windows Mobile device. | E11: This line item is only expected for a Windows Mobile device. Please change to N/A.
A12: EAS-73 | B12: The EAS client MUST support EAS contacts sync. | C12: FC
A13: EAS-50 | B13: The EAS client MUST support EAS calendar sync. | C13: FC
A14: EAS-89 | B14: The EAS client MUST supply the following attributes on first sync with the server: | C14: FC
A15: - | B15: Device Name = Common name used for device | C15: FC
A16: - | B16: Device Model = Alphanumeric Model Number of Device | C16: FC
A17: - | B17: Phone Number = Full 10 digit MDN or ******#### | C17: FC
A18: - | B18: Mobile Network = Sprint | C18: FC
A19: - | B19: Device IMEI | C19: FC
A20: - | B20: Device OS = Android, WP7, Blackberryor other OS name. (OS version number may be included. EX Android 2.2) | C20: FC
A21: - | B21: ActiveSync Version (12.0, 12.1, 14.0, 14.1) | C21: FC
A22: 3.0 EAS Account Setup
A23: EAS-8 | B23: The EAS client MUST support a Manual, As items arrive (PUSH) sync intervals and MUST support other timed intervals such as, 15mins, 30mins, 1hr, 2hr, 4hr, etc. The default Must be set to As items arrive (Push). | C23: FC
A24: EAS-9 | B24: The EAS client MUST support a configurable amount of past email to be downloaded – 1 day, 3 days, 7 days, 14 days, All. Reccomended default being set to 7 days. | C24: FC
A25: *EAS-11 | B25: The EAS client MUST support configuration for message retrieval size – Headers only, 5KB, 10KB, 20KB, 50KB, Text only, Entire email. The default MUST be 20KB or higher. | C25: PC | D25: [05282011 ZTE]update FC to PC.The device can support configuration for message retrieval size--5KB, 10KB, 20KB, 50KB. But not support the headers only,text only, entire email. EAS protocol do not have the command used to download entire email(include text and attachment).
A26: *EAS-14 | B26: The EAS client MUST synchronize read,unread,reply and forward status. | C26: PC | D26: [05282011 ZTE]update FC to PC.Support read and unread.Not support reply and forward,because the Reply and Forward field are not supported in EAS protocol.
A27: EAS-22 | B27: The EAS client synchronizing with Exchange server 2007, 2007 SP1, 2010, and 2010 SP1 MUST support Exchange Unified Messaging so that voicemail processed by an Exchange Unified Messaging server is available on the mobile device. | C27: PC | D27: The device supports following codec: MP3 *.mp3 WAV(WAV-PCM\WAV-A-LAW\WAV-U-LAW) *.wav AMR *.amr QCP *.qcp OGG *.ogg AAC *.aac\*.mp3 MIDI *.mid | E27: Unified messaging will send the voicemail as an attachment via email for the user to save to the device and playback using the onboard audio player. If the device can support any of the following codecs with the native audio player, please mark as PC and list which codecs it supports. Mp3 *.mp3 WMA *.wma G.711 PCM Linear *.wav GSM 06.10 *.wav
A28: EAS-54 | B28: The EAS Calendar client MUST support synchronization based on user set window of time – 2 weeks, 1 month, 3 months, 6months, ALL. The default SHOULD be set to 2 weeks. | C28: FC
A29: EAS-47 | B29: The EAS client MUST support setting up of Multiple Exchange accounts. | C29: FC
A30: 4.0 Email Client UI
A31: EAS-4 | B31: The EAS client MUST provide a single client or an integrated view for consumer and corporate email. | C31: FC
A32: EAS-93 | B32: The EAS client MUST provide a unique color identifier to each email account in a unified inbox. | C32: FC
A33: EAS-33 | B33: The EAS client MUST not show popups or descriptions that are 3rd party generated. | C33: FC
A34: EAS-10 | B34: The EAS client MUST support email sorting options by Date,Subject, Sender and size. | C34: FC
A35: EAS-34 | B35: The EAS client MUST visually match Outlook status icons – read,unread,replied,forwarded,voicemail,and calendar. | C35: PC | D35: voicemail not support
A36: EAS-17 | B36: The EAS client MUST support search of local email content. | C36: FC
A37: EAS-18 | B37: The EAS client synchronizing with Exchange server 2007 and 2010 MUST sync and modify the status of flagged email. | C37: FC
A38: EAS-19 | B38: The EAS client synchronizing with Exchange server 2007 and 2010 MUST support viewing HTML messages. | C38: FC
A39: EAS-20 | B39: The EAS client MUST not disrupt the formattnig of HTML messages upon replying or forwarding such messages. | C39: NC | D39: The device does not support HTML message composer for EAS client. 6/15 -- Changed to FC -- Device supports HTML messages but not an HTML composer
A40: EAS-94 | B40: The EAS client MUST be able to correctly display incoming RTF (Rich Text Format) email messages. | C40: NC | D40: The device does not support displaying RTF format. 6/15 -- ZTE to look into RTF and get back to Sprint [06202011 ZTE](1)The format of text file will update from RTF to HTML which keeping the style. So the client can display the message correctly. (2)ActiveSync supports downloading both text and html. If the email is another format, the server will transmit the format into HTML.In this scenario, the client can not display the message in RTF format. So we think it is better to mark here as PC. Need Sprint to confirm.
A41: *EAS-43 | B41: The EAS client MUST support Exchange conversations. | C41: NC | D41: [05282011 ZTE]Update FC to NC.This requirement is from Exchange2010, and till now there is not any android phone implemented this requirement.
A42: EAS-45 | B42: The EAS client MUST support setting Out of Office messages directly from the mobile device. | C42: NC | D42: The EAS client does not support out of office message. 6/15 -- Request ZTE impliment this in MR, but not required to impliment
A43: EAS-48 | B43: The EAS client MUST have a default email signature provided by the OEM and the ability to edit the default signature. | C43: FC
A44: EAS-95 | B44: The EAS client MUST provide a button with text "View Entire Email" to download the rest of an email message when an incoming message exceeds the set message retrieval size. | C44: FC
A45: 5.0 Email Attachments
A46: EAS-96 | B46: The EAS client must be able to "Open" and/or "Save" inline attachments from RTF (Rich Text Format) messages | C46: NC | D46: The device does not support displaying RTF format. 6/15 -- ZTE to look into RTF and get back to Sprint [06202011 ZTE](1)The format of text file will update from RTF to HTML which keeping the style. So the client can display the message correctly. (2)ActiveSync supports downloading both text and html. If the email is another format, the server will transmit the format into HTML.In this scenario, the client can not display the message in RTF format. So we think it is better to mark here as PC. Need Sprint to confirm.
A47: EAS-92 | B47: The EAS client MUST not have any client side file size limitations on incoming or outgoing attachments. | C47: FC
A48: EAS-36 | B48: The EAS client MUST support incoming and outgoing file attachments. | C48: FC
A49: EAS-37 | B49: The EAS client MUST be able to “Open” and/or “Save” all incoming file attachments. (Examples: all Microsoft Office file types, .wav, .eml, .rtf, .txt, etc.) | C49: FC
A50: EAS-38 | B50: The EAS client MUST support the attachment icon. | C50: FC
A51: *EAS-39 | B51: The EAS client MUST be able to access SD card for attaching and saving files. | C51: FC | D51: [05282011 ZTE]Update FC to PC. Now,we support access some folders on SD card and select audio,vedio and pictures as attachment. Is this acceptable? 6/15 -- Changed to FC
A52: EAS-40 | B52: The EAS client MUST support direct preview of attachments. | C52: FC
A53: EAS-13 | B53: The EAS client MUST never automatically download attachments. | C53: FC
A54: *EAS-44 | B54: The EAS client MUST support opening an EML attachment and allow the user to Reply To and Forward the EML message as if it were a normal email. | C54: NC | D54: [05282011 ZTE]Update FC to NC.Android 2.3 does not suppport it.
A55: 6.0 Email Folder Support
A56: EAS-46 | B56: The EAS client MUST support synchronization of folders. | C56: FC
A57: EAS-87 | B57: The EAS client MUST support moving emails between folders. | C57: FC
A58: *EAS-88 | B58: The EAS client MUST support creation and deletion of folders. | C58: NC | D58: [05282011 ZTE]Update FC to NC.Android 2.3 does not suppport it.
A59: 7.0 General Calendar
A60: EAS-51 | B60: There MUST be a single Calendar application on the device for consumer and corporate calendars. | C60: FC
A61: EAS-52 | B61: Consumer and corporate calendar entries MUST have a unique color and MUST match the colors of the integrated email client. | C61: FC | E61: Example would be :: Client has Gmail App setup or Gmail on the mail app with an account and has an Exchange email on the email client. The calendar would show events for both Gmail and Exchange accounts and Gmail events would be one color and Exchange events would be another.
A62: EAS-53 | B62: The EAS client MUST be able to configure the calendar accounts that users want to view on the device. | C62: FC | D62: we can support configuring the account in the system-setting->Accounts & sync .
A63: EAS-97 | B63: The calendar client MUST support day, week, month, and agenda views. | C63: FC
A64: EAS-98 | B64: The agenda view MUST NOT display expired events and only list current or future events by default. | C64: FC
A65: EAS-99 | B65: The calendar client MUST allow the user to select a default calendar for new event creation. | C65: FC
A66: 8.0 Meetings & Events through Email
A67: EAS-55 | B67: The EAS email client MUST support forwarding of meeting requests from email. | C67: FC
A68: EAS-56 | B68: The EAS email client MUST support replying to meeting requests from email. | C68: FC
A69: EAS-57 | B69: The EAS email client MUST support replying to all meeting invitees from email. | C69: FC
A70: EAS-58 | B70: The EAS email client MUST support accepting meeting requests from email. | C70: FC
A71: EAS-59 | B71: The EAS email client MUST support declining meeting requests from email. | C71: FC
A72: *EAS-60 | B72: The EAS email client MUST support tentatively accepting meeting requests from email. | C72: FC
A73: EAS-61 | B73: The EAS email client MUST support replying with comments for all meeting requests/invites. | C73: FC
A74: EAS-62 | B74: The EAS client MUST support proposing a new meeting time for Calendar requests from email. | C74: NC | D74: The EAS client does not support this function.
A75: 9.0 Calendar Application
A76: EAS-63 | B76: The EAS calendar client MUST support creating an EAS Calendar meeting request and adding participants to the meeting request. | C76: FC
A77: EAS-64 | B77: The EAS calendar client MUST support deleting EAS Calendar meeting requests and notifying participants about the deleted meeting request. | C77: FC | D77: we suggest:when the meeting organizer delete the meeting,all the meeting invitation in attendee`s calendar apps in their device will be deleted.
A78: *EAS-67 | B78: The EAS calendar client MUST support Free/Busy lookup of meeting attendees. | C78: NC | D78: [05282011 ZTE]Update FC to NC.Android 2.3 does not suppport it.
A79: EAS-68 | B79: The EAS calendar client MUST support viewing all the list of attendees on a meeting request. | C79: FC
A80: EAS-110 | B80: The EAS calendar client MUST list an event as Tentative in the calendar when an email is received with an event invite. | C80: FC
A81: EAS-111 | B81: When the device receives an Event Cancelation it MUST perform the following actions: | C81: FC
A82: - | B82: Rename the event from "Event Name" to "Canceled: Event Name" | C82: FC
A83: - | B83: Change the event status from "Busy" to "Free" | C83: FC
A84: EAS-112 | B84: The EAS calendar client MUST support and sync "Free", "Busy", "Tentative" and "Out of Office" status for exchange calendar events. | C84: NC | D84: It is large workload to meet this feature regarding the tightly shcedule.
A85: EAS-70 | B85: The EAS client MUST support importing of iCalendar file attachments, .ics extension into the EAS Calendar. | C85: NC | D85: Not support ICS.
A86: *EAS-71 | B86: The EAS client MUST support importing of vCalendar file attachments , .vcs extension into the EAS Calendar. | C86: NC | D86: [05282011 ZTE]Update FC to NC.Android 2.3 does not suppport it.
A87: EAS-72 | B87: The EAS client MUST support sending of Calendar meeting requests through email. | C87: FC
A88: EAS-90 | B88: The EAS client MUST support modifying an EAS Calendar meeting request (change date/time, add/remove participants) and notifying participants about the meeting request modifications. | C88: FC
A89: EAS-69 | B89: The EAS client MUST support dialing of conference call numbers including PIN in a Calendar appointment. The following formats for automatic PIN dialing should be supported: 1-866-222-8883x25134# 1-866-222-8883 PIN 25134# | C89: FC
A90: 10.0 Contacts and Global Address List (GAL)
A91: EAS-99 | B91: The EAS client MUST support corporate directory contacts (GAL) search while composing an email. | C91: FC
A92: EAS-100 | B92: The EAS client MUST support corporate directory contacts (GAL) search while creating a calendar event. | C92: FC
A93: EAS-75 | B93: OEMs MUST provide a label in the address book to indicate the source of contacts – Gmail, Exchange, Social Networks | C93: FC
A94: EAS-76 | B94: OEMs MUST not upload contacts from Exchange to another consumer contact source. | C94: FC
A95: EAS-101 | B95: The device MUST be able to lookup and save the following information from the GAL to the device address book: | C95: FC
A96: - | B96: Full Name | C96: FC
A97: - | B97: Email Address | C97: FC
A98: - | B98: Business Phone Number | C98: FC
A99: - | B99: Home Phone Number | C99: FC
A100: - | B100: Mobile Phone Number | C100: FC
...

Sheet 多媒体
A1: Master Multimdia Compliance Matrix - version 4.2 | B1: Product Complies | C1: Does Not comply | D1: Comments | K1: N850需求验证结果 | L1: 负责人
A2: 2.1 Codec Requirements
A3: MM-2.1.1: Minimum Audio codec for decoding
A4: MPEG-4 AAC Low Complexity (AAC-LC) Profile Level 2 : up to 384kbps at 48KHz | B4: FC
A5: MPEG-4 HE AAC (AAC+ or aacPlus) Profile Level 2: up to 384kbps at 48KHz | B5: FC
A6: MPEG-4 HE-AACv2 (eAAC+ or Enhanced aacPlus) up to 384kbps at 48KHz Waiver: The requirement for Enhanced AAC+ does not apply to 1X or IS-2000 data network only capable devices. | B6: FC
A7: AMR: NB, WB | B7: FC
A8: (OPTIONAL for streaming) MP2 (a.k.a. MPEG-1 layer 2): all rates | C8: NC | D8: The platform does not support | E8: [06/15/2011 Sprint] OK | K8: NotSupport
A9: (OPTIONAL for streaming) MP3 (a.k.a. MPEG-1 layer 3): up to 320kbps at 48KHz | B9: FC
A10: Windows media audio : up to 384kbps at 48KHz | B10: FC
A11: (Optional for non Google branded devices) Vorbis | C11: NC | D11: The platform does not support | E11: [06/15/2011 Sprint] OK | K11: NotSupport
A12: Container format: .mp4, .3g2, .3gp, .wma, .m4a .wav pcm, .aac | B12: PC | D12: The platform does not support wma | E12: [06/15/2011 Sprint] OK
A13: MM-2.1.2: Minimum Video codec for decoding
A14: (Optional) MPEG-4 Advanced Simple Profile - See table for minimum level requirements related to maximum displayable resolution at maximum FPS (ISO/IEC MPEG-4 Part 2) Waiver: The requirement for MPEG-4 ASP does not apply to 1X or IS-2000 data network only capable devices. | C14: NC | D14: The platform does not support | E14: [06/15/2011 Sprint] OK | K14: NotSupport
A15: MPEG-4 AVC (ITU-T H.264 or ISO/IEC MPEG-4 Part 10, a.k.a. ISO/IEC 14496-10): Baseline Profile (BP) | B15: FC
A16: H.263 Profile 0 | B16: FC
A17: DivX | C17: NC | D17: The platform does not support | E17: [06/15/2011 Sprint] OK | K17: NotSupport
A18: Windows media video | C18: NC | D18: The platform does not support | E18: [06/15/2011 Sprint] OK | K18: NotSupport
A19: (Optional for non Google branded devices) VP8 | C19: NC | D19: The platform does not support | E19: [06/15/2011 Sprint] OK | K19: NotSupport
A20: Container format: .mp4, .3g2, .3gp, .wmv, .avi | B20: PC | D20: The platform does not support wma | E20: [06/15/2011 Sprint] OK
A21: MM-2.1.3: Minimum video requirements for encoding
A22: MPEG-4 Simple Profile | B22: FC
A23: MPEG-4 AVC (ITU-T H.264 or ISO/IEC MPEG-4 Part 10, a.k.a. ISO/IEC 14496-10): Baseline Profile (BP) | B23: FC
A24: H.263 Profile 0 | B24: FC
A25: Device MUST support .3gp formatting for MMS recordings and .mp4 formatting for extended video recordings. | B25: FC
A26: Device MUST be capable of encoding a constant frame rate (CFR) at a minimum of 15fps for 2D content and 47.94fps for 3D content at the devices native screen resolution. | B26: FC | D26: max 30 fps only for 2D [06202011 ZTE]update PC to FC. [07182011 ZTE]Yes, the device can support minimum 15fps and maximum 30fps for 2D. | E26: [06/15/2011 Sprint] The thing to note is that Sprint is requiring CFR here. [07/11/11 Sprint] Well, is it CFR?????Per Pat - I commented on three items highlighted in yellow, two of which I see no reply from my last comments. Please tell them that if they don't respond to my comments positive or negatively then they shouldn't ask me for them, but I will expect 100% compliance.
A27: Container formats that MUST be supported are: .mp4 and .3gp | B27: FC
A28: 2.2 Protocol Requirements
A29: MM-2.2.1: The following protocols MUST be supported:
A30: • RTSP (Real Time Streaming Protocol) | B30: FC
A31: • RTP (Real-time Transport Protocol) | B31: FC
A32: • RTCP (Real-time Transport Control Protocol) | B32: FC
A33: • UDP (User Datagram Protocol) | B33: FC
A34: • TCP (Transmission Control Protocol) | B34: FC
A35: • SDP (Session Description Protocol) | B35: FC
A36: • HTTP-PD (Hyper Text Transfer Protocol - Progressive Download) | B36: FC
A37: 2.3 Multimedia Quality and Performance Requirements
A38: MM-2.3.1: The quality and performance of the audio/video playback (including streaming and local file playback) MUST comply with the specifications provided by each multimedia chipset vendor. Below is the minimum acceptable streaming rates and frame rates that handset MUST meet for a recommended desired "perception of quality" for the associated data network, screen size and output capabilities of the device. | B38: FC
A39: MM-2.3.2: The device MUST support displaying, streaming and (if applicable) side loaded contents encoded to the device's native screen resolution, at the handset's performance rate listed in the table in MM-2.3.1 above. | B39: FC
A40: MM-2.3.3: All devices with native screen resolutions of VGA and higher MUST support MPEG-4 AVC (ITU-T H.264 or ISO/IEC MPEG-4 Part 10) Main or High profile. | B40: FC
A41: MM-2.3.4: All devices MUST comply with all industry standards regarding; profile, levels, and rates for all codec’s supported by the handset. | B41: FC
A42: MM-2.3.5: On devices with display screens of VGA or greater the device MUST provide a refinement algorithm to upscale video content to the larger screen sizes. Refinement process should compensate for the blur or loss in clarity. In the case where the aspect ratios of the contents and the display size are mismatched, the video MUST be scaled to the display screen size and the aspect ratio of the original contents and MUST be preserved without any cropping of image when scaled up or down to fit the display. The use of padding to create a letterbox display is acceptable. | B42: FC
A43: MM-2.3.6: To preserve video quality and improve performance all devices MUST utilize hardware decoding when provided within the chipset. | B43: FC
A44: MM-2.3.7: The device MUST provide a stable and robust framework to run multimedia applications in the background and perform other simple non processor intensive user-requested tasks (like SMS and email) simultaneously with little to no quality degradations of the multimedia operations. | B44: FC
A45: MM-2.3.8: The device MUST be capable of downscaling video content being played locally on the devices designated media player while maintaining the aspect ratio and centering of the video content. | B45: FC
A46: 2.4 HTTP Accept Header Requirements
A47: MM-2.4.1: In order to support the multimedia contents listed in the codec requirement section of this document, the following multimedia-related MIME types MUST be included in the accept header when the device makes HTTP requests from the data application including, but not limited to, the web browser.
A48: • application/x-pcs-mcd+xml (MCD File) | B48: FC | D48: The platform does not support [06202011 ZTE]investigating. [07182011 ZTE]change NC to FC. | E48: [07/11/11 Sprint] This is needed to support deep linking which allows Spritn to advertise wares and services to Sprint customers. All our other vendors are complying with this. Please comply.
A49: • application/sdp (SDP file) | B49: FC
A50: • audio/mp4 (MPEG-4 AAC audio file) | B50: FC
A51: • video/mp4 (MPEG-4 video or video/audio file) | B51: FC
A52: • audio/3gpp2 (3GPP2 audio file) | B52: FC
A53: • video/3gpp2 (3GPP2 video or video/audio file) | B53: FC
A54: • audio/3gpp (3GPP audio file) | B54: FC
A55: • video/3gpp (3GPP video or video/audio file) | B55: FC
A56: • audio/amr (3GPP audio file) | B56: FC
A57: • audio/aac (AAC or AACPlus Audio file) | B57: FC
A58: • audio/aacPlus (AACPlus Audio file) | B58: FC
A59: • audio/x-mpegurl (M3U play list format) | B59: FC | D59: The platform does not support [06202011 ZTE]update NC to FC. [07182011 ZTE]Move FC to Column"B" | E59: [06/15/2011 Sprint] What play list do you support? [07/11/11 Sprint] Please move your FC to column "B"
A60: • video/divx (DivX Media Video content) | C60: NC | D60: The platform does not support | E60: [06/15/2011 Sprint] OK | K60: NotSupport
A61: • video/x-ms-asf (Windows Media Video content) | C61: NC | D61: The platform does not support | E61: [06/15/2011 Sprint] OK | K61: NotSupport
A62: • video/x-ms-wmv (Windows Media Video content) | C62: NC | D62: The platform does not support | E62: [06/15/2011 Sprint] OK | K62: NotSupport
A63: • audio/x-ms-wma (Windows Media Audio content) | C63: NC | D63: The platform does not support | E63: [06/15/2011 Sprint] OK | K63: NotSupport
A64: • video/x-msvideo (Windows Media Video Content) | C64: NC | D64: The platform does not support | E64: [06/15/2011 Sprint] OK | K64: NotSupport
A65: • audio/mpeg (MPEG Audio Layer 3) (OPTIONAL) | B65: FC
A66: • video/x-flv (Flash video content) (OPTIONAL) | C66: NC | D66: The platform does not support | E66: [06/15/2011 Sprint] OK | K66: NotSupport
A67: 2.5 Network Requirements
A68: [Note: The OEM will provide a hidden menu (##data menu on a device or equivalent) to facilitate the test and configuration of the handset. This hidden menu will be made available to Sprint through the life of the handset. Reference the current PRI settings document for the IP addresses of Sprint RTSP/RTP proxy.]
A69: MM-2.5.1: All devices that allow access to the RTSP and/or HTTP-PD proxy address and port settings in the hidden menus MUST include the facility to view/edit those settings with editing requiring MSL code access. Waiver: For any device that does not support HTTP Progressive Download you will not have to comply with the HTTP-PD address and port settings portion. | B69: FC
A70: MM-2.5.2: All multimedia content (RTSP or HTTP) on all multimedia capable devices regardless of operating system MUST use the Sprint multimedia proxies when accessing any RTSP streaming or HTTP PD content on any of the Sprint data networks. | B70: FC
A71: MM-2.5.3: The device MUST support the headers added by the Sprint RTSP/RTP proxy and be fault-tolerant or fail-safe (if OEM does not support these headers then they MUST be ignored). The headers are: • RealChallenge1 response from the MMG proxy • Via response from the MMG proxy • StatsMasks response from the MMG proxy | B71: FC
A72: MM-2.5.4: All RTSP requests MUST use the RTSP proxy address and port number and by default MUST include the FQDN address and port number as defined in the PRI/OMA-DM setting for all RTSP requests and must be configurable by PRI, OMA-DM, and ##DATA menu. | B72: FC
A73: MM-2.5.5: All multimedia capable devices MUST be HTTP 1.1 compliant. | B73: FC
A74: MM-2.5.6: All HTTP-PD requests MUST use the HTTP-PD proxy address and port number and by default MUST include the FQDN address and port number as defined in the PRI/OMA-DM setting for all HTTP-PD requests and must be configurable by PRI, OMA-DM, and ##DATA menu. | B74: FC
A75: MM-2.5.7: The device MUST support HTTP 1.1 byte range requests and allowing for playback of progressive download content while downloading, seeking, pausing and/or resuming. | B75: FC
A76: MM-2.5.9: When the RTSP proxy address is configured as “0.0.0.0”, the device MUST bypass the RTSP proxy server. | B76: FC
A77: MM-2.5.10: When the HTTP PD proxy address is configured as “0.0.0.0”, the device MUST bypass the HTTP PD proxy server. Waiver: Requirements MM-2.5.5 - MM-2.5.10 are waived for any device that does not support HTTP Progressive Download. | B77: FC
A78: MM-2.5.11: When operating in WiFi mode, the device MUST ignore the proxy IP and port settings for both HTTP-PD and RTSP streaming and MUST bypass the proxies. | B78: FC
A79: MM-2.5.12: The device MUST support all UDP (User Datagram Protocol) ports used for RTP and RTCP that are in the range of 6700 - 32000 for the RTSP proxy, for all transactions. | B79: FC
A80: MM-2.5.14: On receiving RTSP “REDIRECT” method or HTTP/RTSP 3xx (redirection) status code from the server, the automatic redirection to the given URI MUST be supported on the platforms where available [RFC-2326]. A maximum of fifteen redirections is recommended by Sprint network and all content providers should be aware of this limitation. | B80: FC
... A85: MM-2.5.23: The device MUST properly respond to a HTTP “302 Found” status code per RFC 2616 HTTP/1.1 to allow for a temporary redirection. | B85: FC
A86: 2.6 Other Functional Requirements
A87: MM-2.6.1: The device and the player MUST support the contents encoded at the resolution which the main display of the device supports. | B87: FC
A88: MM-2.6.4: The UAProf (WAP forum specification) MUST be accurately populated via x-wap-profile to reflect the full capabilities of the multimedia device. | B88: FC
A89: MM-2.6.7: Audio or video files in formats that are supported by the platform may be selected and used for ringers, alarms or other notification alerts on a device. If the selected multimedia file located on a user-accessible space within a device or on a removable storage device becomes unavailable (e.g. due to the removal of the memory card or deletion by users), it MUST automatically be replaced with a default system sound at the time of the corresponding alert event without causing any delay. | B89: FC
A90: MM-2.6.8: All data networks (including WiFi, WiMax, LTE, GSM, CDMA, WCDMA, etc.)MUST be available and function for all applications and services supported by the handsets, unless its use is restricted by regulations or restrictions (legal terms, contract, etc.) for a particular application and will be restricted by the application. | B90: FC
A91: MM-2.6.10: For devices that support the Sprint TV application, the device MUST launch the Sprint TV application in the following scenarios to support deep linking: | B91: FC | D91: Need to work with Sprint TV to confirm. | E91: [06/15/2011 Sprint] OK
A92: • When Sprint TV is selected within the main menu structure or through shortcuts on the device. | B92: FC | D92: Need to work with Sprint TV to confirm. | E92: [06/15/2011 Sprint] OK
A93: • When the MCD URL is selected in the non-Sprint TV applications such as; web browser or messaging application using valid URL encoding, which MUST also be passed to the Sprint TV application. | B93: FC | D93: Need to work with Sprint TV to confirm. | E93: [06/15/2011 Sprint] OK
A94: 2.7 Physical Requirements
A95: MM-2.7.1: The device MUST provide a stereo headset jack and MUST be capable of providing stereo output when playing stereo encoded content. | B95: FC
A96: MM-2.7.2: Bluetooth (BT) support:
A97: MM-2.7.2.1: The device MUST be capable of supporting mono and stereo output (from stereo encoded content) for all content played from the media player and sent out through the Bluetooth connection to a Bluetooth ear bud or Bluetooth headphones. | B97: FC
A98: MM-2.7.2.2: The device MUST be capable of maintaining audio and video synchronization to the Bluetooth device. | B98: FC
A99: MM-2.7.2.3: The device MUST be capable of switching between device and headset while play content without exiting the application. Waiver: For all subsections of MM-2.7.2 for any device that does not support Bluetooth | B99: FC
A100: MM-2.7.3: Unless the OEM maintains the backlight settings of the screen and keypad (keep them illuminated) while any multimedia application is playing content in the foreground, the device MUST provide an interface for the multimedia application to change the backlight settings of the screen and the keypad. | B100: FC
A101: MM-2.7.4: If the device supports side loaded content, the device’s battery MUST be capable of playing a minimum of 120 minutes of side loaded video and audio at the maximum resolution provided by the handset while utilizing normal brightness and volume settings. | B101: FC
A102: 2.8 API Requirements
A103: MM-2.8.1: The device MUST support an application API to access built-in media decoders to enable multimedia applications to implement download and playback of DRM protected content as it applies to available DRM on the device. For DRM enabled content that is not supported by the device a proper error code MUST be provided to the user if an attempt is made to play that content. | B103: FC
A104: MM-2.8.2: To allow for implementation of media transport or security protocols at the application level the platform SHOULD expose the appropriate media player APIs¹ that allows the multimedia application services to control the length of the media buffer and pass compressed data directly to the decoder, for decoding and rendering to achieve the similar results. E.g. Instead of passing a URI into the media playback APIs, we would pass a stream object which provides the media data. | C104: NC | D104: The platform does not support this feature and the requirement for buffer size has been removed from latest PRI sheet. | E104: [06/15/2011 Sprint] OK | K104: NotSupport
...

Sheet OMA-MMS
A1: Compliance for "Sprint OMA MMS Client Requirements V1.2"
C3: Description | D3: Product Complies | E3: Does Not comply | F3: OEM Comments | G3: Sprint Comments | H3: Customisation comments | I3: OEM Comments | J3: Sprint Comments | K3: N850需求验证结果 | L3: 负责人
A4: 1. General
A5: 2. OMA MMS Functional Requirements
B6: 2.1 OMA Standards Requirements
B7: MMS-1 | C7: The OMA MMS client MUST support the following standard specifications, • 3GPP TS 23.140 v4.8.0 functional specifications • 3GPP2 X.0016.200 v1.0 • WAP forum WAP-206 and WAP-209 specifications • OMA-WAP-MMS-ENC-V1_1 • OMA-WAP-MMS-CTR-V1_1 | I7: Unsure how to check for this
B8: MMS-2 | C8: The OMA MMS client MUST support these WAP PDU’s defined for the interface between the MMS Proxy-Relay and the MMS Client. This interface corresponds to the interface between the MMS Relay/Server and the MMS User Agent, called “MM1”in the 3GPP specifications. • PDU for “Send message to MMS Proxy-Relay” (M-Send.req, MSend.conf) • PDU for “Retrieve message from MMS Proxy-Relay” (WSP/HTTP GET.req, M-Retrieve.conf) • PDU for “MMS Notification about new message” (M-Notification.ind, MNotifyResp.ind) | D8: Complies | I8: Unsure how to check for this; seems to be supported
B9: MMS-3 | C9: The OMA MMS client MUST support these scenarios according to the OMA MMS specifications • MMS Client Sending Message to MMS Proxy-Relay • MMS Proxy-Relay Sending Notification to MMS Client • MMS Client Retrieving Message from MMS Proxy-Relay | D9: Complies | I9: Unsure how to check for this; seems to be supported
